Workbook

Sheet Dashboard

Sheet Settings
B2: Basisjahr | C2: 2017
B3: Aktuelles Jahr | C3: 2022
B4: Aktueller Monat | C4: 12

Sheet PL-tc
A2: GuV | B2: GuV | D2: =+Settings!C2 -> 2017 | E2: =D2+1 -> 2018 | F2: =E2+1 -> 2019 | G2: =F2+1 -> 2020 | H2: =G2+1 -> 2021 | I2: =H2+1 -> 2022 | J2: =I2+1 -> 2023 | K2: =J2+1 -> 2024 | L2: =K2+1 -> 2025 | N2: =+H2 -> 2021 | O2: =+I2 -> 2022 | P2: =H2+1 -> 2022 | Q2: Budget | R2: VJ | T2: =+H2 -> 2021 | U2: =+I2 -> 2022 | V2: =+U2 -> 2022 | W2: Budget | X2: VJ
A3: in TEUR | B3: in TEUR | D3: =+dict!$C$1662 -> VJ | E3: =+dict!$C$1662 -> VJ | F3: =+dict!$C$1662 -> VJ | G3: =+dict!$C$1662 -> VJ | H3: =+dict!$C$1662 -> VJ | I3: =+dict!$C$1663 -> FC | J3: B | K3: B | L3: B | N3: PY YTD | O3: B YTD | P3: A YTD | Q3: Δ % | R3: Δ % | T3: PY | U3: B | V3: FC | W3: Δ % | X3: Δ %
A5: 1. Umsatzerlöse | B5: 1. Umsatzerlöse | D5: =+SUM(D6:D76)+D77 -> 9025 | E5: =+SUM(E6:E76)+E77 -> 9295.75 | F5: =+SUM(F6:F76)+F77 -> 9593.214 | G5: =+SUM(G6:G76)+G77 -> 9948.1629 | H5: =+SUM(H6:H76)+H77 -> 10395.83 | I5: =+SUM(I6:I76)+I77 -> 10759.684 | J5: =+SUM(J6:J76)+J77 -> 11028.936 | K5: =+SUM(K6:K76)+K77 -> 11470.094 | L5: =+SUM(L6:L76)+L77 -> 12043.598 | N5: =+SUM(N6:N76)+N77 -> 10395.83 | O5: =+SUM(O6:O76)+O77 -> 10707.705 | P5: =+SUM(P6:P76)+P77 -> 10759.684 | Q5: =IFERROR(P5/O5-1,"n/a") -> 0.0048543689 | R5: =IFERROR(P5/N5-1,"n/a") -> 0.035 | T5: =+SUM(T6:T76)+T77 -> 10395.83 | U5: =+SUM(U6:U76)+U77 -> 10707.705 | V5: =+SUM(V6:V76)+V77 -> 10759.684 | W5: =IFERROR(V5/U5-1,"n/a") -> 0.0048543689 | X5: =IFERROR(V5/T5-1,"n/a") -> 0.035
A6: 8000 | B6: =+masterfile!D1211 -> 8000 Umsatzerlöse Allemein | D6: =-VLOOKUP(A6,'pl-data'!A:F,4) -> 9025 | E6: =-VLOOKUP(A6,'pl-data'!A:F,5) -> 9295.75 | F6: =-VLOOKUP(A6,'pl-data'!A:F,6) -> 9593.214 | G6: =-VLOOKUP(A6,'pl-data'!A:G,7) -> 9948.1629 | H6: =-VLOOKUP(A6,'pl-data'!A:V,22) -> 10395.83 | I6: =+U6+P6-O6 -> 10759.684 | J6: =-VLOOKUP(A6,'pl-data'!A:BR,66) -> 11028.936 | K6: =-VLOOKUP(A6,'pl-data'!A:BR,68) -> 11470.094 | L6: =-VLOOKUP(A6,'pl-data'!A:BR,70) -> 12043.598 | N6: =-VLOOKUP(A6,'pl-data'!A:BR,21) -> 10395.83 | O6: =-VLOOKUP(A6,'pl-data'!A:BR,51) -> 10707.705 | P6: =-VLOOKUP(A6,'pl-data'!A:BR,36) -> 10759.684 | Q6: =IFERROR(P6/O6-1,"n/a") -> 0.0048543689 | R6: =IFERROR(P6/N6-1,"n/a") -> 0.035 | T6: =+H6 -> 10395.83 | U6: =-VLOOKUP(A6,'pl-data'!A:BR,52) -> 10707.705 | V6: =+I6 -> 10759.684 | W6: =IFERROR(V6/U6-1,"n/a") -> 0.0048543689 | X6: =IFERROR(V6/T6-1,"n/a") -> 0.035
A7: 8001 | B7: =+masterfile!D1212 -> 8001 Umsatzerlöse Software | D7: =-VLOOKUP(A7,'pl-data'!A:F,4) -> 0 | E7: =-VLOOKUP(A7,'pl-data'!A:F,5) -> 0 | F7: =-VLOOKUP(A7,'pl-data'!A:F,6) -> 0 | G7: =-VLOOKUP(A7,'pl-data'!A:G,7) -> 0 | H7: =-VLOOKUP(A7,'pl-data'!A:V,22) -> 0 | I7: =+U7+P7-O7 -> 0 | J7: =-VLOOKUP(A7,'pl-data'!A:BR,66) -> 0 | K7: =-VLOOKUP(A7,'pl-data'!A:BR,68) -> 0 | L7: =-VLOOKUP(A7,'pl-data'!A:BR,70) -> 0 | N7: =-VLOOKUP(A7,'pl-data'!A:BR,21) -> 0 | O7: =-VLOOKUP(A7,'pl-data'!A:BR,51) -> 0 | P7: =-VLOOKUP(A7,'pl-data'!A:BR,36) -> 0 | Q7: =IFERROR(P7/O7-1,"n/a") -> n/a | R7: =IFERROR(P7/N7-1,"n/a") -> n/a | T7: =+H7 -> 0 | U7: =-VLOOKUP(A7,'pl-data'!A:BR,52) -> 0 | V7: =+I7 -> 0 | W7: =IFERROR(V7/U7-1,"n/a") -> n/a | X7: =IFERROR(V7/T7-1,"n/a") -> n/a
A8: 8002 | B8: =+masterfile!D1213 -> 8002 Umsatzerlöse Customization | D8: =-VLOOKUP(A8,'pl-data'!A:F,4) -> 0 | E8: =-VLOOKUP(A8,'pl-data'!A:F,5) -> 0 | F8: =-VLOOKUP(A8,'pl-data'!A:F,6) -> 0 | G8: =-VLOOKUP(A8,'pl-data'!A:G,7) -> 0 | H8: =-VLOOKUP(A8,'pl-data'!A:V,22) -> 0 | I8: =+U8+P8-O8 -> 0 | J8: =-VLOOKUP(A8,'pl-data'!A:BR,66) -> 0 | K8: =-VLOOKUP(A8,'pl-data'!A:BR,68) -> 0 | L8: =-VLOOKUP(A8,'pl-data'!A:BR,70) -> 0 | N8: =-VLOOKUP(A8,'pl-data'!A:BR,21) -> 0 | O8: =-VLOOKUP(A8,'pl-data'!A:BR,51) -> 0 | P8: =-VLOOKUP(A8,'pl-data'!A:BR,36) -> 0 | Q8: =IFERROR(P8/O8-1,"n/a") -> n/a | R8: =IFERROR(P8/N8-1,"n/a") -> n/a | T8: =+H8 -> 0 | U8: =-VLOOKUP(A8,'pl-data'!A:BR,52) -> 0 | V8: =+I8 -> 0 | W8: =IFERROR(V8/U8-1,"n/a") -> n/a | X8: =IFERROR(V8/T8-1,"n/a") -> n/a
A9: 8003 | B9: =+masterfile!D1214 -> 8003 Umsatzerlöse Schulung, Wartung & Support | D9: =-VLOOKUP(A9,'pl-data'!A:F,4) -> 0 | E9: =-VLOOKUP(A9,'pl-data'!A:F,5) -> 0 | F9: =-VLOOKUP(A9,'pl-data'!A:F,6) -> 0 | G9: =-VLOOKUP(A9,'pl-data'!A:G,7) -> 0 | H9: =-VLOOKUP(A9,'pl-data'!A:V,22) -> 0 | I9: =+U9+P9-O9 -> 0 | J9: =-VLOOKUP(A9,'pl-data'!A:BR,66) -> 0 | K9: =-VLOOKUP(A9,'pl-data'!A:BR,68) -> 0 | L9: =-VLOOKUP(A9,'pl-data'!A:BR,70) -> 0 | N9: =-VLOOKUP(A9,'pl-data'!A:BR,21) -> 0 | O9: =-VLOOKUP(A9,'pl-data'!A:BR,51) -> 0 | P9: =-VLOOKUP(A9,'pl-data'!A:BR,36) -> 0 | Q9: =IFERROR(P9/O9-1,"n/a") -> n/a | R9: =IFERROR(P9/N9-1,"n/a") -> n/a | T9: =+H9 -> 0 | U9: =-VLOOKUP(A9,'pl-data'!A:BR,52) -> 0 | V9: =+I9 -> 0 | W9: =IFERROR(V9/U9-1,"n/a") -> n/a | X9: =IFERROR(V9/T9-1,"n/a") -> n/a
A10: 8004 | B10: =+masterfile!D1215 -> 8004 Umsatzerlöse Hardware | D10: =-VLOOKUP(A10,'pl-data'!A:F,4) -> 0 | E10: =-VLOOKUP(A10,'pl-data'!A:F,5) -> 0 | F10: =-VLOOKUP(A10,'pl-data'!A:F,6) -> 0 | G10: =-VLOOKUP(A10,'pl-data'!A:G,7) -> 0 | H10: =-VLOOKUP(A10,'pl-data'!A:V,22) -> 0 | I10: =+U10+P10-O10 -> 0 | J10: =-VLOOKUP(A10,'pl-data'!A:BR,66) -> 0 | K10: =-VLOOKUP(A10,'pl-data'!A:BR,68) -> 0 | L10: =-VLOOKUP(A10,'pl-data'!A:BR,70) -> 0 | N10: =-VLOOKUP(A10,'pl-data'!A:BR,21) -> 0 | O10: =-VLOOKUP(A10,'pl-data'!A:BR,51) -> 0 | P10: =-VLOOKUP(A10,'pl-data'!A:BR,36) -> 0 | Q10: =IFERROR(P10/O10-1,"n/a") -> n/a | R10: =IFERROR(P10/N10-1,"n/a") -> n/a | T10: =+H10 -> 0 | U10: =-VLOOKUP(A10,'pl-data'!A:BR,52) -> 0 | V10: =+I10 -> 0 | W10: =IFERROR(V10/U10-1,"n/a") -> n/a | X10: =IFERROR(V10/T10-1,"n/a") -> n/a
A11: 8005 | B11: =+masterfile!D1216 -> 8005 Umsatzerlöse Sonstiges | D11: =-VLOOKUP(A11,'pl-data'!A:F,4) -> 0 | E11: =-VLOOKUP(A11,'pl-data'!A:F,5) -> 0 | F11: =-VLOOKUP(A11,'pl-data'!A:F,6) -> 0 | G11: =-VLOOKUP(A11,'pl-data'!A:G,7) -> 0 | H11: =-VLOOKUP(A11,'pl-data'!A:V,22) -> 0 | I11: =+U11+P11-O11 -> 0 | J11: =-VLOOKUP(A11,'pl-data'!A:BR,66) -> 0 | K11: =-VLOOKUP(A11,'pl-data'!A:BR,68) -> 0 | L11: =-VLOOKUP(A11,'pl-data'!A:BR,70) -> 0 | N11: =-VLOOKUP(A11,'pl-data'!A:BR,21) -> 0 | O11: =-VLOOKUP(A11,'pl-data'!A:BR,51) -> 0 | P11: =-VLOOKUP(A11,'pl-data'!A:BR,36) -> 0 | Q11: =IFERROR(P11/O11-1,"n/a") -> n/a | R11: =IFERROR(P11/N11-1,"n/a") -> n/a | T11: =+H11 -> 0 | U11: =-VLOOKUP(A11,'pl-data'!A:BR,52) -> 0 | V11: =+I11 -> 0 | W11: =IFERROR(V11/U11-1,"n/a") -> n/a | X11: =IFERROR(V11/T11-1,"n/a") -> n/a
A12: 8006 | B12: =+masterfile!D1217 -> 8006 Umsatzerlöse | D12: =-VLOOKUP(A12,'pl-data'!A:F,4) -> 0 | E12: =-VLOOKUP(A12,'pl-data'!A:F,5) -> 0 | F12: =-VLOOKUP(A12,'pl-data'!A:F,6) -> 0 | G12: =-VLOOKUP(A12,'pl-data'!A:G,7) -> 0 | H12: =-VLOOKUP(A12,'pl-data'!A:V,22) -> 0 | I12: =+U12+P12-O12 -> 0 | J12: =-VLOOKUP(A12,'pl-data'!A:BR,66) -> 0 | K12: =-VLOOKUP(A12,'pl-data'!A:BR,68) -> 0 | L12: =-VLOOKUP(A12,'pl-data'!A:BR,70) -> 0 | N12: =-VLOOKUP(A12,'pl-data'!A:BR,21) -> 0 | O12: =-VLOOKUP(A12,'pl-data'!A:BR,51) -> 0 | P12: =-VLOOKUP(A12,'pl-data'!A:BR,36) -> 0 | Q12: =IFERROR(P12/O12-1,"n/a") -> n/a | R12: =IFERROR(P12/N12-1,"n/a") -> n/a | T12: =+H12 -> 0 | U12: =-VLOOKUP(A12,'pl-data'!A:BR,52) -> 0 | V12: =+I12 -> 0 | W12: =IFERROR(V12/U12-1,"n/a") -> n/a | X12: =IFERROR(V12/T12-1,"n/a") -> n/a
A13: 8007 | B13: =+masterfile!D1218 -> 8007 Umsatzerlöse | D13: =-VLOOKUP(A13,'pl-data'!A:F,4) -> 0 | E13: =-VLOOKUP(A13,'pl-data'!A:F,5) -> 0 | F13: =-VLOOKUP(A13,'pl-data'!A:F,6) -> 0 | G13: =-VLOOKUP(A13,'pl-data'!A:G,7) -> 0 | H13: =-VLOOKUP(A13,'pl-data'!A:V,22) -> 0 | I13: =+U13+P13-O13 -> 0 | J13: =-VLOOKUP(A13,'pl-data'!A:BR,66) -> 0 | K13: =-VLOOKUP(A13,'pl-data'!A:BR,68) -> 0 | L13: =-VLOOKUP(A13,'pl-data'!A:BR,70) -> 0 | N13: =-VLOOKUP(A13,'pl-data'!A:BR,21) -> 0 | O13: =-VLOOKUP(A13,'pl-data'!A:BR,51) -> 0 | P13: =-VLOOKUP(A13,'pl-data'!A:BR,36) -> 0 | Q13: =IFERROR(P13/O13-1,"n/a") -> n/a | R13: =IFERROR(P13/N13-1,"n/a") -> n/a | T13: =+H13 -> 0 | U13: =-VLOOKUP(A13,'pl-data'!A:BR,52) -> 0 | V13: =+I13 -> 0 | W13: =IFERROR(V13/U13-1,"n/a") -> n/a | X13: =IFERROR(V13/T13-1,"n/a") -> n/a
A14: 8008 | B14: =+masterfile!D1219 -> 8008 Umsatzerlöse | D14: =-VLOOKUP(A14,'pl-data'!A:F,4) -> 0 | E14: =-VLOOKUP(A14,'pl-data'!A:F,5) -> 0 | F14: =-VLOOKUP(A14,'pl-data'!A:F,6) -> 0 | G14: =-VLOOKUP(A14,'pl-data'!A:G,7) -> 0 | H14: =-VLOOKUP(A14,'pl-data'!A:V,22) -> 0 | I14: =+U14+P14-O14 -> 0 | J14: =-VLOOKUP(A14,'pl-data'!A:BR,66) -> 0 | K14: =-VLOOKUP(A14,'pl-data'!A:BR,68) -> 0 | L14: =-VLOOKUP(A14,'pl-data'!A:BR,70) -> 0 | N14: =-VLOOKUP(A14,'pl-data'!A:BR,21) -> 0 | O14: =-VLOOKUP(A14,'pl-data'!A:BR,51) -> 0 | P14: =-VLOOKUP(A14,'pl-data'!A:BR,36) -> 0 | Q14: =IFERROR(P14/O14-1,"n/a") -> n/a | R14: =IFERROR(P14/N14-1,"n/a") -> n/a | T14: =+H14 -> 0 | U14: =-VLOOKUP(A14,'pl-data'!A:BR,52) -> 0 | V14: =+I14 -> 0 | W14: =IFERROR(V14/U14-1,"n/a") -> n/a | X14: =IFERROR(V14/T14-1,"n/a") -> n/a
A15: 8009 | B15: =+masterfile!D1220 -> 8009 Umsatzerlöse | D15: =-VLOOKUP(A15,'pl-data'!A:F,4) -> 0 | E15: =-VLOOKUP(A15,'pl-data'!A:F,5) -> 0 | F15: =-VLOOKUP(A15,'pl-data'!A:F,6) -> 0 | G15: =-VLOOKUP(A15,'pl-data'!A:G,7) -> 0 | H15: =-VLOOKUP(A15,'pl-data'!A:V,22) -> 0 | I15: =+U15+P15-O15 -> 0 | J15: =-VLOOKUP(A15,'pl-data'!A:BR,66) -> 0 | K15: =-VLOOKUP(A15,'pl-data'!A:BR,68) -> 0 | L15: =-VLOOKUP(A15,'pl-data'!A:BR,70) -> 0 | N15: =-VLOOKUP(A15,'pl-data'!A:BR,21) -> 0 | O15: =-VLOOKUP(A15,'pl-data'!A:BR,51) -> 0 | P15: =-VLOOKUP(A15,'pl-data'!A:BR,36) -> 0 | Q15: =IFERROR(P15/O15-1,"n/a") -> n/a | R15: =IFERROR(P15/N15-1,"n/a") -> n/a | T15: =+H15 -> 0 | U15: =-VLOOKUP(A15,'pl-data'!A:BR,52) -> 0 | V15: =+I15 -> 0 | W15: =IFERROR(V15/U15-1,"n/a") -> n/a | X15: =IFERROR(V15/T15-1,"n/a") -> n/a
A16: 8100 | B16: =+masterfile!D1221 -> 8100 Steuerfreie Umsätze § 4 Nr. 8 ff. UStG | D16: =-VLOOKUP(A16,'pl-data'!A:F,4) -> 0 | E16: =-VLOOKUP(A16,'pl-data'!A:F,5) -> 0 | F16: =-VLOOKUP(A16,'pl-data'!A:F,6) -> 0 | G16: =-VLOOKUP(A16,'pl-data'!A:G,7) -> 0 | H16: =-VLOOKUP(A16,'pl-data'!A:V,22) -> 0 | I16: =+U16+P16-O16 -> 0 | J16: =-VLOOKUP(A16,'pl-data'!A:BR,66) -> 0 | K16: =-VLOOKUP(A16,'pl-data'!A:BR,68) -> 0 | L16: =-VLOOKUP(A16,'pl-data'!A:BR,70) -> 0 | N16: =-VLOOKUP(A16,'pl-data'!A:BR,21) -> 0 | O16: =-VLOOKUP(A16,'pl-data'!A:BR,51) -> 0 | P16: =-VLOOKUP(A16,'pl-data'!A:BR,36) -> 0 | Q16: =IFERROR(P16/O16-1,"n/a") -> n/a | R16: =IFERROR(P16/N16-1,"n/a") -> n/a | T16: =+H16 -> 0 | U16: =-VLOOKUP(A16,'pl-data'!A:BR,52) -> 0 | V16: =+I16 -> 0 | W16: =IFERROR(V16/U16-1,"n/a") -> n/a | X16: =IFERROR(V16/T16-1,"n/a") -> n/a
A17: 8105 | B17: =+masterfile!D1222 -> 8105 Steuerfreie Umsätze V+V § 4 Nr. 12 UStG | D17: =-VLOOKUP(A17,'pl-data'!A:F,4) -> 0 | E17: =-VLOOKUP(A17,'pl-data'!A:F,5) -> 0 | F17: =-VLOOKUP(A17,'pl-data'!A:F,6) -> 0 | G17: =-VLOOKUP(A17,'pl-data'!A:G,7) -> 0 | H17: =-VLOOKUP(A17,'pl-data'!A:V,22) -> 0 | I17: =+U17+P17-O17 -> 0 | J17: =-VLOOKUP(A17,'pl-data'!A:BR,66) -> 0 | K17: =-VLOOKUP(A17,'pl-data'!A:BR,68) -> 0 | L17: =-VLOOKUP(A17,'pl-data'!A:BR,70) -> 0 | N17: =-VLOOKUP(A17,'pl-data'!A:BR,21) -> 0 | O17: =-VLOOKUP(A17,'pl-data'!A:BR,51) -> 0 | P17: =-VLOOKUP(A17,'pl-data'!A:BR,36) -> 0 | Q17: =IFERROR(P17/O17-1,"n/a") -> n/a | R17: =IFERROR(P17/N17-1,"n/a") -> n/a | T17: =+H17 -> 0 | U17: =-VLOOKUP(A17,'pl-data'!A:BR,52) -> 0 | V17: =+I17 -> 0 | W17: =IFERROR(V17/U17-1,"n/a") -> n/a | X17: =IFERROR(V17/T17-1,"n/a") -> n/a
... A59: 8499 | B59: =+masterfile!D1264 -> 8499 Nebenerlöse (Bezug zu Materialaufwand) | D59: =-VLOOKUP(A59,'pl-data'!A:F,4) -> 0 | E59: =-VLOOKUP(A59,'pl-data'!A:F,5) -> 0 | F59: =-VLOOKUP(A59,'pl-data'!A:F,6) -> 0 | G59: =-VLOOKUP(A59,'pl-data'!A:G,7) -> 0 | H59: =-VLOOKUP(A59,'pl-data'!A:V,22) -> 0 | I59: =+U59+P59-O59 -> 0 | J59: =-VLOOKUP(A59,'pl-data'!A:BR,66) -> 0 | K59: =-VLOOKUP(A59,'pl-data'!A:BR,68) -> 0 | L59: =-VLOOKUP(A59,'pl-data'!A:BR,70) -> 0 | N59: =-VLOOKUP(A59,'pl-data'!A:BR,21) -> 0 | O59: =-VLOOKUP(A59,'pl-data'!A:BR,51) -> 0 | P59: =-VLOOKUP(A59,'pl-data'!A:BR,36) -> 0 | Q59: =IFERROR(P59/O59-1,"n/a") -> n/a | R59: =IFERROR(P59/N59-1,"n/a") -> n/a | T59: =+H59 -> 0 | U59: =-VLOOKUP(A59,'pl-data'!A:BR,52) -> 0 | V59: =+I59 -> 0 | W59: =IFERROR(V59/U59-1,"n/a") -> n/a | X59: =IFERROR(V59/T59-1,"n/a") -> n/a
A60: 8510 | B60: =+masterfile!D1271 -> 8510 Provisionsumsätze | D60: =-VLOOKUP(A60,'pl-data'!A:F,4) -> 0 | E60: =-VLOOKUP(A60,'pl-data'!A:F,5) -> 0 | F60: =-VLOOKUP(A60,'pl-data'!A:F,6) -> 0 | G60: =-VLOOKUP(A60,'pl-data'!A:G,7) -> 0 | H60: =-VLOOKUP(A60,'pl-data'!A:V,22) -> 0 | I60: =+U60+P60-O60 -> 0 | J60: =-VLOOKUP(A60,'pl-data'!A:BR,66) -> 0 | K60: =-VLOOKUP(A60,'pl-data'!A:BR,68) -> 0 | L60: =-VLOOKUP(A60,'pl-data'!A:BR,70) -> 0 | N60: =-VLOOKUP(A60,'pl-data'!A:BR,21) -> 0 | O60: =-VLOOKUP(A60,'pl-data'!A:BR,51) -> 0 | P60: =-VLOOKUP(A60,'pl-data'!A:BR,36) -> 0 | Q60: =IFERROR(P60/O60-1,"n/a") -> n/a | R60: =IFERROR(P60/N60-1,"n/a") -> n/a | T60: =+H60 -> 0 | U60: =-VLOOKUP(A60,'pl-data'!A:BR,52) -> 0 | V60: =+I60 -> 0 | W60: =IFERROR(V60/U60-1,"n/a") -> n/a | X60: =IFERROR(V60/T60-1,"n/a") -> n/a
A61: 8514 | B61: =+masterfile!D1272 -> 8514 Provisionsumsätze, stfr.§4 Nr.8 ff.UStG | D61: =-VLOOKUP(A61,'pl-data'!A:F,4) -> 0 | E61: =-VLOOKUP(A61,'pl-data'!A:F,5) -> 0 | F61: =-VLOOKUP(A61,'pl-data'!A:F,6) -> 0 | G61: =-VLOOKUP(A61,'pl-data'!A:G,7) -> 0 | H61: =-VLOOKUP(A61,'pl-data'!A:V,22) -> 0 | I61: =+U61+P61-O61 -> 0 | J61: =-VLOOKUP(A61,'pl-data'!A:BR,66) -> 0 | K61: =-VLOOKUP(A61,'pl-data'!A:BR,68) -> 0 | L61: =-VLOOKUP(A61,'pl-data'!A:BR,70) -> 0 | N61: =-VLOOKUP(A61,'pl-data'!A:BR,21) -> 0 | O61: =-VLOOKUP(A61,'pl-data'!A:BR,51) -> 0 | P61: =-VLOOKUP(A61,'pl-data'!A:BR,36) -> 0 | Q61: =IFERROR(P61/O61-1,"n/a") -> n/a | R61: =IFERROR(P61/N61-1,"n/a") -> n/a | T61: =+H61 -> 0 | U61: =-VLOOKUP(A61,'pl-data'!A:BR,52) -> 0 | V61: =+I61 -> 0 | W61: =IFERROR(V61/U61-1,"n/a") -> n/a | X61: =IFERROR(V61/T61-1,"n/a") -> n/a
A62: 8515 | B62: =+masterfile!D1273 -> 8515 Provisionsumsätze, stfrei §4 Nr. 5 UStG | D62: =-VLOOKUP(A62,'pl-data'!A:F,4) -> 0 | E62: =-VLOOKUP(A62,'pl-data'!A:F,5) -> 0 | F62: =-VLOOKUP(A62,'pl-data'!A:F,6) -> 0 | G62: =-VLOOKUP(A62,'pl-data'!A:G,7) -> 0 | H62: =-VLOOKUP(A62,'pl-data'!A:V,22) -> 0 | I62: =+U62+P62-O62 -> 0 | J62: =-VLOOKUP(A62,'pl-data'!A:BR,66) -> 0 | K62: =-VLOOKUP(A62,'pl-data'!A:BR,68) -> 0 | L62: =-VLOOKUP(A62,'pl-data'!A:BR,70) -> 0 | N62: =-VLOOKUP(A62,'pl-data'!A:BR,21) -> 0 | O62: =-VLOOKUP(A62,'pl-data'!A:BR,51) -> 0 | P62: =-VLOOKUP(A62,'pl-data'!A:BR,36) -> 0 | Q62: =IFERROR(P62/O62-1,"n/a") -> n/a | R62: =IFERROR(P62/N62-1,"n/a") -> n/a | T62: =+H62 -> 0 | U62: =-VLOOKUP(A62,'pl-data'!A:BR,52) -> 0 | V62: =+I62 -> 0 | W62: =IFERROR(V62/U62-1,"n/a") -> n/a | X62: =IFERROR(V62/T62-1,"n/a") -> n/a
A63: 8516 | B63: =+masterfile!D1274 -> 8516 Provisionsumsätze 7% USt | D63: =-VLOOKUP(A63,'pl-data'!A:F,4) -> 0 | E63: =-VLOOKUP(A63,'pl-data'!A:F,5) -> 0 | F63: =-VLOOKUP(A63,'pl-data'!A:F,6) -> 0 | G63: =-VLOOKUP(A63,'pl-data'!A:G,7) -> 0 | H63: =-VLOOKUP(A63,'pl-data'!A:V,22) -> 0 | I63: =+U63+P63-O63 -> 0 | J63: =-VLOOKUP(A63,'pl-data'!A:BR,66) -> 0 | K63: =-VLOOKUP(A63,'pl-data'!A:BR,68) -> 0 | L63: =-VLOOKUP(A63,'pl-data'!A:BR,70) -> 0 | N63: =-VLOOKUP(A63,'pl-data'!A:BR,21) -> 0 | O63: =-VLOOKUP(A63,'pl-data'!A:BR,51) -> 0 | P63: =-VLOOKUP(A63,'pl-data'!A:BR,36) -> 0 | Q63: =IFERROR(P63/O63-1,"n/a") -> n/a | R63: =IFERROR(P63/N63-1,"n/a") -> n/a | T63: =+H63 -> 0 | U63: =-VLOOKUP(A63,'pl-data'!A:BR,52) -> 0 | V63: =+I63 -> 0 | W63: =IFERROR(V63/U63-1,"n/a") -> n/a | X63: =IFERROR(V63/T63-1,"n/a") -> n/a
A64: 8519 | B64: =+masterfile!D1275 -> 8519 Provisionsumsätze 19% USt | D64: =-VLOOKUP(A64,'pl-data'!A:F,4) -> 0 | E64: =-VLOOKUP(A64,'pl-data'!A:F,5) -> 0 | F64: =-VLOOKUP(A64,'pl-data'!A:F,6) -> 0 | G64: =-VLOOKUP(A64,'pl-data'!A:G,7) -> 0 | H64: =-VLOOKUP(A64,'pl-data'!A:V,22) -> 0 | I64: =+U64+P64-O64 -> 0 | J64: =-VLOOKUP(A64,'pl-data'!A:BR,66) -> 0 | K64: =-VLOOKUP(A64,'pl-data'!A:BR,68) -> 0 | L64: =-VLOOKUP(A64,'pl-data'!A:BR,70) -> 0 | N64: =-VLOOKUP(A64,'pl-data'!A:BR,21) -> 0 | O64: =-VLOOKUP(A64,'pl-data'!A:BR,51) -> 0 | P64: =-VLOOKUP(A64,'pl-data'!A:BR,36) -> 0 | Q64: =IFERROR(P64/O64-1,"n/a") -> n/a | R64: =IFERROR(P64/N64-1,"n/a") -> n/a | T64: =+H64 -> 0 | U64: =-VLOOKUP(A64,'pl-data'!A:BR,52) -> 0 | V64: =+I64 -> 0 | W64: =IFERROR(V64/U64-1,"n/a") -> n/a | X64: =IFERROR(V64/T64-1,"n/a") -> n/a
A65: 8520 | B65: =+masterfile!D1276 -> 8520 Erlöse Abfallverwertung | D65: =-VLOOKUP(A65,'pl-data'!A:F,4) -> 0 | E65: =-VLOOKUP(A65,'pl-data'!A:F,5) -> 0 | F65: =-VLOOKUP(A65,'pl-data'!A:F,6) -> 0 | G65: =-VLOOKUP(A65,'pl-data'!A:G,7) -> 0 | H65: =-VLOOKUP(A65,'pl-data'!A:V,22) -> 0 | I65: =+U65+P65-O65 -> 0 | J65: =-VLOOKUP(A65,'pl-data'!A:BR,66) -> 0 | K65: =-VLOOKUP(A65,'pl-data'!A:BR,68) -> 0 | L65: =-VLOOKUP(A65,'pl-data'!A:BR,70) -> 0 | N65: =-VLOOKUP(A65,'pl-data'!A:BR,21) -> 0 | O65: =-VLOOKUP(A65,'pl-data'!A:BR,51) -> 0 | P65: =-VLOOKUP(A65,'pl-data'!A:BR,36) -> 0 | Q65: =IFERROR(P65/O65-1,"n/a") -> n/a | R65: =IFERROR(P65/N65-1,"n/a") -> n/a | T65: =+H65 -> 0 | U65: =-VLOOKUP(A65,'pl-data'!A:BR,52) -> 0 | V65: =+I65 -> 0 | W65: =IFERROR(V65/U65-1,"n/a") -> n/a | X65: =IFERROR(V65/T65-1,"n/a") -> n/a
A66: 8540 | B66: =+masterfile!D1277 -> 8540 Erlöse Leergut | D66: =-VLOOKUP(A66,'pl-data'!A:F,4) -> 0 | E66: =-VLOOKUP(A66,'pl-data'!A:F,5) -> 0 | F66: =-VLOOKUP(A66,'pl-data'!A:F,6) -> 0 | G66: =-VLOOKUP(A66,'pl-data'!A:G,7) -> 0 | H66: =-VLOOKUP(A66,'pl-data'!A:V,22) -> 0 | I66: =+U66+P66-O66 -> 0 | J66: =-VLOOKUP(A66,'pl-data'!A:BR,66) -> 0 | K66: =-VLOOKUP(A66,'pl-data'!A:BR,68) -> 0 | L66: =-VLOOKUP(A66,'pl-data'!A:BR,70) -> 0 | N66: =-VLOOKUP(A66,'pl-data'!A:BR,21) -> 0 | O66: =-VLOOKUP(A66,'pl-data'!A:BR,51) -> 0 | P66: =-VLOOKUP(A66,'pl-data'!A:BR,36) -> 0 | Q66: =IFERROR(P66/O66-1,"n/a") -> n/a | R66: =IFERROR(P66/N66-1,"n/a") -> n/a | T66: =+H66 -> 0 | U66: =-VLOOKUP(A66,'pl-data'!A:BR,52) -> 0 | V66: =+I66 -> 0 | W66: =IFERROR(V66/U66-1,"n/a") -> n/a | X66: =IFERROR(V66/T66-1,"n/a") -> n/a
A67: 8570 | B67: =+masterfile!D1278 -> 8570 Provision, sonstige Erträge | D67: =-VLOOKUP(A67,'pl-data'!A:F,4) -> 0 | E67: =-VLOOKUP(A67,'pl-data'!A:F,5) -> 0 | F67: =-VLOOKUP(A67,'pl-data'!A:F,6) -> 0 | G67: =-VLOOKUP(A67,'pl-data'!A:G,7) -> 0 | H67: =-VLOOKUP(A67,'pl-data'!A:V,22) -> 0 | I67: =+U67+P67-O67 -> 0 | J67: =-VLOOKUP(A67,'pl-data'!A:BR,66) -> 0 | K67: =-VLOOKUP(A67,'pl-data'!A:BR,68) -> 0 | L67: =-VLOOKUP(A67,'pl-data'!A:BR,70) -> 0 | N67: =-VLOOKUP(A67,'pl-data'!A:BR,21) -> 0 | O67: =-VLOOKUP(A67,'pl-data'!A:BR,51) -> 0 | P67: =-VLOOKUP(A67,'pl-data'!A:BR,36) -> 0 | Q67: =IFERROR(P67/O67-1,"n/a") -> n/a | R67: =IFERROR(P67/N67-1,"n/a") -> n/a | T67: =+H67 -> 0 | U67: =-VLOOKUP(A67,'pl-data'!A:BR,52) -> 0 | V67: =+I67 -> 0 | W67: =IFERROR(V67/U67-1,"n/a") -> n/a | X67: =IFERROR(V67/T67-1,"n/a") -> n/a
A68: 8574 | B68: =+masterfile!D1279 -> 8574 Provision so.Ertr.stfr. § 4 Nr.8 ff UStG | D68: =-VLOOKUP(A68,'pl-data'!A:F,4) -> 0 | E68: =-VLOOKUP(A68,'pl-data'!A:F,5) -> 0 | F68: =-VLOOKUP(A68,'pl-data'!A:F,6) -> 0 | G68: =-VLOOKUP(A68,'pl-data'!A:G,7) -> 0 | H68: =-VLOOKUP(A68,'pl-data'!A:V,22) -> 0 | I68: =+U68+P68-O68 -> 0 | J68: =-VLOOKUP(A68,'pl-data'!A:BR,66) -> 0 | K68: =-VLOOKUP(A68,'pl-data'!A:BR,68) -> 0 | L68: =-VLOOKUP(A68,'pl-data'!A:BR,70) -> 0 | N68: =-VLOOKUP(A68,'pl-data'!A:BR,21) -> 0 | O68: =-VLOOKUP(A68,'pl-data'!A:BR,51) -> 0 | P68: =-VLOOKUP(A68,'pl-data'!A:BR,36) -> 0 | Q68: =IFERROR(P68/O68-1,"n/a") -> n/a | R68: =IFERROR(P68/N68-1,"n/a") -> n/a | T68: =+H68 -> 0 | U68: =-VLOOKUP(A68,'pl-data'!A:BR,52) -> 0 | V68: =+I68 -> 0 | W68: =IFERROR(V68/U68-1,"n/a") -> n/a | X68: =IFERROR(V68/T68-1,"n/a") -> n/a
A69: 8575 | B69: =+masterfile!D1280 -> 8575 Provision so.Ertr.stfr. § 4 Nr. 5 UStG | D69: =-VLOOKUP(A69,'pl-data'!A:F,4) -> 0 | E69: =-VLOOKUP(A69,'pl-data'!A:F,5) -> 0 | F69: =-VLOOKUP(A69,'pl-data'!A:F,6) -> 0 | G69: =-VLOOKUP(A69,'pl-data'!A:G,7) -> 0 | H69: =-VLOOKUP(A69,'pl-data'!A:V,22) -> 0 | I69: =+U69+P69-O69 -> 0 | J69: =-VLOOKUP(A69,'pl-data'!A:BR,66) -> 0 | K69: =-VLOOKUP(A69,'pl-data'!A:BR,68) -> 0 | L69: =-VLOOKUP(A69,'pl-data'!A:BR,70) -> 0 | N69: =-VLOOKUP(A69,'pl-data'!A:BR,21) -> 0 | O69: =-VLOOKUP(A69,'pl-data'!A:BR,51) -> 0 | P69: =-VLOOKUP(A69,'pl-data'!A:BR,36) -> 0 | Q69: =IFERROR(P69/O69-1,"n/a") -> n/a | R69: =IFERROR(P69/N69-1,"n/a") -> n/a | T69: =+H69 -> 0 | U69: =-VLOOKUP(A69,'pl-data'!A:BR,52) -> 0 | V69: =+I69 -> 0 | W69: =IFERROR(V69/U69-1,"n/a") -> n/a | X69: =IFERROR(V69/T69-1,"n/a") -> n/a
A70: 8576 | B70: =+masterfile!D1281 -> 8576 Provision, sonstige Erträge 7% USt | D70: =-VLOOKUP(A70,'pl-data'!A:F,4) -> 0 | E70: =-VLOOKUP(A70,'pl-data'!A:F,5) -> 0 | F70: =-VLOOKUP(A70,'pl-data'!A:F,6) -> 0 | G70: =-VLOOKUP(A70,'pl-data'!A:G,7) -> 0 | H70: =-VLOOKUP(A70,'pl-data'!A:V,22) -> 0 | I70: =+U70+P70-O70 -> 0 | J70: =-VLOOKUP(A70,'pl-data'!A:BR,66) -> 0 | K70: =-VLOOKUP(A70,'pl-data'!A:BR,68) -> 0 | L70: =-VLOOKUP(A70,'pl-data'!A:BR,70) -> 0 | N70: =-VLOOKUP(A70,'pl-data'!A:BR,21) -> 0 | O70: =-VLOOKUP(A70,'pl-data'!A:BR,51) -> 0 | P70: =-VLOOKUP(A70,'pl-data'!A:BR,36) -> 0 | Q70: =IFERROR(P70/O70-1,"n/a") -> n/a | R70: =IFERROR(P70/N70-1,"n/a") -> n/a | T70: =+H70 -> 0 | U70: =-VLOOKUP(A70,'pl-data'!A:BR,52) -> 0 | V70: =+I70 -> 0 | W70: =IFERROR(V70/U70-1,"n/a") -> n/a | X70: =IFERROR(V70/T70-1,"n/a") -> n/a
A71: 8579 | B71: =+masterfile!D1282 -> 8579 Provision, sonstige Erträge 19% USt | D71: =-VLOOKUP(A71,'pl-data'!A:F,4) -> 0 | E71: =-VLOOKUP(A71,'pl-data'!A:F,5) -> 0 | F71: =-VLOOKUP(A71,'pl-data'!A:F,6) -> 0 | G71: =-VLOOKUP(A71,'pl-data'!A:G,7) -> 0 | H71: =-VLOOKUP(A71,'pl-data'!A:V,22) -> 0 | I71: =+U71+P71-O71 -> 0 | J71: =-VLOOKUP(A71,'pl-data'!A:BR,66) -> 0 | K71: =-VLOOKUP(A71,'pl-data'!A:BR,68) -> 0 | L71: =-VLOOKUP(A71,'pl-data'!A:BR,70) -> 0 | N71: =-VLOOKUP(A71,'pl-data'!A:BR,21) -> 0 | O71: =-VLOOKUP(A71,'pl-data'!A:BR,51) -> 0 | P71: =-VLOOKUP(A71,'pl-data'!A:BR,36) -> 0 | Q71: =IFERROR(P71/O71-1,"n/a") -> n/a | R71: =IFERROR(P71/N71-1,"n/a") -> n/a | T71: =+H71 -> 0 | U71: =-VLOOKUP(A71,'pl-data'!A:BR,52) -> 0 | V71: =+I71 -> 0 | W71: =IFERROR(V71/U71-1,"n/a") -> n/a | X71: =IFERROR(V71/T71-1,"n/a") -> n/a
A72: 8607 | B72: =+masterfile!D1295 -> 8607 Andere Nebenerlöse | D72: =-VLOOKUP(A72,'pl-data'!A:F,4) -> 0 | E72: =-VLOOKUP(A72,'pl-data'!A:F,5) -> 0 | F72: =-VLOOKUP(A72,'pl-data'!A:F,6) -> 0 | G72: =-VLOOKUP(A72,'pl-data'!A:G,7) -> 0 | H72: =-VLOOKUP(A72,'pl-data'!A:V,22) -> 0 | I72: =+U72+P72-O72 -> 0 | J72: =-VLOOKUP(A72,'pl-data'!A:BR,66) -> 0 | K72: =-VLOOKUP(A72,'pl-data'!A:BR,68) -> 0 | L72: =-VLOOKUP(A72,'pl-data'!A:BR,70) -> 0 | N72: =-VLOOKUP(A72,'pl-data'!A:BR,21) -> 0 | O72: =-VLOOKUP(A72,'pl-data'!A:BR,51) -> 0 | P72: =-VLOOKUP(A72,'pl-data'!A:BR,36) -> 0 | Q72: =IFERROR(P72/O72-1,"n/a") -> n/a | R72: =IFERROR(P72/N72-1,"n/a") -> n/a | T72: =+H72 -> 0 | U72: =-VLOOKUP(A72,'pl-data'!A:BR,52) -> 0 | V72: =+I72 -> 0 | W72: =IFERROR(V72/U72-1,"n/a") -> n/a | X72: =IFERROR(V72/T72-1,"n/a") -> n/a
A73: 8950 | B73: =+masterfile!D1377 -> 8950 Nicht steuerb.Umsätze (Innenumsätze) | D73: =-VLOOKUP(A73,'pl-data'!A:F,4) -> 0 | E73: =-VLOOKUP(A73,'pl-data'!A:F,5) -> 0 | F73: =-VLOOKUP(A73,'pl-data'!A:F,6) -> 0 | G73: =-VLOOKUP(A73,'pl-data'!A:G,7) -> 0 | H73: =-VLOOKUP(A73,'pl-data'!A:V,22) -> 0 | I73: =+U73+P73-O73 -> 0 | J73: =-VLOOKUP(A73,'pl-data'!A:BR,66) -> 0 | K73: =-VLOOKUP(A73,'pl-data'!A:BR,68) -> 0 | L73: =-VLOOKUP(A73,'pl-data'!A:BR,70) -> 0 | N73: =-VLOOKUP(A73,'pl-data'!A:BR,21) -> 0 | O73: =-VLOOKUP(A73,'pl-data'!A:BR,51) -> 0 | P73: =-VLOOKUP(A73,'pl-data'!A:BR,36) -> 0 | Q73: =IFERROR(P73/O73-1,"n/a") -> n/a | R73: =IFERROR(P73/N73-1,"n/a") -> n/a | T73: =+H73 -> 0 | U73: =-VLOOKUP(A73,'pl-data'!A:BR,52) -> 0 | V73: =+I73 -> 0 | W73: =IFERROR(V73/U73-1,"n/a") -> n/a | X73: =IFERROR(V73/T73-1,"n/a") -> n/a
A74: 8955 | B74: =+masterfile!D1378 -> 8955 USt-Vergütungen, z.B. nach § 24 UStG | D74: =-VLOOKUP(A74,'pl-data'!A:F,4) -> 0 | E74: =-VLOOKUP(A74,'pl-data'!A:F,5) -> 0 | F74: =-VLOOKUP(A74,'pl-data'!A:F,6) -> 0 | G74: =-VLOOKUP(A74,'pl-data'!A:G,7) -> 0 | H74: =-VLOOKUP(A74,'pl-data'!A:V,22) -> 0 | I74: =+U74+P74-O74 -> 0 | J74: =-VLOOKUP(A74,'pl-data'!A:BR,66) -> 0 | K74: =-VLOOKUP(A74,'pl-data'!A:BR,68) -> 0 | L74: =-VLOOKUP(A74,'pl-data'!A:BR,70) -> 0 | N74: =-VLOOKUP(A74,'pl-data'!A:BR,21) -> 0 | O74: =-VLOOKUP(A74,'pl-data'!A:BR,51) -> 0 | P74: =-VLOOKUP(A74,'pl-data'!A:BR,36) -> 0 | Q74: =IFERROR(P74/O74-1,"n/a") -> n/a | R74: =IFERROR(P74/N74-1,"n/a") -> n/a | T74: =+H74 -> 0 | U74: =-VLOOKUP(A74,'pl-data'!A:BR,52) -> 0 | V74: =+I74 -> 0 | W74: =IFERROR(V74/U74-1,"n/a") -> n/a | X74: =IFERROR(V74/T74-1,"n/a") -> n/a
A75: 8959 | B75: =+masterfile!D1379 -> 8959 Direkt mit dem Umsatz verb. Steuern | D75: =-VLOOKUP(A75,'pl-data'!A:F,4) -> 0 | E75: =-VLOOKUP(A75,'pl-data'!A:F,5) -> 0 | F75: =-VLOOKUP(A75,'pl-data'!A:F,6) -> 0 | G75: =-VLOOKUP(A75,'pl-data'!A:G,7) -> 0 | H75: =-VLOOKUP(A75,'pl-data'!A:V,22) -> 0 | I75: =+U75+P75-O75 -> 0 | J75: =-VLOOKUP(A75,'pl-data'!A:BR,66) -> 0 | K75: =-VLOOKUP(A75,'pl-data'!A:BR,68) -> 0 | L75: =-VLOOKUP(A75,'pl-data'!A:BR,70) -> 0 | N75: =-VLOOKUP(A75,'pl-data'!A:BR,21) -> 0 | O75: =-VLOOKUP(A75,'pl-data'!A:BR,51) -> 0 | P75: =-VLOOKUP(A75,'pl-data'!A:BR,36) -> 0 | Q75: =IFERROR(P75/O75-1,"n/a") -> n/a | R75: =IFERROR(P75/N75-1,"n/a") -> n/a | T75: =+H75 -> 0 | U75: =-VLOOKUP(A75,'pl-data'!A:BR,52) -> 0 | V75: =+I75 -> 0 | W75: =IFERROR(V75/U75-1,"n/a") -> n/a | X75: =IFERROR(V75/T75-1,"n/a") -> n/a
A77: Erlösschmälerungen, Skonti, Boni | B77: Erlösschmälerungen, Skonti, Boni | D77: =+SUM(D78:D111) -> 0 | E77: =+SUM(E78:E111) -> 0 | F77: =+SUM(F78:F111) -> 0 | G77: =+SUM(G78:G111) -> 0 | H77: =+SUM(H78:H111) -> 0 | I77: =+SUM(I78:I111) -> 0 | J77: =+SUM(J78:J111) -> 0 | K77: =+SUM(K78:K111) -> 0 | L77: =+SUM(L78:L111) -> 0 | N77: =+SUM(N78:N111) -> 0 | O77: =+SUM(O78:O111) -> 0 | P77: =+SUM(P78:P111) -> 0 | Q77: =IFERROR(P77/O77-1,"n/a") -> n/a | R77: =IFERROR(P77/N77-1,"n/a") -> n/a | T77: =+SUM(T78:T111) -> 0 | U77: =+SUM(U78:U111) -> 0 | V77: =+SUM(V78:V111) -> 0 | W77: =IFERROR(V77/U77-1,"n/a") -> n/a | X77: =IFERROR(V77/T77-1,"n/a") -> n/a
A78: 8700 | B78: =+masterfile!D1306 -> 8700 Erlösschmälerungen | D78: =-VLOOKUP(A78,'pl-data'!A:F,4) -> 0 | E78: =-VLOOKUP(A78,'pl-data'!A:F,5) -> 0 | F78: =-VLOOKUP(A78,'pl-data'!A:F,6) -> 0 | G78: =-VLOOKUP(A78,'pl-data'!A:G,7) -> 0 | H78: =-VLOOKUP(A78,'pl-data'!A:V,22) -> 0 | I78: =+U78+P78-O78 -> 0 | J78: =-VLOOKUP(A78,'pl-data'!A:BR,66) -> 0 | K78: =-VLOOKUP(A78,'pl-data'!A:BR,68) -> 0 | L78: =-VLOOKUP(A78,'pl-data'!A:BR,70) -> 0 | N78: =-VLOOKUP(A78,'pl-data'!A:BR,21) -> 0 | O78: =-VLOOKUP(A78,'pl-data'!A:BR,51) -> 0 | P78: =-VLOOKUP(A78,'pl-data'!A:BR,36) -> 0 | Q78: =IFERROR(P78/O78-1,"n/a") -> n/a | R78: =IFERROR(P78/N78-1,"n/a") -> n/a | T78: =+H78 -> 0 | U78: =-VLOOKUP(A78,'pl-data'!A:BR,52) -> 0 | V78: =+I78 -> 0 | W78: =IFERROR(V78/U78-1,"n/a") -> n/a | X78: =IFERROR(V78/T78-1,"n/a") -> n/a
A79: 8701 | B79: =+masterfile!D1307 -> 8701 Erlösschmälerungen stfr.§ 4 Nr.8 ff UStG | D79: =-VLOOKUP(A79,'pl-data'!A:F,4) -> 0 | E79: =-VLOOKUP(A79,'pl-data'!A:F,5) -> 0 | F79: =-VLOOKUP(A79,'pl-data'!A:F,6) -> 0 | G79: =-VLOOKUP(A79,'pl-data'!A:G,7) -> 0 | H79: =-VLOOKUP(A79,'pl-data'!A:V,22) -> 0 | I79: =+U79+P79-O79 -> 0 | J79: =-VLOOKUP(A79,'pl-data'!A:BR,66) -> 0 | K79: =-VLOOKUP(A79,'pl-data'!A:BR,68) -> 0 | L79: =-VLOOKUP(A79,'pl-data'!A:BR,70) -> 0 | N79: =-VLOOKUP(A79,'pl-data'!A:BR,21) -> 0 | O79: =-VLOOKUP(A79,'pl-data'!A:BR,51) -> 0 | P79: =-VLOOKUP(A79,'pl-data'!A:BR,36) -> 0 | Q79: =IFERROR(P79/O79-1,"n/a") -> n/a | R79: =IFERROR(P79/N79-1,"n/a") -> n/a | T79: =+H79 -> 0 | U79: =-VLOOKUP(A79,'pl-data'!A:BR,52) -> 0 | V79: =+I79 -> 0 | W79: =IFERROR(V79/U79-1,"n/a") -> n/a | X79: =IFERROR(V79/T79-1,"n/a") -> n/a
A80: 8702 | B80: =+masterfile!D1308 -> 8702 Erlösschmälerungen stfr.§4 Nr. 2-7 UStG | D80: =-VLOOKUP(A80,'pl-data'!A:F,4) -> 0 | E80: =-VLOOKUP(A80,'pl-data'!A:F,5) -> 0 | F80: =-VLOOKUP(A80,'pl-data'!A:F,6) -> 0 | G80: =-VLOOKUP(A80,'pl-data'!A:G,7) -> 0 | H80: =-VLOOKUP(A80,'pl-data'!A:V,22) -> 0 | I80: =+U80+P80-O80 -> 0 | J80: =-VLOOKUP(A80,'pl-data'!A:BR,66) -> 0 | K80: =-VLOOKUP(A80,'pl-data'!A:BR,68) -> 0 | L80: =-VLOOKUP(A80,'pl-data'!A:BR,70) -> 0 | N80: =-VLOOKUP(A80,'pl-data'!A:BR,21) -> 0 | O80: =-VLOOKUP(A80,'pl-data'!A:BR,51) -> 0 | P80: =-VLOOKUP(A80,'pl-data'!A:BR,36) -> 0 | Q80: =IFERROR(P80/O80-1,"n/a") -> n/a | R80: =IFERROR(P80/N80-1,"n/a") -> n/a | T80: =+H80 -> 0 | U80: =-VLOOKUP(A80,'pl-data'!A:BR,52) -> 0 | V80: =+I80 -> 0 | W80: =IFERROR(V80/U80-1,"n/a") -> n/a | X80: =IFERROR(V80/T80-1,"n/a") -> n/a
A81: 8703 | B81: =+masterfile!D1309 -> 8703 Erlösschmälerungen sonst.stfr. ohne VoSt | D81: =-VLOOKUP(A81,'pl-data'!A:F,4) -> 0 | E81: =-VLOOKUP(A81,'pl-data'!A:F,5) -> 0 | F81: =-VLOOKUP(A81,'pl-data'!A:F,6) -> 0 | G81: =-VLOOKUP(A81,'pl-data'!A:G,7) -> 0 | H81: =-VLOOKUP(A81,'pl-data'!A:V,22) -> 0 | I81: =+U81+P81-O81 -> 0 | J81: =-VLOOKUP(A81,'pl-data'!A:BR,66) -> 0 | K81: =-VLOOKUP(A81,'pl-data'!A:BR,68) -> 0 | L81: =-VLOOKUP(A81,'pl-data'!A:BR,70) -> 0 | N81: =-VLOOKUP(A81,'pl-data'!A:BR,21) -> 0 | O81: =-VLOOKUP(A81,'pl-data'!A:BR,51) -> 0 | P81: =-VLOOKUP(A81,'pl-data'!A:BR,36) -> 0 | Q81: =IFERROR(P81/O81-1,"n/a") -> n/a | R81: =IFERROR(P81/N81-1,"n/a") -> n/a | T81: =+H81 -> 0 | U81: =-VLOOKUP(A81,'pl-data'!A:BR,52) -> 0 | V81: =+I81 -> 0 | W81: =IFERROR(V81/U81-1,"n/a") -> n/a | X81: =IFERROR(V81/T81-1,"n/a") -> n/a
A82: 8704 | B82: =+masterfile!D1310 -> 8704 Erlösschmälerungen sonst.stfr. mit VoSt | D82: =-VLOOKUP(A82,'pl-data'!A:F,4) -> 0 | E82: =-VLOOKUP(A82,'pl-data'!A:F,5) -> 0 | F82: =-VLOOKUP(A82,'pl-data'!A:F,6) -> 0 | G82: =-VLOOKUP(A82,'pl-data'!A:G,7) -> 0 | H82: =-VLOOKUP(A82,'pl-data'!A:V,22) -> 0 | I82: =+U82+P82-O82 -> 0 | J82: =-VLOOKUP(A82,'pl-data'!A:BR,66) -> 0 | K82: =-VLOOKUP(A82,'pl-data'!A:BR,68) -> 0 | L82: =-VLOOKUP(A82,'pl-data'!A:BR,70) -> 0 | N82: =-VLOOKUP(A82,'pl-data'!A:BR,21) -> 0 | O82: =-VLOOKUP(A82,'pl-data'!A:BR,51) -> 0 | P82: =-VLOOKUP(A82,'pl-data'!A:BR,36) -> 0 | Q82: =IFERROR(P82/O82-1,"n/a") -> n/a | R82: =IFERROR(P82/N82-1,"n/a") -> n/a | T82: =+H82 -> 0 | U82: =-VLOOKUP(A82,'pl-data'!A:BR,52) -> 0 | V82: =+I82 -> 0 | W82: =IFERROR(V82/U82-1,"n/a") -> n/a | X82: =IFERROR(V82/T82-1,"n/a") -> n/a
A83: 8705 | B83: =+masterfile!D1311 -> 8705 Erlösschmälerungen stfrei §4 Nr.1a UStG | D83: =-VLOOKUP(A83,'pl-data'!A:F,4) -> 0 | E83: =-VLOOKUP(A83,'pl-data'!A:F,5) -> 0 | F83: =-VLOOKUP(A83,'pl-data'!A:F,6) -> 0 | G83: =-VLOOKUP(A83,'pl-data'!A:G,7) -> 0 | H83: =-VLOOKUP(A83,'pl-data'!A:V,22) -> 0 | I83: =+U83+P83-O83 -> 0 | J83: =-VLOOKUP(A83,'pl-data'!A:BR,66) -> 0 | K83: =-VLOOKUP(A83,'pl-data'!A:BR,68) -> 0 | L83: =-VLOOKUP(A83,'pl-data'!A:BR,70) -> 0 | N83: =-VLOOKUP(A83,'pl-data'!A:BR,21) -> 0 | O83: =-VLOOKUP(A83,'pl-data'!A:BR,51) -> 0 | P83: =-VLOOKUP(A83,'pl-data'!A:BR,36) -> 0 | Q83: =IFERROR(P83/O83-1,"n/a") -> n/a | R83: =IFERROR(P83/N83-1,"n/a") -> n/a | T83: =+H83 -> 0 | U83: =-VLOOKUP(A83,'pl-data'!A:BR,52) -> 0 | V83: =+I83 -> 0 | W83: =IFERROR(V83/U83-1,"n/a") -> n/a | X83: =IFERROR(V83/T83-1,"n/a") -> n/a
A84: 8706 | B84: =+masterfile!D1312 -> 8706 Erlösschm.stfr.Dreiecksg.§ 25b(2,4) UStG | D84: =-VLOOKUP(A84,'pl-data'!A:F,4) -> 0 | E84: =-VLOOKUP(A84,'pl-data'!A:F,5) -> 0 | F84: =-VLOOKUP(A84,'pl-data'!A:F,6) -> 0 | G84: =-VLOOKUP(A84,'pl-data'!A:G,7) -> 0 | H84: =-VLOOKUP(A84,'pl-data'!A:V,22) -> 0 | I84: =+U84+P84-O84 -> 0 | J84: =-VLOOKUP(A84,'pl-data'!A:BR,66) -> 0 | K84: =-VLOOKUP(A84,'pl-data'!A:BR,68) -> 0 | L84: =-VLOOKUP(A84,'pl-data'!A:BR,70) -> 0 | N84: =-VLOOKUP(A84,'pl-data'!A:BR,21) -> 0 | O84: =-VLOOKUP(A84,'pl-data'!A:BR,51) -> 0 | P84: =-VLOOKUP(A84,'pl-data'!A:BR,36) -> 0 | Q84: =IFERROR(P84/O84-1,"n/a") -> n/a | R84: =IFERROR(P84/N84-1,"n/a") -> n/a | T84: =+H84 -> 0 | U84: =-VLOOKUP(A84,'pl-data'!A:BR,52) -> 0 | V84: =+I84 -> 0 | W84: =IFERROR(V84/U84-1,"n/a") -> n/a | X84: =IFERROR(V84/T84-1,"n/a") -> n/a
A85: 8710 | B85: =+masterfile!D1313 -> 8710 Erlösschmälerungen 7% USt | D85: =-VLOOKUP(A85,'pl-data'!A:F,4) -> 0 | E85: =-VLOOKUP(A85,'pl-data'!A:F,5) -> 0 | F85: =-VLOOKUP(A85,'pl-data'!A:F,6) -> 0 | G85: =-VLOOKUP(A85,'pl-data'!A:G,7) -> 0 | H85: =-VLOOKUP(A85,'pl-data'!A:V,22) -> 0 | I85: =+U85+P85-O85 -> 0 | J85: =-VLOOKUP(A85,'pl-data'!A:BR,66) -> 0 | K85: =-VLOOKUP(A85,'pl-data'!A:BR,68) -> 0 | L85: =-VLOOKUP(A85,'pl-data'!A:BR,70) -> 0 | N85: =-VLOOKUP(A85,'pl-data'!A:BR,21) -> 0 | O85: =-VLOOKUP(A85,'pl-data'!A:BR,51) -> 0 | P85: =-VLOOKUP(A85,'pl-data'!A:BR,36) -> 0 | Q85: =IFERROR(P85/O85-1,"n/a") -> n/a | R85: =IFERROR(P85/N85-1,"n/a") -> n/a | T85: =+H85 -> 0 | U85: =-VLOOKUP(A85,'pl-data'!A:BR,52) -> 0 | V85: =+I85 -> 0 | W85: =IFERROR(V85/U85-1,"n/a") -> n/a | X85: =IFERROR(V85/T85-1,"n/a") -> n/a
A86: 8720 | B86: =+masterfile!D1314 -> 8720 Erlösschmälerungen 19% USt | D86: =-VLOOKUP(A86,'pl-data'!A:F,4) -> 0 | E86: =-VLOOKUP(A86,'pl-data'!A:F,5) -> 0 | F86: =-VLOOKUP(A86,'pl-data'!A:F,6) -> 0 | G86: =-VLOOKUP(A86,'pl-data'!A:G,7) -> 0 | H86: =-VLOOKUP(A86,'pl-data'!A:V,22) -> 0 | I86: =+U86+P86-O86 -> 0 | J86: =-VLOOKUP(A86,'pl-data'!A:BR,66) -> 0 | K86: =-VLOOKUP(A86,'pl-data'!A:BR,68) -> 0 | L86: =-VLOOKUP(A86,'pl-data'!A:BR,70) -> 0 | N86: =-VLOOKUP(A86,'pl-data'!A:BR,21) -> 0 | O86: =-VLOOKUP(A86,'pl-data'!A:BR,51) -> 0 | P86: =-VLOOKUP(A86,'pl-data'!A:BR,36) -> 0 | Q86: =IFERROR(P86/O86-1,"n/a") -> n/a | R86: =IFERROR(P86/N86-1,"n/a") -> n/a | T86: =+H86 -> 0 | U86: =-VLOOKUP(A86,'pl-data'!A:BR,52) -> 0 | V86: =+I86 -> 0 | W86: =IFERROR(V86/U86-1,"n/a") -> n/a | X86: =IFERROR(V86/T86-1,"n/a") -> n/a
A87: 8724 | B87: =+masterfile!D1315 -> 8724 Erlösschmälerung stfrei innerg.Lieferung | D87: =-VLOOKUP(A87,'pl-data'!A:F,4) -> 0 | E87: =-VLOOKUP(A87,'pl-data'!A:F,5) -> 0 | F87: =-VLOOKUP(A87,'pl-data'!A:F,6) -> 0 | G87: =-VLOOKUP(A87,'pl-data'!A:G,7) -> 0 | H87: =-VLOOKUP(A87,'pl-data'!A:V,22) -> 0 | I87: =+U87+P87-O87 -> 0 | J87: =-VLOOKUP(A87,'pl-data'!A:BR,66) -> 0 | K87: =-VLOOKUP(A87,'pl-data'!A:BR,68) -> 0 | L87: =-VLOOKUP(A87,'pl-data'!A:BR,70) -> 0 | N87: =-VLOOKUP(A87,'pl-data'!A:BR,21) -> 0 | O87: =-VLOOKUP(A87,'pl-data'!A:BR,51) -> 0 | P87: =-VLOOKUP(A87,'pl-data'!A:BR,36) -> 0 | Q87: =IFERROR(P87/O87-1,"n/a") -> n/a | R87: =IFERROR(P87/N87-1,"n/a") -> n/a | T87: =+H87 -> 0 | U87: =-VLOOKUP(A87,'pl-data'!A:BR,52) -> 0 | V87: =+I87 -> 0 | W87: =IFERROR(V87/U87-1,"n/a") -> n/a | X87: =IFERROR(V87/T87-1,"n/a") -> n/a
A88: 8725 | B88: =+masterfile!D1316 -> 8725 Erlösschmälerung EU-Lieferung 7% USt | D88: =-VLOOKUP(A88,'pl-data'!A:F,4) -> 0 | E88: =-VLOOKUP(A88,'pl-data'!A:F,5) -> 0 | F88: =-VLOOKUP(A88,'pl-data'!A:F,6) -> 0 | G88: =-VLOOKUP(A88,'pl-data'!A:G,7) -> 0 | H88: =-VLOOKUP(A88,'pl-data'!A:V,22) -> 0 | I88: =+U88+P88-O88 -> 0 | J88: =-VLOOKUP(A88,'pl-data'!A:BR,66) -> 0 | K88: =-VLOOKUP(A88,'pl-data'!A:BR,68) -> 0 | L88: =-VLOOKUP(A88,'pl-data'!A:BR,70) -> 0 | N88: =-VLOOKUP(A88,'pl-data'!A:BR,21) -> 0 | O88: =-VLOOKUP(A88,'pl-data'!A:BR,51) -> 0 | P88: =-VLOOKUP(A88,'pl-data'!A:BR,36) -> 0 | Q88: =IFERROR(P88/O88-1,"n/a") -> n/a | R88: =IFERROR(P88/N88-1,"n/a") -> n/a | T88: =+H88 -> 0 | U88: =-VLOOKUP(A88,'pl-data'!A:BR,52) -> 0 | V88: =+I88 -> 0 | W88: =IFERROR(V88/U88-1,"n/a") -> n/a | X88: =IFERROR(V88/T88-1,"n/a") -> n/a
A89: 8726 | B89: =+masterfile!D1317 -> 8726 Erlösschmälerung EU-Lieferung 19% USt | D89: =-VLOOKUP(A89,'pl-data'!A:F,4) -> 0 | E89: =-VLOOKUP(A89,'pl-data'!A:F,5) -> 0 | F89: =-VLOOKUP(A89,'pl-data'!A:F,6) -> 0 | G89: =-VLOOKUP(A89,'pl-data'!A:G,7) -> 0 | H89: =-VLOOKUP(A89,'pl-data'!A:V,22) -> 0 | I89: =+U89+P89-O89 -> 0 | J89: =-VLOOKUP(A89,'pl-data'!A:BR,66) -> 0 | K89: =-VLOOKUP(A89,'pl-data'!A:BR,68) -> 0 | L89: =-VLOOKUP(A89,'pl-data'!A:BR,70) -> 0 | N89: =-VLOOKUP(A89,'pl-data'!A:BR,21) -> 0 | O89: =-VLOOKUP(A89,'pl-data'!A:BR,51) -> 0 | P89: =-VLOOKUP(A89,'pl-data'!A:BR,36) -> 0 | Q89: =IFERROR(P89/O89-1,"n/a") -> n/a | R89: =IFERROR(P89/N89-1,"n/a") -> n/a | T89: =+H89 -> 0 | U89: =-VLOOKUP(A89,'pl-data'!A:BR,52) -> 0 | V89: =+I89 -> 0 | W89: =IFERROR(V89/U89-1,"n/a") -> n/a | X89: =IFERROR(V89/T89-1,"n/a") -> n/a
... A110: 8790 | B110: =+masterfile!D1338 -> 8790 Gewährte Rabatte 19 % USt | D110: =-VLOOKUP(A110,'pl-data'!A:F,4) -> 0 | E110: =-VLOOKUP(A110,'pl-data'!A:F,5) -> 0 | F110: =-VLOOKUP(A110,'pl-data'!A:F,6) -> 0 | G110: =-VLOOKUP(A110,'pl-data'!A:G,7) -> 0 | H110: =-VLOOKUP(A110,'pl-data'!A:V,22) -> 0 | I110: =+U110+P110-O110 -> 0 | J110: =-VLOOKUP(A110,'pl-data'!A:BR,66) -> 0 | K110: =-VLOOKUP(A110,'pl-data'!A:BR,68) -> 0 | L110: =-VLOOKUP(A110,'pl-data'!A:BR,70) -> 0 | N110: =-VLOOKUP(A110,'pl-data'!A:BR,21) -> 0 | O110: =-VLOOKUP(A110,'pl-data'!A:BR,51) -> 0 | P110: =-VLOOKUP(A110,'pl-data'!A:BR,36) -> 0 | Q110: =IFERROR(P110/O110-1,"n/a") -> n/a | R110: =IFERROR(P110/N110-1,"n/a") -> n/a | T110: =+H110 -> 0 | U110: =-VLOOKUP(A110,'pl-data'!A:BR,52) -> 0 | V110: =+I110 -> 0 | W110: =IFERROR(V110/U110-1,"n/a") -> n/a | X110: =IFERROR(V110/T110-1,"n/a") -> n/a
A112: Änderung | B112: Änderung | E112: =+IFERROR(E5/D5-1,"n/a") -> 0.03 | F112: =+IFERROR(F5/E5-1,"n/a") -> 0.032 | G112: =+IFERROR(G5/F5-1,"n/a") -> 0.037 | H112: =+IFERROR(H5/G5-1,"n/a") -> 0.045 | I112: =+IFERROR(I5/H5-1,"n/a") -> 0.035 | J112: =+IFERROR(J5/I5-1,"n/a") -> 0.025024155 | K112: =+IFERROR(K5/J5-1,"n/a") -> 0.04 | L112: =+IFERROR(L5/K5-1,"n/a") -> 0.05 | O112: =+IFERROR(O5/N5-1,"n/a") -> 0.03 | P112: =+IFERROR(P5/N5-1,"n/a") -> 0.035 | U112: =+IFERROR(U5/T5-1,"n/a") -> 0.03 | V112: =+IFERROR(V5/T5-1,"n/a") -> 0.035
A114: 2. Erhöhung oder Verminderung des Bestands an fertigen und unfertigen Erzeugnissen | B114: 2. Erhöhung oder Verminderung des Bestands an fertigen und unfertigen Erzeugnissen | D114: =+SUM(D115:D120) -> 200 | E114: =+SUM(E115:E120) -> 200 | F114: =+SUM(F115:F120) -> 200 | G114: =+SUM(G115:G120) -> 200 | H114: =+SUM(H115:H120) -> 200 | I114: =+SUM(I115:I120) -> 0 | J114: =+SUM(J115:J120) -> 212.18 | K114: =+SUM(K115:K120) -> 220.6672 | L114: =+SUM(L115:L120) -> 231.70056 | N114: =+SUM(N115:N120) -> 200 | O114: =+SUM(O115:O120) -> 206 | P114: =+SUM(P115:P120) -> 0 | Q114: =IFERROR(P114/O114-1,"n/a") -> -1 | R114: =IFERROR(P114/N114-1,"n/a") -> -1 | T114: =+SUM(T115:T120) -> 200 | U114: =+SUM(U115:U120) -> 206 | V114: =+SUM(V115:V120) -> 0 | W114: =IFERROR(V114/U114-1,"n/a") -> -1 | X114: =IFERROR(V114/T114-1,"n/a") -> -1
A115: 8960 | B115: =+masterfile!D1380 -> 8960 Bestandsveränd.unfertige Erzeugnisse | D115: =-VLOOKUP(A115,'pl-data'!A:F,4) -> 0 | E115: =-VLOOKUP(A115,'pl-data'!A:F,5) -> 0 | F115: =-VLOOKUP(A115,'pl-data'!A:F,6) -> 0 | G115: =-VLOOKUP(A115,'pl-data'!A:G,7) -> 0 | H115: =-VLOOKUP(A115,'pl-data'!A:V,22) -> 0 | I115: =+U115+P115-O115 -> 0 | J115: =-VLOOKUP(A115,'pl-data'!A:BR,66) -> 0 | K115: =-VLOOKUP(A115,'pl-data'!A:BR,68) -> 0 | L115: =-VLOOKUP(A115,'pl-data'!A:BR,70) -> 0 | N115: =-VLOOKUP(A115,'pl-data'!A:BR,21) -> 0 | O115: =-VLOOKUP(A115,'pl-data'!A:BR,51) -> 0 | P115: =-VLOOKUP(A115,'pl-data'!A:BR,36) -> 0 | Q115: =IFERROR(P115/O115-1,"n/a") -> n/a | R115: =IFERROR(P115/N115-1,"n/a") -> n/a | T115: =+H115 -> 0 | U115: =-VLOOKUP(A115,'pl-data'!A:BR,52) -> 0 | V115: =+I115 -> 0 | W115: =IFERROR(V115/U115-1,"n/a") -> n/a | X115: =IFERROR(V115/T115-1,"n/a") -> n/a
A116: 8970 | B116: =+masterfile!D1381 -> 8970 Bestandsveränderung unfertige Leistung | D116: =-VLOOKUP(A116,'pl-data'!A:F,4) -> 200 | E116: =-VLOOKUP(A116,'pl-data'!A:F,5) -> 200 | F116: =-VLOOKUP(A116,'pl-data'!A:F,6) -> 200 | G116: =-VLOOKUP(A116,'pl-data'!A:G,7) -> 200 | H116: =-VLOOKUP(A116,'pl-data'!A:V,22) -> 200 | I116: =+U116+P116-O116 -> 0 | J116: =-VLOOKUP(A116,'pl-data'!A:BR,66) -> 212.18 | K116: =-VLOOKUP(A116,'pl-data'!A:BR,68) -> 220.6672 | L116: =-VLOOKUP(A116,'pl-data'!A:BR,70) -> 231.70056 | N116: =-VLOOKUP(A116,'pl-data'!A:BR,21) -> 200 | O116: =-VLOOKUP(A116,'pl-data'!A:BR,51) -> 206 | P116: =-VLOOKUP(A116,'pl-data'!A:BR,36) -> 0 | Q116: =IFERROR(P116/O116-1,"n/a") -> -1 | R116: =IFERROR(P116/N116-1,"n/a") -> -1 | T116: =+H116 -> 200 | U116: =-VLOOKUP(A116,'pl-data'!A:BR,52) -> 206 | V116: =+I116 -> 0 | W116: =IFERROR(V116/U116-1,"n/a") -> -1 | X116: =IFERROR(V116/T116-1,"n/a") -> -1
A117: 8975 | B117: =+masterfile!D1382 -> 8975 Bestandsveränderung Bauaufträge | D117: =-VLOOKUP(A117,'pl-data'!A:F,4) -> 0 | E117: =-VLOOKUP(A117,'pl-data'!A:F,5) -> 0 | F117: =-VLOOKUP(A117,'pl-data'!A:F,6) -> 0 | G117: =-VLOOKUP(A117,'pl-data'!A:G,7) -> 0 | H117: =-VLOOKUP(A117,'pl-data'!A:V,22) -> 0 | I117: =+U117+P117-O117 -> 0 | J117: =-VLOOKUP(A117,'pl-data'!A:BR,66) -> 0 | K117: =-VLOOKUP(A117,'pl-data'!A:BR,68) -> 0 | L117: =-VLOOKUP(A117,'pl-data'!A:BR,70) -> 0 | N117: =-VLOOKUP(A117,'pl-data'!A:BR,21) -> 0 | O117: =-VLOOKUP(A117,'pl-data'!A:BR,51) -> 0 | P117: =-VLOOKUP(A117,'pl-data'!A:BR,36) -> 0 | Q117: =IFERROR(P117/O117-1,"n/a") -> n/a | R117: =IFERROR(P117/N117-1,"n/a") -> n/a | T117: =+H117 -> 0 | U117: =-VLOOKUP(A117,'pl-data'!A:BR,52) -> 0 | V117: =+I117 -> 0 | W117: =IFERROR(V117/U117-1,"n/a") -> n/a | X117: =IFERROR(V117/T117-1,"n/a") -> n/a
A118: 8977 | B118: =+masterfile!D1383 -> 8977 Bestandsveränderung Aufträge in Arbeit | D118: =-VLOOKUP(A118,'pl-data'!A:F,4) -> 0 | E118: =-VLOOKUP(A118,'pl-data'!A:F,5) -> 0 | F118: =-VLOOKUP(A118,'pl-data'!A:F,6) -> 0 | G118: =-VLOOKUP(A118,'pl-data'!A:G,7) -> 0 | H118: =-VLOOKUP(A118,'pl-data'!A:V,22) -> 0 | I118: =+U118+P118-O118 -> 0 | J118: =-VLOOKUP(A118,'pl-data'!A:BR,66) -> 0 | K118: =-VLOOKUP(A118,'pl-data'!A:BR,68) -> 0 | L118: =-VLOOKUP(A118,'pl-data'!A:BR,70) -> 0 | N118: =-VLOOKUP(A118,'pl-data'!A:BR,21) -> 0 | O118: =-VLOOKUP(A118,'pl-data'!A:BR,51) -> 0 | P118: =-VLOOKUP(A118,'pl-data'!A:BR,36) -> 0 | Q118: =IFERROR(P118/O118-1,"n/a") -> n/a | R118: =IFERROR(P118/N118-1,"n/a") -> n/a | T118: =+H118 -> 0 | U118: =-VLOOKUP(A118,'pl-data'!A:BR,52) -> 0 | V118: =+I118 -> 0 | W118: =IFERROR(V118/U118-1,"n/a") -> n/a | X118: =IFERROR(V118/T118-1,"n/a") -> n/a
A119: 8980 | B119: =+masterfile!D1384 -> 8980 Bestandsveränderung fertige Erzeugnisse | D119: =-VLOOKUP(A119,'pl-data'!A:F,4) -> 0 | E119: =-VLOOKUP(A119,'pl-data'!A:F,5) -> 0 | F119: =-VLOOKUP(A119,'pl-data'!A:F,6) -> 0 | G119: =-VLOOKUP(A119,'pl-data'!A:G,7) -> 0 | H119: =-VLOOKUP(A119,'pl-data'!A:V,22) -> 0 | I119: =+U119+P119-O119 -> 0 | J119: =-VLOOKUP(A119,'pl-data'!A:BR,66) -> 0 | K119: =-VLOOKUP(A119,'pl-data'!A:BR,68) -> 0 | L119: =-VLOOKUP(A119,'pl-data'!A:BR,70) -> 0 | N119: =-VLOOKUP(A119,'pl-data'!A:BR,21) -> 0 | O119: =-VLOOKUP(A119,'pl-data'!A:BR,51) -> 0 | P119: =-VLOOKUP(A119,'pl-data'!A:BR,36) -> 0 | Q119: =IFERROR(P119/O119-1,"n/a") -> n/a | R119: =IFERROR(P119/N119-1,"n/a") -> n/a | T119: =+H119 -> 0 | U119: =-VLOOKUP(A119,'pl-data'!A:BR,52) -> 0 | V119: =+I119 -> 0 | W119: =IFERROR(V119/U119-1,"n/a") -> n/a | X119: =IFERROR(V119/T119-1,"n/a") -> n/a
A121: 3. Andere aktivierte Eigenleistungen | B121: 3. Andere aktivierte Eigenleistungen | D121: =+SUM(D122:D125) -> 1050 | E121: =+SUM(E122:E125) -> 1050 | F121: =+SUM(F122:F125) -> 1050 | G121: =+SUM(G122:G125) -> 1050 | H121: =+SUM(H122:H125) -> 1050 | I121: =+SUM(I122:I125) -> 0 | J121: =+SUM(J122:J125) -> 1113.945 | K121: =+SUM(K122:K125) -> 1158.5028 | L121: =+SUM(L122:L125) -> 1216.4279 | N121: =+SUM(N122:N125) -> 1050 | O121: =+SUM(O122:O125) -> 1081.5 | P121: =+SUM(P122:P125) -> 0 | Q121: =IFERROR(P121/O121-1,"n/a") -> -1 | R121: =IFERROR(P121/N121-1,"n/a") -> -1 | T121: =+SUM(T122:T125) -> 1050 | U121: =+SUM(U122:U125) -> 1081.5 | V121: =+SUM(V122:V125) -> 0 | W121: =IFERROR(V121/U121-1,"n/a") -> -1 | X121: =IFERROR(V121/T121-1,"n/a") -> -1
A122: 8990 | B122: =+masterfile!D1385 -> 8990 Andere aktivierte Eigenleistungen | D122: =-VLOOKUP(A122,'pl-data'!A:F,4) -> 0 | E122: =-VLOOKUP(A122,'pl-data'!A:F,5) -> 0 | F122: =-VLOOKUP(A122,'pl-data'!A:F,6) -> 0 | G122: =-VLOOKUP(A122,'pl-data'!A:G,7) -> 0 | H122: =-VLOOKUP(A122,'pl-data'!A:V,22) -> 0 | I122: =+U122+P122-O122 -> 0 | J122: =-VLOOKUP(A122,'pl-data'!A:BR,66) -> 0 | K122: =-VLOOKUP(A122,'pl-data'!A:BR,68) -> 0 | L122: =-VLOOKUP(A122,'pl-data'!A:BR,70) -> 0 | N122: =-VLOOKUP(A122,'pl-data'!A:BR,21) -> 0 | O122: =-VLOOKUP(A122,'pl-data'!A:BR,51) -> 0 | P122: =-VLOOKUP(A122,'pl-data'!A:BR,36) -> 0 | Q122: =IFERROR(P122/O122-1,"n/a") -> n/a | R122: =IFERROR(P122/N122-1,"n/a") -> n/a | T122: =+H122 -> 0 | U122: =-VLOOKUP(A122,'pl-data'!A:BR,52) -> 0 | V122: =+I122 -> 0 | W122: =IFERROR(V122/U122-1,"n/a") -> n/a | X122: =IFERROR(V122/T122-1,"n/a") -> n/a
A123: 8994 | B123: =+masterfile!D1386 -> 8994 Akt.Eigenleistg. FK-Zins zu Herst.kosten | D123: =-VLOOKUP(A123,'pl-data'!A:F,4) -> 0 | E123: =-VLOOKUP(A123,'pl-data'!A:F,5) -> 0 | F123: =-VLOOKUP(A123,'pl-data'!A:F,6) -> 0 | G123: =-VLOOKUP(A123,'pl-data'!A:G,7) -> 0 | H123: =-VLOOKUP(A123,'pl-data'!A:V,22) -> 0 | I123: =+U123+P123-O123 -> 0 | J123: =-VLOOKUP(A123,'pl-data'!A:BR,66) -> 0 | K123: =-VLOOKUP(A123,'pl-data'!A:BR,68) -> 0 | L123: =-VLOOKUP(A123,'pl-data'!A:BR,70) -> 0 | N123: =-VLOOKUP(A123,'pl-data'!A:BR,21) -> 0 | O123: =-VLOOKUP(A123,'pl-data'!A:BR,51) -> 0 | P123: =-VLOOKUP(A123,'pl-data'!A:BR,36) -> 0 | Q123: =IFERROR(P123/O123-1,"n/a") -> n/a | R123: =IFERROR(P123/N123-1,"n/a") -> n/a | T123: =+H123 -> 0 | U123: =-VLOOKUP(A123,'pl-data'!A:BR,52) -> 0 | V123: =+I123 -> 0 | W123: =IFERROR(V123/U123-1,"n/a") -> n/a | X123: =IFERROR(V123/T123-1,"n/a") -> n/a
A124: 8995 | B124: =+masterfile!D1387 -> 8995 Akt. Eigenleistung selbst gesch. imm.VG | D124: =-VLOOKUP(A124,'pl-data'!A:F,4) -> 1050 | E124: =-VLOOKUP(A124,'pl-data'!A:F,5) -> 1050 | F124: =-VLOOKUP(A124,'pl-data'!A:F,6) -> 1050 | G124: =-VLOOKUP(A124,'pl-data'!A:G,7) -> 1050 | H124: =-VLOOKUP(A124,'pl-data'!A:V,22) -> 1050 | I124: =+U124+P124-O124 -> 0 | J124: =-VLOOKUP(A124,'pl-data'!A:BR,66) -> 1113.945 | K124: =-VLOOKUP(A124,'pl-data'!A:BR,68) -> 1158.5028 | L124: =-VLOOKUP(A124,'pl-data'!A:BR,70) -> 1216.4279 | N124: =-VLOOKUP(A124,'pl-data'!A:BR,21) -> 1050 | O124: =-VLOOKUP(A124,'pl-data'!A:BR,51) -> 1081.5 | P124: =-VLOOKUP(A124,'pl-data'!A:BR,36) -> 0 | Q124: =IFERROR(P124/O124-1,"n/a") -> -1 | R124: =IFERROR(P124/N124-1,"n/a") -> -1 | T124: =+H124 -> 1050 | U124: =-VLOOKUP(A124,'pl-data'!A:BR,52) -> 1081.5 | V124: =+I124 -> 0 | W124: =IFERROR(V124/U124-1,"n/a") -> -1 | X124: =IFERROR(V124/T124-1,"n/a") -> -1
A126: 4. Sonstige betriebliche Erträge (SBE) | B126: 4. Sonstige betriebliche Erträge (SBE) | D126: =+SUM(D127:D158)+D159+D192+D202+D207 -> 5 | E126: =+SUM(E127:E158)+E159+E192+E202+E207 -> 5 | F126: =+SUM(F127:F158)+F159+F192+F202+F207 -> 5 | G126: =+SUM(G127:G158)+G159+G192+G202+G207 -> 5 | H126: =+SUM(H127:H158)+H159+H192+H202+H207 -> 5 | I126: =+SUM(I127:I158)+I159+I192+I202+I207 -> 0 | J126: =+SUM(J127:J158)+J159+J192+J202+J207 -> 5.3045 | K126: =+SUM(K127:K158)+K159+K192+K202+K207 -> 5.51668 | L126: =+SUM(L127:L158)+L159+L192+L202+L207 -> 5.792514 | N126: =+SUM(N127:N158)+N159+N192+N202+N207 -> 5 | O126: =+SUM(O127:O158)+O159+O192+O202+O207 -> 5.15 | P126: =+SUM(P127:P158)+P159+P192+P202+P207 -> 0 | Q126: =IFERROR(P126/O126-1,"n/a") -> -1 | R126: =IFERROR(P126/N126-1,"n/a") -> -1 | T126: =+SUM(T127:T158)+T159+T192+T202+T207 -> 5 | U126: =+SUM(U127:U158)+U159+U192+U202+U207 -> 5.15 | V126: =+SUM(V127:V158)+V159+V192+V202+V207 -> 0 | W126: =IFERROR(V126/U126-1,"n/a") -> -1 | X126: =IFERROR(V126/T126-1,"n/a") -> -1
A127: 2510 | B127: =+masterfile!D738 -> 2510 Betriebsfremde Erträge | D127: =-VLOOKUP(A127,'pl-data'!A:F,4) -> 0 | E127: =-VLOOKUP(A127,'pl-data'!A:F,5) -> 0 | F127: =-VLOOKUP(A127,'pl-data'!A:F,6) -> 0 | G127: =-VLOOKUP(A127,'pl-data'!A:G,7) -> 0 | H127: =-VLOOKUP(A127,'pl-data'!A:V,22) -> 0 | I127: =+U127+P127-O127 -> 0 | J127: =-VLOOKUP(A127,'pl-data'!A:BR,66) -> 0 | K127: =-VLOOKUP(A127,'pl-data'!A:BR,68) -> 0 | L127: =-VLOOKUP(A127,'pl-data'!A:BR,70) -> 0 | N127: =-VLOOKUP(A127,'pl-data'!A:BR,21) -> 0 | O127: =-VLOOKUP(A127,'pl-data'!A:BR,51) -> 0 | P127: =-VLOOKUP(A127,'pl-data'!A:BR,36) -> 0 | Q127: =IFERROR(P127/O127-1,"n/a") -> n/a | R127: =IFERROR(P127/N127-1,"n/a") -> n/a | T127: =+H127 -> 0 | U127: =-VLOOKUP(A127,'pl-data'!A:BR,52) -> 0 | V127: =+I127 -> 0 | W127: =IFERROR(V127/U127-1,"n/a") -> n/a | X127: =IFERROR(V127/T127-1,"n/a") -> n/a
A128: 2520 | B128: =+masterfile!D739 -> 2520 Periodenfremde Erträge | D128: =-VLOOKUP(A128,'pl-data'!A:F,4) -> 0 | E128: =-VLOOKUP(A128,'pl-data'!A:F,5) -> 0 | F128: =-VLOOKUP(A128,'pl-data'!A:F,6) -> 0 | G128: =-VLOOKUP(A128,'pl-data'!A:G,7) -> 0 | H128: =-VLOOKUP(A128,'pl-data'!A:V,22) -> 0 | I128: =+U128+P128-O128 -> 0 | J128: =-VLOOKUP(A128,'pl-data'!A:BR,66) -> 0 | K128: =-VLOOKUP(A128,'pl-data'!A:BR,68) -> 0 | L128: =-VLOOKUP(A128,'pl-data'!A:BR,70) -> 0 | N128: =-VLOOKUP(A128,'pl-data'!A:BR,21) -> 0 | O128: =-VLOOKUP(A128,'pl-data'!A:BR,51) -> 0 | P128: =-VLOOKUP(A128,'pl-data'!A:BR,36) -> 0 | Q128: =IFERROR(P128/O128-1,"n/a") -> n/a | R128: =IFERROR(P128/N128-1,"n/a") -> n/a | T128: =+H128 -> 0 | U128: =-VLOOKUP(A128,'pl-data'!A:BR,52) -> 0 | V128: =+I128 -> 0 | W128: =IFERROR(V128/U128-1,"n/a") -> n/a | X128: =IFERROR(V128/T128-1,"n/a") -> n/a
A129: 2660 | B129: =+masterfile!D770 -> 2660 Erträge aus der Währungsumrechnung | D129: =-VLOOKUP(A129,'pl-data'!A:F,4) -> 0 | E129: =-VLOOKUP(A129,'pl-data'!A:F,5) -> 0 | F129: =-VLOOKUP(A129,'pl-data'!A:F,6) -> 0 | G129: =-VLOOKUP(A129,'pl-data'!A:G,7) -> 0 | H129: =-VLOOKUP(A129,'pl-data'!A:V,22) -> 0 | I129: =+U129+P129-O129 -> 0 | J129: =-VLOOKUP(A129,'pl-data'!A:BR,66) -> 0 | K129: =-VLOOKUP(A129,'pl-data'!A:BR,68) -> 0 | L129: =-VLOOKUP(A129,'pl-data'!A:BR,70) -> 0 | N129: =-VLOOKUP(A129,'pl-data'!A:BR,21) -> 0 | O129: =-VLOOKUP(A129,'pl-data'!A:BR,51) -> 0 | P129: =-VLOOKUP(A129,'pl-data'!A:BR,36) -> 0 | Q129: =IFERROR(P129/O129-1,"n/a") -> n/a | R129: =IFERROR(P129/N129-1,"n/a") -> n/a | T129: =+H129 -> 0 | U129: =-VLOOKUP(A129,'pl-data'!A:BR,52) -> 0 | V129: =+I129 -> 0 | W129: =IFERROR(V129/U129-1,"n/a") -> n/a | X129: =IFERROR(V129/T129-1,"n/a") -> n/a
A130: 2661 | B130: =+masterfile!D771 -> 2661 Ertr.Währungsumrechnung nicht § 256a HGB | D130: =-VLOOKUP(A130,'pl-data'!A:F,4) -> 0 | E130: =-VLOOKUP(A130,'pl-data'!A:F,5) -> 0 | F130: =-VLOOKUP(A130,'pl-data'!A:F,6) -> 0 | G130: =-VLOOKUP(A130,'pl-data'!A:G,7) -> 0 | H130: =-VLOOKUP(A130,'pl-data'!A:V,22) -> 0 | I130: =+U130+P130-O130 -> 0 | J130: =-VLOOKUP(A130,'pl-data'!A:BR,66) -> 0 | K130: =-VLOOKUP(A130,'pl-data'!A:BR,68) -> 0 | L130: =-VLOOKUP(A130,'pl-data'!A:BR,70) -> 0 | N130: =-VLOOKUP(A130,'pl-data'!A:BR,21) -> 0 | O130: =-VLOOKUP(A130,'pl-data'!A:BR,51) -> 0 | P130: =-VLOOKUP(A130,'pl-data'!A:BR,36) -> 0 | Q130: =IFERROR(P130/O130-1,"n/a") -> n/a | R130: =IFERROR(P130/N130-1,"n/a") -> n/a | T130: =+H130 -> 0 | U130: =-VLOOKUP(A130,'pl-data'!A:BR,52) -> 0 | V130: =+I130 -> 0 | W130: =IFERROR(V130/U130-1,"n/a") -> n/a | X130: =IFERROR(V130/T130-1,"n/a") -> n/a
A131: 2666 | B131: =+masterfile!D772 -> 2666 Erträge Bewertung Finanzmittelfonds | D131: =-VLOOKUP(A131,'pl-data'!A:F,4) -> 0 | E131: =-VLOOKUP(A131,'pl-data'!A:F,5) -> 0 | F131: =-VLOOKUP(A131,'pl-data'!A:F,6) -> 0 | G131: =-VLOOKUP(A131,'pl-data'!A:G,7) -> 0 | H131: =-VLOOKUP(A131,'pl-data'!A:V,22) -> 0 | I131: =+U131+P131-O131 -> 0 | J131: =-VLOOKUP(A131,'pl-data'!A:BR,66) -> 0 | K131: =-VLOOKUP(A131,'pl-data'!A:BR,68) -> 0 | L131: =-VLOOKUP(A131,'pl-data'!A:BR,70) -> 0 | N131: =-VLOOKUP(A131,'pl-data'!A:BR,21) -> 0 | O131: =-VLOOKUP(A131,'pl-data'!A:BR,51) -> 0 | P131: =-VLOOKUP(A131,'pl-data'!A:BR,36) -> 0 | Q131: =IFERROR(P131/O131-1,"n/a") -> n/a | R131: =IFERROR(P131/N131-1,"n/a") -> n/a | T131: =+H131 -> 0 | U131: =-VLOOKUP(A131,'pl-data'!A:BR,52) -> 0 | V131: =+I131 -> 0 | W131: =IFERROR(V131/U131-1,"n/a") -> n/a | X131: =IFERROR(V131/T131-1,"n/a") -> n/a
A132: 2700 | B132: =+masterfile!D783 -> 2700 Sonstige Erträge betriebs/periodenfremd | D132: =-VLOOKUP(A132,'pl-data'!A:F,4) -> 0 | E132: =-VLOOKUP(A132,'pl-data'!A:F,5) -> 0 | F132: =-VLOOKUP(A132,'pl-data'!A:F,6) -> 0 | G132: =-VLOOKUP(A132,'pl-data'!A:G,7) -> 0 | H132: =-VLOOKUP(A132,'pl-data'!A:V,22) -> 0 | I132: =+U132+P132-O132 -> 0 | J132: =-VLOOKUP(A132,'pl-data'!A:BR,66) -> 0 | K132: =-VLOOKUP(A132,'pl-data'!A:BR,68) -> 0 | L132: =-VLOOKUP(A132,'pl-data'!A:BR,70) -> 0 | N132: =-VLOOKUP(A132,'pl-data'!A:BR,21) -> 0 | O132: =-VLOOKUP(A132,'pl-data'!A:BR,51) -> 0 | P132: =-VLOOKUP(A132,'pl-data'!A:BR,36) -> 0 | Q132: =IFERROR(P132/O132-1,"n/a") -> n/a | R132: =IFERROR(P132/N132-1,"n/a") -> n/a | T132: =+H132 -> 0 | U132: =-VLOOKUP(A132,'pl-data'!A:BR,52) -> 0 | V132: =+I132 -> 0 | W132: =IFERROR(V132/U132-1,"n/a") -> n/a | X132: =IFERROR(V132/T132-1,"n/a") -> n/a
A133: 2705 | B133: =+masterfile!D784 -> 2705 Sonstige betriebl. regelm. Erträge | D133: =-VLOOKUP(A133,'pl-data'!A:F,4) -> 0 | E133: =-VLOOKUP(A133,'pl-data'!A:F,5) -> 0 | F133: =-VLOOKUP(A133,'pl-data'!A:F,6) -> 0 | G133: =-VLOOKUP(A133,'pl-data'!A:G,7) -> 0 | H133: =-VLOOKUP(A133,'pl-data'!A:V,22) -> 0 | I133: =+U133+P133-O133 -> 0 | J133: =-VLOOKUP(A133,'pl-data'!A:BR,66) -> 0 | K133: =-VLOOKUP(A133,'pl-data'!A:BR,68) -> 0 | L133: =-VLOOKUP(A133,'pl-data'!A:BR,70) -> 0 | N133: =-VLOOKUP(A133,'pl-data'!A:BR,21) -> 0 | O133: =-VLOOKUP(A133,'pl-data'!A:BR,51) -> 0 | P133: =-VLOOKUP(A133,'pl-data'!A:BR,36) -> 0 | Q133: =IFERROR(P133/O133-1,"n/a") -> n/a | R133: =IFERROR(P133/N133-1,"n/a") -> n/a | T133: =+H133 -> 0 | U133: =-VLOOKUP(A133,'pl-data'!A:BR,52) -> 0 | V133: =+I133 -> 0 | W133: =IFERROR(V133/U133-1,"n/a") -> n/a | X133: =IFERROR(V133/T133-1,"n/a") -> n/a
A134: 2707 | B134: =+masterfile!D785 -> 2707 Sonstige betriebsfr.regelm. Erträge | D134: =-VLOOKUP(A134,'pl-data'!A:F,4) -> 0 | E134: =-VLOOKUP(A134,'pl-data'!A:F,5) -> 0 | F134: =-VLOOKUP(A134,'pl-data'!A:F,6) -> 0 | G134: =-VLOOKUP(A134,'pl-data'!A:G,7) -> 0 | H134: =-VLOOKUP(A134,'pl-data'!A:V,22) -> 0 | I134: =+U134+P134-O134 -> 0 | J134: =-VLOOKUP(A134,'pl-data'!A:BR,66) -> 0 | K134: =-VLOOKUP(A134,'pl-data'!A:BR,68) -> 0 | L134: =-VLOOKUP(A134,'pl-data'!A:BR,70) -> 0 | N134: =-VLOOKUP(A134,'pl-data'!A:BR,21) -> 0 | O134: =-VLOOKUP(A134,'pl-data'!A:BR,51) -> 0 | P134: =-VLOOKUP(A134,'pl-data'!A:BR,36) -> 0 | Q134: =IFERROR(P134/O134-1,"n/a") -> n/a | R134: =IFERROR(P134/N134-1,"n/a") -> n/a | T134: =+H134 -> 0 | U134: =-VLOOKUP(A134,'pl-data'!A:BR,52) -> 0 | V134: =+I134 -> 0 | W134: =IFERROR(V134/U134-1,"n/a") -> n/a | X134: =IFERROR(V134/T134-1,"n/a") -> n/a
A135: 2709 | B135: =+masterfile!D786 -> 2709 Sonstige Erträge unregelmäßig | D135: =-VLOOKUP(A135,'pl-data'!A:F,4) -> 5 | E135: =-VLOOKUP(A135,'pl-data'!A:F,5) -> 5 | F135: =-VLOOKUP(A135,'pl-data'!A:F,6) -> 5 | G135: =-VLOOKUP(A135,'pl-data'!A:G,7) -> 5 | H135: =-VLOOKUP(A135,'pl-data'!A:V,22) -> 5 | I135: =+U135+P135-O135 -> 0 | J135: =-VLOOKUP(A135,'pl-data'!A:BR,66) -> 5.3045 | K135: =-VLOOKUP(A135,'pl-data'!A:BR,68) -> 5.51668 | L135: =-VLOOKUP(A135,'pl-data'!A:BR,70) -> 5.792514 | N135: =-VLOOKUP(A135,'pl-data'!A:BR,21) -> 5 | O135: =-VLOOKUP(A135,'pl-data'!A:BR,51) -> 5.15 | P135: =-VLOOKUP(A135,'pl-data'!A:BR,36) -> 0 | Q135: =IFERROR(P135/O135-1,"n/a") -> -1 | R135: =IFERROR(P135/N135-1,"n/a") -> -1 | T135: =+H135 -> 5 | U135: =-VLOOKUP(A135,'pl-data'!A:BR,52) -> 5.15 | V135: =+I135 -> 0 | W135: =IFERROR(V135/U135-1,"n/a") -> -1 | X135: =IFERROR(V135/T135-1,"n/a") -> -1
A136: 2736 | B136: =+masterfile!D805 -> 2736 Erträge Herabsetzung Verbindlichkeit | D136: =-VLOOKUP(A136,'pl-data'!A:F,4) -> 0 | E136: =-VLOOKUP(A136,'pl-data'!A:F,5) -> 0 | F136: =-VLOOKUP(A136,'pl-data'!A:F,6) -> 0 | G136: =-VLOOKUP(A136,'pl-data'!A:G,7) -> 0 | H136: =-VLOOKUP(A136,'pl-data'!A:V,22) -> 0 | I136: =+U136+P136-O136 -> 0 | J136: =-VLOOKUP(A136,'pl-data'!A:BR,66) -> 0 | K136: =-VLOOKUP(A136,'pl-data'!A:BR,68) -> 0 | L136: =-VLOOKUP(A136,'pl-data'!A:BR,70) -> 0 | N136: =-VLOOKUP(A136,'pl-data'!A:BR,21) -> 0 | O136: =-VLOOKUP(A136,'pl-data'!A:BR,51) -> 0 | P136: =-VLOOKUP(A136,'pl-data'!A:BR,36) -> 0 | Q136: =IFERROR(P136/O136-1,"n/a") -> n/a | R136: =IFERROR(P136/N136-1,"n/a") -> n/a | T136: =+H136 -> 0 | U136: =-VLOOKUP(A136,'pl-data'!A:BR,52) -> 0 | V136: =+I136 -> 0 | W136: =IFERROR(V136/U136-1,"n/a") -> n/a | X136: =IFERROR(V136/T136-1,"n/a") -> n/a
A137: 2742 | B137: =+masterfile!D809 -> 2742 Versich.entschädigung, Schadenersatz | D137: =-VLOOKUP(A137,'pl-data'!A:F,4) -> 0 | E137: =-VLOOKUP(A137,'pl-data'!A:F,5) -> 0 | F137: =-VLOOKUP(A137,'pl-data'!A:F,6) -> 0 | G137: =-VLOOKUP(A137,'pl-data'!A:G,7) -> 0 | H137: =-VLOOKUP(A137,'pl-data'!A:V,22) -> 0 | I137: =+U137+P137-O137 -> 0 | J137: =-VLOOKUP(A137,'pl-data'!A:BR,66) -> 0 | K137: =-VLOOKUP(A137,'pl-data'!A:BR,68) -> 0 | L137: =-VLOOKUP(A137,'pl-data'!A:BR,70) -> 0 | N137: =-VLOOKUP(A137,'pl-data'!A:BR,21) -> 0 | O137: =-VLOOKUP(A137,'pl-data'!A:BR,51) -> 0 | P137: =-VLOOKUP(A137,'pl-data'!A:BR,36) -> 0 | Q137: =IFERROR(P137/O137-1,"n/a") -> n/a | R137: =IFERROR(P137/N137-1,"n/a") -> n/a | T137: =+H137 -> 0 | U137: =-VLOOKUP(A137,'pl-data'!A:BR,52) -> 0 | V137: =+I137 -> 0 | W137: =IFERROR(V137/U137-1,"n/a") -> n/a | X137: =IFERROR(V137/T137-1,"n/a") -> n/a
A138: 2743 | B138: =+masterfile!D810 -> 2743 Investitionszuschüsse | D138: =-VLOOKUP(A138,'pl-data'!A:F,4) -> 0 | E138: =-VLOOKUP(A138,'pl-data'!A:F,5) -> 0 | F138: =-VLOOKUP(A138,'pl-data'!A:F,6) -> 0 | G138: =-VLOOKUP(A138,'pl-data'!A:G,7) -> 0 | H138: =-VLOOKUP(A138,'pl-data'!A:V,22) -> 0 | I138: =+U138+P138-O138 -> 0 | J138: =-VLOOKUP(A138,'pl-data'!A:BR,66) -> 0 | K138: =-VLOOKUP(A138,'pl-data'!A:BR,68) -> 0 | L138: =-VLOOKUP(A138,'pl-data'!A:BR,70) -> 0 | N138: =-VLOOKUP(A138,'pl-data'!A:BR,21) -> 0 | O138: =-VLOOKUP(A138,'pl-data'!A:BR,51) -> 0 | P138: =-VLOOKUP(A138,'pl-data'!A:BR,36) -> 0 | Q138: =IFERROR(P138/O138-1,"n/a") -> n/a | R138: =IFERROR(P138/N138-1,"n/a") -> n/a | T138: =+H138 -> 0 | U138: =-VLOOKUP(A138,'pl-data'!A:BR,52) -> 0 | V138: =+I138 -> 0 | W138: =IFERROR(V138/U138-1,"n/a") -> n/a | X138: =IFERROR(V138/T138-1,"n/a") -> n/a
A139: 2744 | B139: =+masterfile!D811 -> 2744 Investitionszulage | D139: =-VLOOKUP(A139,'pl-data'!A:F,4) -> 0 | E139: =-VLOOKUP(A139,'pl-data'!A:F,5) -> 0 | F139: =-VLOOKUP(A139,'pl-data'!A:F,6) -> 0 | G139: =-VLOOKUP(A139,'pl-data'!A:G,7) -> 0 | H139: =-VLOOKUP(A139,'pl-data'!A:V,22) -> 0 | I139: =+U139+P139-O139 -> 0 | J139: =-VLOOKUP(A139,'pl-data'!A:BR,66) -> 0 | K139: =-VLOOKUP(A139,'pl-data'!A:BR,68) -> 0 | L139: =-VLOOKUP(A139,'pl-data'!A:BR,70) -> 0 | N139: =-VLOOKUP(A139,'pl-data'!A:BR,21) -> 0 | O139: =-VLOOKUP(A139,'pl-data'!A:BR,51) -> 0 | P139: =-VLOOKUP(A139,'pl-data'!A:BR,36) -> 0 | Q139: =IFERROR(P139/O139-1,"n/a") -> n/a | R139: =IFERROR(P139/N139-1,"n/a") -> n/a | T139: =+H139 -> 0 | U139: =-VLOOKUP(A139,'pl-data'!A:BR,52) -> 0 | V139: =+I139 -> 0 | W139: =IFERROR(V139/U139-1,"n/a") -> n/a | X139: =IFERROR(V139/T139-1,"n/a") -> n/a
A140: 2747 | B140: =+masterfile!D814 -> 2747 Sonstige steuerfr. Betriebseinnahmen | D140: =-VLOOKUP(A140,'pl-data'!A:F,4) -> 0 | E140: =-VLOOKUP(A140,'pl-data'!A:F,5) -> 0 | F140: =-VLOOKUP(A140,'pl-data'!A:F,6) -> 0 | G140: =-VLOOKUP(A140,'pl-data'!A:G,7) -> 0 | H140: =-VLOOKUP(A140,'pl-data'!A:V,22) -> 0 | I140: =+U140+P140-O140 -> 0 | J140: =-VLOOKUP(A140,'pl-data'!A:BR,66) -> 0 | K140: =-VLOOKUP(A140,'pl-data'!A:BR,68) -> 0 | L140: =-VLOOKUP(A140,'pl-data'!A:BR,70) -> 0 | N140: =-VLOOKUP(A140,'pl-data'!A:BR,21) -> 0 | O140: =-VLOOKUP(A140,'pl-data'!A:BR,51) -> 0 | P140: =-VLOOKUP(A140,'pl-data'!A:BR,36) -> 0 | Q140: =IFERROR(P140/O140-1,"n/a") -> n/a | R140: =IFERROR(P140/N140-1,"n/a") -> n/a | T140: =+H140 -> 0 | U140: =-VLOOKUP(A140,'pl-data'!A:BR,52) -> 0 | V140: =+I140 -> 0 | W140: =IFERROR(V140/U140-1,"n/a") -> n/a | X140: =IFERROR(V140/T140-1,"n/a") -> n/a
A141: 2749 | B141: =+masterfile!D815 -> 2749 Erstattungen AufwendungsausgleichsG | D141: =-VLOOKUP(A141,'pl-data'!A:F,4) -> 0 | E141: =-VLOOKUP(A141,'pl-data'!A:F,5) -> 0 | F141: =-VLOOKUP(A141,'pl-data'!A:F,6) -> 0 | G141: =-VLOOKUP(A141,'pl-data'!A:G,7) -> 0 | H141: =-VLOOKUP(A141,'pl-data'!A:V,22) -> 0 | I141: =+U141+P141-O141 -> 0 | J141: =-VLOOKUP(A141,'pl-data'!A:BR,66) -> 0 | K141: =-VLOOKUP(A141,'pl-data'!A:BR,68) -> 0 | L141: =-VLOOKUP(A141,'pl-data'!A:BR,70) -> 0 | N141: =-VLOOKUP(A141,'pl-data'!A:BR,21) -> 0 | O141: =-VLOOKUP(A141,'pl-data'!A:BR,51) -> 0 | P141: =-VLOOKUP(A141,'pl-data'!A:BR,36) -> 0 | Q141: =IFERROR(P141/O141-1,"n/a") -> n/a | R141: =IFERROR(P141/N141-1,"n/a") -> n/a | T141: =+H141 -> 0 | U141: =-VLOOKUP(A141,'pl-data'!A:BR,52) -> 0 | V141: =+I141 -> 0 | W141: =IFERROR(V141/U141-1,"n/a") -> n/a | X141: =IFERROR(V141/T141-1,"n/a") -> n/a
A142: 8590 | B142: =+masterfile!D1287 -> 8590 Verr. sonstige Sachbezüge (keine Waren) | D142: =-VLOOKUP(A142,'pl-data'!A:F,4) -> 0 | E142: =-VLOOKUP(A142,'pl-data'!A:F,5) -> 0 | F142: =-VLOOKUP(A142,'pl-data'!A:F,6) -> 0 | G142: =-VLOOKUP(A142,'pl-data'!A:G,7) -> 0 | H142: =-VLOOKUP(A142,'pl-data'!A:V,22) -> 0 | I142: =+U142+P142-O142 -> 0 | J142: =-VLOOKUP(A142,'pl-data'!A:BR,66) -> 0 | K142: =-VLOOKUP(A142,'pl-data'!A:BR,68) -> 0 | L142: =-VLOOKUP(A142,'pl-data'!A:BR,70) -> 0 | N142: =-VLOOKUP(A142,'pl-data'!A:BR,21) -> 0 | O142: =-VLOOKUP(A142,'pl-data'!A:BR,51) -> 0 | P142: =-VLOOKUP(A142,'pl-data'!A:BR,36) -> 0 | Q142: =IFERROR(P142/O142-1,"n/a") -> n/a | R142: =IFERROR(P142/N142-1,"n/a") -> n/a | T142: =+H142 -> 0 | U142: =-VLOOKUP(A142,'pl-data'!A:BR,52) -> 0 | V142: =+I142 -> 0 | W142: =IFERROR(V142/U142-1,"n/a") -> n/a | X142: =IFERROR(V142/T142-1,"n/a") -> n/a
A143: 8591 | B143: =+masterfile!D1288 -> 8591 Sachbezüge 7% USt (Waren) | D143: =-VLOOKUP(A143,'pl-data'!A:F,4) -> 0 | E143: =-VLOOKUP(A143,'pl-data'!A:F,5) -> 0 | F143: =-VLOOKUP(A143,'pl-data'!A:F,6) -> 0 | G143: =-VLOOKUP(A143,'pl-data'!A:G,7) -> 0 | H143: =-VLOOKUP(A143,'pl-data'!A:V,22) -> 0 | I143: =+U143+P143-O143 -> 0 | J143: =-VLOOKUP(A143,'pl-data'!A:BR,66) -> 0 | K143: =-VLOOKUP(A143,'pl-data'!A:BR,68) -> 0 | L143: =-VLOOKUP(A143,'pl-data'!A:BR,70) -> 0 | N143: =-VLOOKUP(A143,'pl-data'!A:BR,21) -> 0 | O143: =-VLOOKUP(A143,'pl-data'!A:BR,51) -> 0 | P143: =-VLOOKUP(A143,'pl-data'!A:BR,36) -> 0 | Q143: =IFERROR(P143/O143-1,"n/a") -> n/a | R143: =IFERROR(P143/N143-1,"n/a") -> n/a | T143: =+H143 -> 0 | U143: =-VLOOKUP(A143,'pl-data'!A:BR,52) -> 0 | V143: =+I143 -> 0 | W143: =IFERROR(V143/U143-1,"n/a") -> n/a | X143: =IFERROR(V143/T143-1,"n/a") -> n/a
A144: 8595 | B144: =+masterfile!D1289 -> 8595 Sachbezüge 19% USt (Waren) | D144: =-VLOOKUP(A144,'pl-data'!A:F,4) -> 0 | E144: =-VLOOKUP(A144,'pl-data'!A:F,5) -> 0 | F144: =-VLOOKUP(A144,'pl-data'!A:F,6) -> 0 | G144: =-VLOOKUP(A144,'pl-data'!A:G,7) -> 0 | H144: =-VLOOKUP(A144,'pl-data'!A:V,22) -> 0 | I144: =+U144+P144-O144 -> 0 | J144: =-VLOOKUP(A144,'pl-data'!A:BR,66) -> 0 | K144: =-VLOOKUP(A144,'pl-data'!A:BR,68) -> 0 | L144: =-VLOOKUP(A144,'pl-data'!A:BR,70) -> 0 | N144: =-VLOOKUP(A144,'pl-data'!A:BR,21) -> 0 | O144: =-VLOOKUP(A144,'pl-data'!A:BR,51) -> 0 | P144: =-VLOOKUP(A144,'pl-data'!A:BR,36) -> 0 | Q144: =IFERROR(P144/O144-1,"n/a") -> n/a | R144: =IFERROR(P144/N144-1,"n/a") -> n/a | T144: =+H144 -> 0 | U144: =-VLOOKUP(A144,'pl-data'!A:BR,52) -> 0 | V144: =+I144 -> 0 | W144: =IFERROR(V144/U144-1,"n/a") -> n/a | X144: =IFERROR(V144/T144-1,"n/a") -> n/a
A145: 8600 | B145: =+masterfile!D1290 -> 8600 Sonst. Erlöse betr. u. regelmäßig | D145: =-VLOOKUP(A145,'pl-data'!A:F,4) -> 0 | E145: =-VLOOKUP(A145,'pl-data'!A:F,5) -> 0 | F145: =-VLOOKUP(A145,'pl-data'!A:F,6) -> 0 | G145: =-VLOOKUP(A145,'pl-data'!A:G,7) -> 0 | H145: =-VLOOKUP(A145,'pl-data'!A:V,22) -> 0 | I145: =+U145+P145-O145 -> 0 | J145: =-VLOOKUP(A145,'pl-data'!A:BR,66) -> 0 | K145: =-VLOOKUP(A145,'pl-data'!A:BR,68) -> 0 | L145: =-VLOOKUP(A145,'pl-data'!A:BR,70) -> 0 | N145: =-VLOOKUP(A145,'pl-data'!A:BR,21) -> 0 | O145: =-VLOOKUP(A145,'pl-data'!A:BR,51) -> 0 | P145: =-VLOOKUP(A145,'pl-data'!A:BR,36) -> 0 | Q145: =IFERROR(P145/O145-1,"n/a") -> n/a | R145: =IFERROR(P145/N145-1,"n/a") -> n/a | T145: =+H145 -> 0 | U145: =-VLOOKUP(A145,'pl-data'!A:BR,52) -> 0 | V145: =+I145 -> 0 | W145: =IFERROR(V145/U145-1,"n/a") -> n/a | X145: =IFERROR(V145/T145-1,"n/a") -> n/a
A146: 8603 | B146: =+masterfile!D1291 -> 8603 Sonstige betriebliche Erträge | D146: =-VLOOKUP(A146,'pl-data'!A:F,4) -> 0 | E146: =-VLOOKUP(A146,'pl-data'!A:F,5) -> 0 | F146: =-VLOOKUP(A146,'pl-data'!A:F,6) -> 0 | G146: =-VLOOKUP(A146,'pl-data'!A:G,7) -> 0 | H146: =-VLOOKUP(A146,'pl-data'!A:V,22) -> 0 | I146: =+U146+P146-O146 -> 0 | J146: =-VLOOKUP(A146,'pl-data'!A:BR,66) -> 0 | K146: =-VLOOKUP(A146,'pl-data'!A:BR,68) -> 0 | L146: =-VLOOKUP(A146,'pl-data'!A:BR,70) -> 0 | N146: =-VLOOKUP(A146,'pl-data'!A:BR,21) -> 0 | O146: =-VLOOKUP(A146,'pl-data'!A:BR,51) -> 0 | P146: =-VLOOKUP(A146,'pl-data'!A:BR,36) -> 0 | Q146: =IFERROR(P146/O146-1,"n/a") -> n/a | R146: =IFERROR(P146/N146-1,"n/a") -> n/a | T146: =+H146 -> 0 | U146: =-VLOOKUP(A146,'pl-data'!A:BR,52) -> 0 | V146: =+I146 -> 0 | W146: =IFERROR(V146/U146-1,"n/a") -> n/a | X146: =IFERROR(V146/T146-1,"n/a") -> n/a
A147: 8604 | B147: =+masterfile!D1292 -> 8604 Erstattete Vorsteuer anderer Länder | D147: =-VLOOKUP(A147,'pl-data'!A:F,4) -> 0 | E147: =-VLOOKUP(A147,'pl-data'!A:F,5) -> 0 | F147: =-VLOOKUP(A147,'pl-data'!A:F,6) -> 0 | G147: =-VLOOKUP(A147,'pl-data'!A:G,7) -> 0 | H147: =-VLOOKUP(A147,'pl-data'!A:V,22) -> 0 | I147: =+U147+P147-O147 -> 0 | J147: =-VLOOKUP(A147,'pl-data'!A:BR,66) -> 0 | K147: =-VLOOKUP(A147,'pl-data'!A:BR,68) -> 0 | L147: =-VLOOKUP(A147,'pl-data'!A:BR,70) -> 0 | N147: =-VLOOKUP(A147,'pl-data'!A:BR,21) -> 0 | O147: =-VLOOKUP(A147,'pl-data'!A:BR,51) -> 0 | P147: =-VLOOKUP(A147,'pl-data'!A:BR,36) -> 0 | Q147: =IFERROR(P147/O147-1,"n/a") -> n/a | R147: =IFERROR(P147/N147-1,"n/a") -> n/a | T147: =+H147 -> 0 | U147: =-VLOOKUP(A147,'pl-data'!A:BR,52) -> 0 | V147: =+I147 -> 0 | W147: =IFERROR(V147/U147-1,"n/a") -> n/a | X147: =IFERROR(V147/T147-1,"n/a") -> n/a
A148: 8605 | B148: =+masterfile!D1293 -> 8605 Sonst. Erträge betriebl. und regelmäßig | D148: =-VLOOKUP(A148,'pl-data'!A:F,4) -> 0 | E148: =-VLOOKUP(A148,'pl-data'!A:F,5) -> 0 | F148: =-VLOOKUP(A148,'pl-data'!A:F,6) -> 0 | G148: =-VLOOKUP(A148,'pl-data'!A:G,7) -> 0 | H148: =-VLOOKUP(A148,'pl-data'!A:V,22) -> 0 | I148: =+U148+P148-O148 -> 0 | J148: =-VLOOKUP(A148,'pl-data'!A:BR,66) -> 0 | K148: =-VLOOKUP(A148,'pl-data'!A:BR,68) -> 0 | L148: =-VLOOKUP(A148,'pl-data'!A:BR,70) -> 0 | N148: =-VLOOKUP(A148,'pl-data'!A:BR,21) -> 0 | O148: =-VLOOKUP(A148,'pl-data'!A:BR,51) -> 0 | P148: =-VLOOKUP(A148,'pl-data'!A:BR,36) -> 0 | Q148: =IFERROR(P148/O148-1,"n/a") -> n/a | R148: =IFERROR(P148/N148-1,"n/a") -> n/a | T148: =+H148 -> 0 | U148: =-VLOOKUP(A148,'pl-data'!A:BR,52) -> 0 | V148: =+I148 -> 0 | W148: =IFERROR(V148/U148-1,"n/a") -> n/a | X148: =IFERROR(V148/T148-1,"n/a") -> n/a
A149: 8606 | B149: =+masterfile!D1294 -> 8606 Sonstige betriebliche Erträge verbUN | D149: =-VLOOKUP(A149,'pl-data'!A:F,4) -> 0 | E149: =-VLOOKUP(A149,'pl-data'!A:F,5) -> 0 | F149: =-VLOOKUP(A149,'pl-data'!A:F,6) -> 0 | G149: =-VLOOKUP(A149,'pl-data'!A:G,7) -> 0 | H149: =-VLOOKUP(A149,'pl-data'!A:V,22) -> 0 | I149: =+U149+P149-O149 -> 0 | J149: =-VLOOKUP(A149,'pl-data'!A:BR,66) -> 0 | K149: =-VLOOKUP(A149,'pl-data'!A:BR,68) -> 0 | L149: =-VLOOKUP(A149,'pl-data'!A:BR,70) -> 0 | N149: =-VLOOKUP(A149,'pl-data'!A:BR,21) -> 0 | O149: =-VLOOKUP(A149,'pl-data'!A:BR,51) -> 0 | P149: =-VLOOKUP(A149,'pl-data'!A:BR,36) -> 0 | Q149: =IFERROR(P149/O149-1,"n/a") -> n/a | R149: =IFERROR(P149/N149-1,"n/a") -> n/a | T149: =+H149 -> 0 | U149: =-VLOOKUP(A149,'pl-data'!A:BR,52) -> 0 | V149: =+I149 -> 0 | W149: =IFERROR(V149/U149-1,"n/a") -> n/a | X149: =IFERROR(V149/T149-1,"n/a") -> n/a
A150: 8609 | B150: =+masterfile!D1296 -> 8609 Sonstige Erträge stfrei §4 Nr.8 ff.UStG | D150: =-VLOOKUP(A150,'pl-data'!A:F,4) -> 0 | E150: =-VLOOKUP(A150,'pl-data'!A:F,5) -> 0 | F150: =-VLOOKUP(A150,'pl-data'!A:F,6) -> 0 | G150: =-VLOOKUP(A150,'pl-data'!A:G,7) -> 0 | H150: =-VLOOKUP(A150,'pl-data'!A:V,22) -> 0 | I150: =+U150+P150-O150 -> 0 | J150: =-VLOOKUP(A150,'pl-data'!A:BR,66) -> 0 | K150: =-VLOOKUP(A150,'pl-data'!A:BR,68) -> 0 | L150: =-VLOOKUP(A150,'pl-data'!A:BR,70) -> 0 | N150: =-VLOOKUP(A150,'pl-data'!A:BR,21) -> 0 | O150: =-VLOOKUP(A150,'pl-data'!A:BR,51) -> 0 | P150: =-VLOOKUP(A150,'pl-data'!A:BR,36) -> 0 | Q150: =IFERROR(P150/O150-1,"n/a") -> n/a | R150: =IFERROR(P150/N150-1,"n/a") -> n/a | T150: =+H150 -> 0 | U150: =-VLOOKUP(A150,'pl-data'!A:BR,52) -> 0 | V150: =+I150 -> 0 | W150: =IFERROR(V150/U150-1,"n/a") -> n/a | X150: =IFERROR(V150/T150-1,"n/a") -> n/a
A151: 8610 | B151: =+masterfile!D1297 -> 8610 Verrechnete sonstige Sachbezüge | D151: =-VLOOKUP(A151,'pl-data'!A:F,4) -> 0 | E151: =-VLOOKUP(A151,'pl-data'!A:F,5) -> 0 | F151: =-VLOOKUP(A151,'pl-data'!A:F,6) -> 0 | G151: =-VLOOKUP(A151,'pl-data'!A:G,7) -> 0 | H151: =-VLOOKUP(A151,'pl-data'!A:V,22) -> 0 | I151: =+U151+P151-O151 -> 0 | J151: =-VLOOKUP(A151,'pl-data'!A:BR,66) -> 0 | K151: =-VLOOKUP(A151,'pl-data'!A:BR,68) -> 0 | L151: =-VLOOKUP(A151,'pl-data'!A:BR,70) -> 0 | N151: =-VLOOKUP(A151,'pl-data'!A:BR,21) -> 0 | O151: =-VLOOKUP(A151,'pl-data'!A:BR,51) -> 0 | P151: =-VLOOKUP(A151,'pl-data'!A:BR,36) -> 0 | Q151: =IFERROR(P151/O151-1,"n/a") -> n/a | R151: =IFERROR(P151/N151-1,"n/a") -> n/a | T151: =+H151 -> 0 | U151: =-VLOOKUP(A151,'pl-data'!A:BR,52) -> 0 | V151: =+I151 -> 0 | W151: =IFERROR(V151/U151-1,"n/a") -> n/a | X151: =IFERROR(V151/T151-1,"n/a") -> n/a
A152: 8611 | B152: =+masterfile!D1298 -> 8611 Verrech. sonstige Sachbezüge Kfz 19% USt | D152: =-VLOOKUP(A152,'pl-data'!A:F,4) -> 0 | E152: =-VLOOKUP(A152,'pl-data'!A:F,5) -> 0 | F152: =-VLOOKUP(A152,'pl-data'!A:F,6) -> 0 | G152: =-VLOOKUP(A152,'pl-data'!A:G,7) -> 0 | H152: =-VLOOKUP(A152,'pl-data'!A:V,22) -> 0 | I152: =+U152+P152-O152 -> 0 | J152: =-VLOOKUP(A152,'pl-data'!A:BR,66) -> 0 | K152: =-VLOOKUP(A152,'pl-data'!A:BR,68) -> 0 | L152: =-VLOOKUP(A152,'pl-data'!A:BR,70) -> 0 | N152: =-VLOOKUP(A152,'pl-data'!A:BR,21) -> 0 | O152: =-VLOOKUP(A152,'pl-data'!A:BR,51) -> 0 | P152: =-VLOOKUP(A152,'pl-data'!A:BR,36) -> 0 | Q152: =IFERROR(P152/O152-1,"n/a") -> n/a | R152: =IFERROR(P152/N152-1,"n/a") -> n/a | T152: =+H152 -> 0 | U152: =-VLOOKUP(A152,'pl-data'!A:BR,52) -> 0 | V152: =+I152 -> 0 | W152: =IFERROR(V152/U152-1,"n/a") -> n/a | X152: =IFERROR(V152/T152-1,"n/a") -> n/a
A153: 8613 | B153: =+masterfile!D1299 -> 8613 Verrechn. sonstige Sachbezüge 19% USt | D153: =-VLOOKUP(A153,'pl-data'!A:F,4) -> 0 | E153: =-VLOOKUP(A153,'pl-data'!A:F,5) -> 0 | F153: =-VLOOKUP(A153,'pl-data'!A:F,6) -> 0 | G153: =-VLOOKUP(A153,'pl-data'!A:G,7) -> 0 | H153: =-VLOOKUP(A153,'pl-data'!A:V,22) -> 0 | I153: =+U153+P153-O153 -> 0 | J153: =-VLOOKUP(A153,'pl-data'!A:BR,66) -> 0 | K153: =-VLOOKUP(A153,'pl-data'!A:BR,68) -> 0 | L153: =-VLOOKUP(A153,'pl-data'!A:BR,70) -> 0 | N153: =-VLOOKUP(A153,'pl-data'!A:BR,21) -> 0 | O153: =-VLOOKUP(A153,'pl-data'!A:BR,51) -> 0 | P153: =-VLOOKUP(A153,'pl-data'!A:BR,36) -> 0 | Q153: =IFERROR(P153/O153-1,"n/a") -> n/a | R153: =IFERROR(P153/N153-1,"n/a") -> n/a | T153: =+H153 -> 0 | U153: =-VLOOKUP(A153,'pl-data'!A:BR,52) -> 0 | V153: =+I153 -> 0 | W153: =IFERROR(V153/U153-1,"n/a") -> n/a | X153: =IFERROR(V153/T153-1,"n/a") -> n/a
A154: 8614 | B154: =+masterfile!D1300 -> 8614 Verrechn. sonstige Sachbezüge ohne USt | D154: =-VLOOKUP(A154,'pl-data'!A:F,4) -> 0 | E154: =-VLOOKUP(A154,'pl-data'!A:F,5) -> 0 | F154: =-VLOOKUP(A154,'pl-data'!A:F,6) -> 0 | G154: =-VLOOKUP(A154,'pl-data'!A:G,7) -> 0 | H154: =-VLOOKUP(A154,'pl-data'!A:V,22) -> 0 | I154: =+U154+P154-O154 -> 0 | J154: =-VLOOKUP(A154,'pl-data'!A:BR,66) -> 0 | K154: =-VLOOKUP(A154,'pl-data'!A:BR,68) -> 0 | L154: =-VLOOKUP(A154,'pl-data'!A:BR,70) -> 0 | N154: =-VLOOKUP(A154,'pl-data'!A:BR,21) -> 0 | O154: =-VLOOKUP(A154,'pl-data'!A:BR,51) -> 0 | P154: =-VLOOKUP(A154,'pl-data'!A:BR,36) -> 0 | Q154: =IFERROR(P154/O154-1,"n/a") -> n/a | R154: =IFERROR(P154/N154-1,"n/a") -> n/a | T154: =+H154 -> 0 | U154: =-VLOOKUP(A154,'pl-data'!A:BR,52) -> 0 | V154: =+I154 -> 0 | W154: =IFERROR(V154/U154-1,"n/a") -> n/a | X154: =IFERROR(V154/T154-1,"n/a") -> n/a
A155: 8625 | B155: =+masterfile!D1301 -> 8625 Sonst. Erträge betr.u. regelmäßig stfrei | D155: =-VLOOKUP(A155,'pl-data'!A:F,4) -> 0 | E155: =-VLOOKUP(A155,'pl-data'!A:F,5) -> 0 | F155: =-VLOOKUP(A155,'pl-data'!A:F,6) -> 0 | G155: =-VLOOKUP(A155,'pl-data'!A:G,7) -> 0 | H155: =-VLOOKUP(A155,'pl-data'!A:V,22) -> 0 | I155: =+U155+P155-O155 -> 0 | J155: =-VLOOKUP(A155,'pl-data'!A:BR,66) -> 0 | K155: =-VLOOKUP(A155,'pl-data'!A:BR,68) -> 0 | L155: =-VLOOKUP(A155,'pl-data'!A:BR,70) -> 0 | N155: =-VLOOKUP(A155,'pl-data'!A:BR,21) -> 0 | O155: =-VLOOKUP(A155,'pl-data'!A:BR,51) -> 0 | P155: =-VLOOKUP(A155,'pl-data'!A:BR,36) -> 0 | Q155: =IFERROR(P155/O155-1,"n/a") -> n/a | R155: =IFERROR(P155/N155-1,"n/a") -> n/a | T155: =+H155 -> 0 | U155: =-VLOOKUP(A155,'pl-data'!A:BR,52) -> 0 | V155: =+I155 -> 0 | W155: =IFERROR(V155/U155-1,"n/a") -> n/a | X155: =IFERROR(V155/T155-1,"n/a") -> n/a
A156: 8630 | B156: =+masterfile!D1302 -> 8630 Sonst. Erträge betriebl., regelm.7% USt | D156: =-VLOOKUP(A156,'pl-data'!A:F,4) -> 0 | E156: =-VLOOKUP(A156,'pl-data'!A:F,5) -> 0 | F156: =-VLOOKUP(A156,'pl-data'!A:F,6) -> 0 | G156: =-VLOOKUP(A156,'pl-data'!A:G,7) -> 0 | H156: =-VLOOKUP(A156,'pl-data'!A:V,22) -> 0 | I156: =+U156+P156-O156 -> 0 | J156: =-VLOOKUP(A156,'pl-data'!A:BR,66) -> 0 | K156: =-VLOOKUP(A156,'pl-data'!A:BR,68) -> 0 | L156: =-VLOOKUP(A156,'pl-data'!A:BR,70) -> 0 | N156: =-VLOOKUP(A156,'pl-data'!A:BR,21) -> 0 | O156: =-VLOOKUP(A156,'pl-data'!A:BR,51) -> 0 | P156: =-VLOOKUP(A156,'pl-data'!A:BR,36) -> 0 | Q156: =IFERROR(P156/O156-1,"n/a") -> n/a | R156: =IFERROR(P156/N156-1,"n/a") -> n/a | T156: =+H156 -> 0 | U156: =-VLOOKUP(A156,'pl-data'!A:BR,52) -> 0 | V156: =+I156 -> 0 | W156: =IFERROR(V156/U156-1,"n/a") -> n/a | X156: =IFERROR(V156/T156-1,"n/a") -> n/a
A157: 8640 | B157: =+masterfile!D1303 -> 8640 Sonst. Erträge betriebl,, regelm.19% USt | D157: =-VLOOKUP(A157,'pl-data'!A:F,4) -> 0 | E157: =-VLOOKUP(A157,'pl-data'!A:F,5) -> 0 | F157: =-VLOOKUP(A157,'pl-data'!A:F,6) -> 0 | G157: =-VLOOKUP(A157,'pl-data'!A:G,7) -> 0 | H157: =-VLOOKUP(A157,'pl-data'!A:V,22) -> 0 | I157: =+U157+P157-O157 -> 0 | J157: =-VLOOKUP(A157,'pl-data'!A:BR,66) -> 0 | K157: =-VLOOKUP(A157,'pl-data'!A:BR,68) -> 0 | L157: =-VLOOKUP(A157,'pl-data'!A:BR,70) -> 0 | N157: =-VLOOKUP(A157,'pl-data'!A:BR,21) -> 0 | O157: =-VLOOKUP(A157,'pl-data'!A:BR,51) -> 0 | P157: =-VLOOKUP(A157,'pl-data'!A:BR,36) -> 0 | Q157: =IFERROR(P157/O157-1,"n/a") -> n/a | R157: =IFERROR(P157/N157-1,"n/a") -> n/a | T157: =+H157 -> 0 | U157: =-VLOOKUP(A157,'pl-data'!A:BR,52) -> 0 | V157: =+I157 -> 0 | W157: =IFERROR(V157/U157-1,"n/a") -> n/a | X157: =IFERROR(V157/T157-1,"n/a") -> n/a
A159: Erträge aus Abgängen | B159: Erträge aus Abgängen | D159: =+SUM(D160:D191) -> 0 | E159: =+SUM(E160:E191) -> 0 | F159: =+SUM(F160:F191) -> 0 | G159: =+SUM(G160:G191) -> 0 | H159: =+SUM(H160:H191) -> 0 | I159: =+SUM(I160:I191) -> 0 | J159: =+SUM(J160:J191) -> 0 | K159: =+SUM(K160:K191) -> 0 | L159: =+SUM(L160:L191) -> 0 | N159: =+SUM(N160:N191) -> 0 | O159: =+SUM(O160:O191) -> 0 | P159: =+SUM(P160:P191) -> 0 | Q159: =IFERROR(P159/O159-1,"n/a") -> n/a | R159: =IFERROR(P159/N159-1,"n/a") -> n/a | T159: =+SUM(T160:T191) -> 0 | U159: =+SUM(U160:U191) -> 0 | V159: =+SUM(V160:V191) -> 0 | W159: =IFERROR(V159/U159-1,"n/a") -> n/a | X159: =IFERROR(V159/T159-1,"n/a") -> n/a
A160: 2315 | B160: =+masterfile!D680 -> 2315 Abgänge Sachanlagen Restbuchwert bei BG | D160: =-VLOOKUP(A160,'pl-data'!A:F,4) -> 0 | E160: =-VLOOKUP(A160,'pl-data'!A:F,5) -> 0 | F160: =-VLOOKUP(A160,'pl-data'!A:F,6) -> 0 | G160: =-VLOOKUP(A160,'pl-data'!A:G,7) -> 0 | H160: =-VLOOKUP(A160,'pl-data'!A:V,22) -> 0 | I160: =+U160+P160-O160 -> 0 | J160: =-VLOOKUP(A160,'pl-data'!A:BR,66) -> 0 | K160: =-VLOOKUP(A160,'pl-data'!A:BR,68) -> 0 | L160: =-VLOOKUP(A160,'pl-data'!A:BR,70) -> 0 | N160: =-VLOOKUP(A160,'pl-data'!A:BR,21) -> 0 | O160: =-VLOOKUP(A160,'pl-data'!A:BR,51) -> 0 | P160: =-VLOOKUP(A160,'pl-data'!A:BR,36) -> 0 | Q160: =IFERROR(P160/O160-1,"n/a") -> n/a | R160: =IFERROR(P160/N160-1,"n/a") -> n/a | T160: =+H160 -> 0 | U160: =-VLOOKUP(A160,'pl-data'!A:BR,52) -> 0 | V160: =+I160 -> 0 | W160: =IFERROR(V160/U160-1,"n/a") -> n/a | X160: =IFERROR(V160/T160-1,"n/a") -> n/a
A161: 2316 | B161: =+masterfile!D681 -> 2316 Abgang immaterielle VermögensG, RBW, BG | D161: =-VLOOKUP(A161,'pl-data'!A:F,4) -> 0 | E161: =-VLOOKUP(A161,'pl-data'!A:F,5) -> 0 | F161: =-VLOOKUP(A161,'pl-data'!A:F,6) -> 0 | G161: =-VLOOKUP(A161,'pl-data'!A:G,7) -> 0 | H161: =-VLOOKUP(A161,'pl-data'!A:V,22) -> 0 | I161: =+U161+P161-O161 -> 0 | J161: =-VLOOKUP(A161,'pl-data'!A:BR,66) -> 0 | K161: =-VLOOKUP(A161,'pl-data'!A:BR,68) -> 0 | L161: =-VLOOKUP(A161,'pl-data'!A:BR,70) -> 0 | N161: =-VLOOKUP(A161,'pl-data'!A:BR,21) -> 0 | O161: =-VLOOKUP(A161,'pl-data'!A:BR,51) -> 0 | P161: =-VLOOKUP(A161,'pl-data'!A:BR,36) -> 0 | Q161: =IFERROR(P161/O161-1,"n/a") -> n/a | R161: =IFERROR(P161/N161-1,"n/a") -> n/a | T161: =+H161 -> 0 | U161: =-VLOOKUP(A161,'pl-data'!A:BR,52) -> 0 | V161: =+I161 -> 0 | W161: =IFERROR(V161/U161-1,"n/a") -> n/a | X161: =IFERROR(V161/T161-1,"n/a") -> n/a
A162: 2317 | B162: =+masterfile!D682 -> 2317 Abgänge Finanzanlagen Restbuchwert, BG | D162: =-VLOOKUP(A162,'pl-data'!A:F,4) -> 0 | E162: =-VLOOKUP(A162,'pl-data'!A:F,5) -> 0 | F162: =-VLOOKUP(A162,'pl-data'!A:F,6) -> 0 | G162: =-VLOOKUP(A162,'pl-data'!A:G,7) -> 0 | H162: =-VLOOKUP(A162,'pl-data'!A:V,22) -> 0 | I162: =+U162+P162-O162 -> 0 | J162: =-VLOOKUP(A162,'pl-data'!A:BR,66) -> 0 | K162: =-VLOOKUP(A162,'pl-data'!A:BR,68) -> 0 | L162: =-VLOOKUP(A162,'pl-data'!A:BR,70) -> 0 | N162: =-VLOOKUP(A162,'pl-data'!A:BR,21) -> 0 | O162: =-VLOOKUP(A162,'pl-data'!A:BR,51) -> 0 | P162: =-VLOOKUP(A162,'pl-data'!A:BR,36) -> 0 | Q162: =IFERROR(P162/O162-1,"n/a") -> n/a | R162: =IFERROR(P162/N162-1,"n/a") -> n/a | T162: =+H162 -> 0 | U162: =-VLOOKUP(A162,'pl-data'!A:BR,52) -> 0 | V162: =+I162 -> 0 | W162: =IFERROR(V162/U162-1,"n/a") -> n/a | X162: =IFERROR(V162/T162-1,"n/a") -> n/a
A163: 2318 | B163: =+masterfile!D683 -> 2318 Abgänge Finanzanlagen RBW z.T. stf.,BG | D163: =-VLOOKUP(A163,'pl-data'!A:F,4) -> 0 | E163: =-VLOOKUP(A163,'pl-data'!A:F,5) -> 0 | F163: =-VLOOKUP(A163,'pl-data'!A:F,6) -> 0 | G163: =-VLOOKUP(A163,'pl-data'!A:G,7) -> 0 | H163: =-VLOOKUP(A163,'pl-data'!A:V,22) -> 0 | I163: =+U163+P163-O163 -> 0 | J163: =-VLOOKUP(A163,'pl-data'!A:BR,66) -> 0 | K163: =-VLOOKUP(A163,'pl-data'!A:BR,68) -> 0 | L163: =-VLOOKUP(A163,'pl-data'!A:BR,70) -> 0 | N163: =-VLOOKUP(A163,'pl-data'!A:BR,21) -> 0 | O163: =-VLOOKUP(A163,'pl-data'!A:BR,51) -> 0 | P163: =-VLOOKUP(A163,'pl-data'!A:BR,36) -> 0 | Q163: =IFERROR(P163/O163-1,"n/a") -> n/a | R163: =IFERROR(P163/N163-1,"n/a") -> n/a | T163: =+H163 -> 0 | U163: =-VLOOKUP(A163,'pl-data'!A:BR,52) -> 0 | V163: =+I163 -> 0 | W163: =IFERROR(V163/U163-1,"n/a") -> n/a | X163: =IFERROR(V163/T163-1,"n/a") -> n/a
A164: 2720 | B164: =+masterfile!D794 -> 2720 Erträge aus Abgang von AV-Gegenständen | D164: =-VLOOKUP(A164,'pl-data'!A:F,4) -> 0 | E164: =-VLOOKUP(A164,'pl-data'!A:F,5) -> 0 | F164: =-VLOOKUP(A164,'pl-data'!A:F,6) -> 0 | G164: =-VLOOKUP(A164,'pl-data'!A:G,7) -> 0 | H164: =-VLOOKUP(A164,'pl-data'!A:V,22) -> 0 | I164: =+U164+P164-O164 -> 0 | J164: =-VLOOKUP(A164,'pl-data'!A:BR,66) -> 0 | K164: =-VLOOKUP(A164,'pl-data'!A:BR,68) -> 0 | L164: =-VLOOKUP(A164,'pl-data'!A:BR,70) -> 0 | N164: =-VLOOKUP(A164,'pl-data'!A:BR,21) -> 0 | O164: =-VLOOKUP(A164,'pl-data'!A:BR,51) -> 0 | P164: =-VLOOKUP(A164,'pl-data'!A:BR,36) -> 0 | Q164: =IFERROR(P164/O164-1,"n/a") -> n/a | R164: =IFERROR(P164/N164-1,"n/a") -> n/a | T164: =+H164 -> 0 | U164: =-VLOOKUP(A164,'pl-data'!A:BR,52) -> 0 | V164: =+I164 -> 0 | W164: =IFERROR(V164/U164-1,"n/a") -> n/a | X164: =IFERROR(V164/T164-1,"n/a") -> n/a
A165: 2723 | B165: =+masterfile!D795 -> 2723 Erträge Veräuß.Ant. KapGes z.T. stfrei | D165: =-VLOOKUP(A165,'pl-data'!A:F,4) -> 0 | E165: =-VLOOKUP(A165,'pl-data'!A:F,5) -> 0 | F165: =-VLOOKUP(A165,'pl-data'!A:F,6) -> 0 | G165: =-VLOOKUP(A165,'pl-data'!A:G,7) -> 0 | H165: =-VLOOKUP(A165,'pl-data'!A:V,22) -> 0 | I165: =+U165+P165-O165 -> 0 | J165: =-VLOOKUP(A165,'pl-data'!A:BR,66) -> 0 | K165: =-VLOOKUP(A165,'pl-data'!A:BR,68) -> 0 | L165: =-VLOOKUP(A165,'pl-data'!A:BR,70) -> 0 | N165: =-VLOOKUP(A165,'pl-data'!A:BR,21) -> 0 | O165: =-VLOOKUP(A165,'pl-data'!A:BR,51) -> 0 | P165: =-VLOOKUP(A165,'pl-data'!A:BR,36) -> 0 | Q165: =IFERROR(P165/O165-1,"n/a") -> n/a | R165: =IFERROR(P165/N165-1,"n/a") -> n/a | T165: =+H165 -> 0 | U165: =-VLOOKUP(A165,'pl-data'!A:BR,52) -> 0 | V165: =+I165 -> 0 | W165: =IFERROR(V165/U165-1,"n/a") -> n/a | X165: =IFERROR(V165/T165-1,"n/a") -> n/a
A166: 2725 | B166: =+masterfile!D796 -> 2725 Erträge aus Abgang von UV-Gegenständen | D166: =-VLOOKUP(A166,'pl-data'!A:F,4) -> 0 | E166: =-VLOOKUP(A166,'pl-data'!A:F,5) -> 0 | F166: =-VLOOKUP(A166,'pl-data'!A:F,6) -> 0 | G166: =-VLOOKUP(A166,'pl-data'!A:G,7) -> 0 | H166: =-VLOOKUP(A166,'pl-data'!A:V,22) -> 0 | I166: =+U166+P166-O166 -> 0 | J166: =-VLOOKUP(A166,'pl-data'!A:BR,66) -> 0 | K166: =-VLOOKUP(A166,'pl-data'!A:BR,68) -> 0 | L166: =-VLOOKUP(A166,'pl-data'!A:BR,70) -> 0 | N166: =-VLOOKUP(A166,'pl-data'!A:BR,21) -> 0 | O166: =-VLOOKUP(A166,'pl-data'!A:BR,51) -> 0 | P166: =-VLOOKUP(A166,'pl-data'!A:BR,36) -> 0 | Q166: =IFERROR(P166/O166-1,"n/a") -> n/a | R166: =IFERROR(P166/N166-1,"n/a") -> n/a | T166: =+H166 -> 0 | U166: =-VLOOKUP(A166,'pl-data'!A:BR,52) -> 0 | V166: =+I166 -> 0 | W166: =IFERROR(V166/U166-1,"n/a") -> n/a | X166: =IFERROR(V166/T166-1,"n/a") -> n/a
A167: 2726 | B167: =+masterfile!D797 -> 2726 Erträge aus Abgang UV z.T. steuerfrei | D167: =-VLOOKUP(A167,'pl-data'!A:F,4) -> 0 | E167: =-VLOOKUP(A167,'pl-data'!A:F,5) -> 0 | F167: =-VLOOKUP(A167,'pl-data'!A:F,6) -> 0 | G167: =-VLOOKUP(A167,'pl-data'!A:G,7) -> 0 | H167: =-VLOOKUP(A167,'pl-data'!A:V,22) -> 0 | I167: =+U167+P167-O167 -> 0 | J167: =-VLOOKUP(A167,'pl-data'!A:BR,66) -> 0 | K167: =-VLOOKUP(A167,'pl-data'!A:BR,68) -> 0 | L167: =-VLOOKUP(A167,'pl-data'!A:BR,70) -> 0 | N167: =-VLOOKUP(A167,'pl-data'!A:BR,21) -> 0 | O167: =-VLOOKUP(A167,'pl-data'!A:BR,51) -> 0 | P167: =-VLOOKUP(A167,'pl-data'!A:BR,36) -> 0 | Q167: =IFERROR(P167/O167-1,"n/a") -> n/a | R167: =IFERROR(P167/N167-1,"n/a") -> n/a | T167: =+H167 -> 0 | U167: =-VLOOKUP(A167,'pl-data'!A:BR,52) -> 0 | V167: =+I167 -> 0 | W167: =IFERROR(V167/U167-1,"n/a") -> n/a | X167: =IFERROR(V167/T167-1,"n/a") -> n/a
A168: 2762 | B168: =+masterfile!D820 -> 2762 Kostenerstatt.,Rückvergütg. früh. Jahre | D168: =-VLOOKUP(A168,'pl-data'!A:F,4) -> 0 | E168: =-VLOOKUP(A168,'pl-data'!A:F,5) -> 0 | F168: =-VLOOKUP(A168,'pl-data'!A:F,6) -> 0 | G168: =-VLOOKUP(A168,'pl-data'!A:G,7) -> 0 | H168: =-VLOOKUP(A168,'pl-data'!A:V,22) -> 0 | I168: =+U168+P168-O168 -> 0 | J168: =-VLOOKUP(A168,'pl-data'!A:BR,66) -> 0 | K168: =-VLOOKUP(A168,'pl-data'!A:BR,68) -> 0 | L168: =-VLOOKUP(A168,'pl-data'!A:BR,70) -> 0 | N168: =-VLOOKUP(A168,'pl-data'!A:BR,21) -> 0 | O168: =-VLOOKUP(A168,'pl-data'!A:BR,51) -> 0 | P168: =-VLOOKUP(A168,'pl-data'!A:BR,36) -> 0 | Q168: =IFERROR(P168/O168-1,"n/a") -> n/a | R168: =IFERROR(P168/N168-1,"n/a") -> n/a | T168: =+H168 -> 0 | U168: =-VLOOKUP(A168,'pl-data'!A:BR,52) -> 0 | V168: =+I168 -> 0 | W168: =IFERROR(V168/U168-1,"n/a") -> n/a | X168: =IFERROR(V168/T168-1,"n/a") -> n/a
A169: 8820 | B169: =+masterfile!D1346 -> 8820 Erlöse Sachanlageverkäufe 19% USt, BG | D169: =-VLOOKUP(A169,'pl-data'!A:F,4) -> 0 | E169: =-VLOOKUP(A169,'pl-data'!A:F,5) -> 0 | F169: =-VLOOKUP(A169,'pl-data'!A:F,6) -> 0 | G169: =-VLOOKUP(A169,'pl-data'!A:G,7) -> 0 | H169: =-VLOOKUP(A169,'pl-data'!A:V,22) -> 0 | I169: =+U169+P169-O169 -> 0 | J169: =-VLOOKUP(A169,'pl-data'!A:BR,66) -> 0 | K169: =-VLOOKUP(A169,'pl-data'!A:BR,68) -> 0 | L169: =-VLOOKUP(A169,'pl-data'!A:BR,70) -> 0 | N169: =-VLOOKUP(A169,'pl-data'!A:BR,21) -> 0 | O169: =-VLOOKUP(A169,'pl-data'!A:BR,51) -> 0 | P169: =-VLOOKUP(A169,'pl-data'!A:BR,36) -> 0 | Q169: =IFERROR(P169/O169-1,"n/a") -> n/a | R169: =IFERROR(P169/N169-1,"n/a") -> n/a | T169: =+H169 -> 0 | U169: =-VLOOKUP(A169,'pl-data'!A:BR,52) -> 0 | V169: =+I169 -> 0 | W169: =IFERROR(V169/U169-1,"n/a") -> n/a | X169: =IFERROR(V169/T169-1,"n/a") -> n/a
...

Sheet PL-tc-m
A2: GuV | B2: GuV | D2: PY | E2: B | F2: A | G2: Budget | H2: VJ | J2: PY | K2: B | L2: A | M2: Budget | N2: VJ | P2: PY | Q2: B | R2: A | S2: Budget | T2: VJ | V2: PY | W2: B | X2: A | Y2: Budget | Z2: VJ | AB2: PY | AC2: B | AD2: A | AE2: Budget | AF2: VJ | AH2: PY | AI2: B | AJ2: A | AK2: Budget | AL2: VJ | AN2: PY | AO2: B | AP2: A | AQ2: Budget | AR2: VJ | AT2: PY | AU2: B | AV2: A | AW2: Budget | AX2: VJ | AZ2: PY | BA2: B | BB2: A | BC2: Budget | BD2: VJ | BF2: PY | BG2: B | BH2: A | BI2: Budget | BJ2: VJ | BL2: PY | BM2: B | BN2: A | BO2: Budget | BP2: VJ | BR2: PY | BS2: B | BT2: A | BU2: Budget | BV2: VJ | BX2: PY | BY2: B | BZ2: A | CA2: Budget | CB2: VJ | CD2: Check
A3: in TEUR | B3: in TEUR | D3: 1 | E3: 1 | F3: 1 | G3: Δ % | H3: Δ % | J3: 2 | K3: 2 | L3: 2 | M3: Δ % | N3: Δ % | P3: 3 | Q3: 3 | R3: 3 | S3: Δ % | T3: Δ % | V3: 4 | W3: 4 | X3: 4 | Y3: Δ % | Z3: Δ % | AB3: 5 | AC3: 5 | AD3: 5 | AE3: Δ % | AF3: Δ % | AH3: 6 | AI3: 6 | AJ3: 6 | AK3: Δ % | AL3: Δ % | AN3: 7 | AO3: 7 | AP3: 7 | AQ3: Δ % | AR3: Δ % | AT3: 8 | AU3: 8 | AV3: 8 | AW3: Δ % | AX3: Δ % | AZ3: 9 | BA3: 9 | BB3: 9 | BC3: Δ % | BD3: Δ % | BF3: 10 | BG3: 10 | BH3: 10 | BI3: Δ % | BJ3: Δ % | BL3: 11 | BM3: 11 | BN3: 11 | BO3: Δ % | BP3: Δ % | BR3: 12 | BS3: 12 | BT3: 12 | BU3: Δ % | BV3: Δ % | CA3: Δ % | CB3: Δ %
A5: 1. Umsatzerlöse | B5: 1. Umsatzerlöse | D5: =+SUM(D6:D76)+D77 -> 866.31919 | E5: =+SUM(E6:E76)+E77 -> 892.30876 | F5: =+SUM(F6:F76)+F77 -> 896.64036 | G5: =IFERROR(F5/E5-1,"n/a") -> 0.0048543689 | H5: =IFERROR(F5/D5-1,"n/a") -> 0.035 | J5: =+SUM(J6:J76)+J77 -> 866.31919 | K5: =+SUM(K6:K76)+K77 -> 892.30876 | L5: =+SUM(L6:L76)+L77 -> 896.64036 | M5: =IFERROR(L5/K5-1,"n/a") -> 0.0048543689 | N5: =IFERROR(L5/J5-1,"n/a") -> 0.035 | P5: =+SUM(P6:P76)+P77 -> 866.31919 | Q5: =+SUM(Q6:Q76)+Q77 -> 892.30876 | R5: =+SUM(R6:R76)+R77 -> 896.64036 | S5: =IFERROR(R5/Q5-1,"n/a") -> 0.0048543689 | T5: =IFERROR(R5/P5-1,"n/a") -> 0.035 | V5: =+SUM(V6:V76)+V77 -> 866.31919 | W5: =+SUM(W6:W76)+W77 -> 892.30876 | X5: =+SUM(X6:X76)+X77 -> 896.64036 | Y5: =IFERROR(X5/W5-1,"n/a") -> 0.0048543689 | Z5: =IFERROR(X5/V5-1,"n/a") -> 0.035 | AB5: =+SUM(AB6:AB76)+AB77 -> 866.31919 | AC5: =+SUM(AC6:AC76)+AC77 -> 892.30876 | AD5: =+SUM(AD6:AD76)+AD77 -> 896.64036 | AE5: =IFERROR(AD5/AC5-1,"n/a") -> 0.0048543689 | AF5: =IFERROR(AD5/AB5-1,"n/a") -> 0.035 | AH5: =+SUM(AH6:AH76)+AH77 -> 866.31919 | AI5: =+SUM(AI6:AI76)+AI77 -> 892.30876 | AJ5: =+SUM(AJ6:AJ76)+AJ77 -> 896.64036 | AK5: =IFERROR(AJ5/AI5-1,"n/a") -> 0.0048543689 | AL5: =IFERROR(AJ5/AH5-1,"n/a") -> 0.035 | AN5: =+SUM(AN6:AN76)+AN77 -> 866.31919 | AO5: =+SUM(AO6:AO76)+AO77 -> 892.30876 | AP5: =+SUM(AP6:AP76)+AP77 -> 896.64036 | AQ5: =IFERROR(AP5/AO5-1,"n/a") -> 0.0048543689 | AR5: =IFERROR(AP5/AN5-1,"n/a") -> 0.035 | AT5: =+SUM(AT6:AT76)+AT77 -> 866.31919 | AU5: =+SUM(AU6:AU76)+AU77 -> 892.30876 | AV5: =+SUM(AV6:AV76)+AV77 -> 896.64036 | AW5: =IFERROR(AV5/AU5-1,"n/a") -> 0.0048543689 | AX5: =IFERROR(AV5/AT5-1,"n/a") -> 0.035 | AZ5: =+SUM(AZ6:AZ76)+AZ77 -> 866.31919 | BA5: =+SUM(BA6:BA76)+BA77 -> 892.30876 | BB5: =+SUM(BB6:BB76)+BB77 -> 896.64036 | BC5: =IFERROR(BB5/BA5-1,"n/a") -> 0.0048543689 | BD5: =IFERROR(BB5/AZ5-1,"n/a") -> 0.035 | BF5: =+SUM(BF6:BF76)+BF77 -> 866.31919 | BG5: =+SUM(BG6:BG76)+BG77 -> 892.30876 | BH5: =+SUM(BH6:BH76)+BH77 -> 896.64036 | BI5: =IFERROR(BH5/BG5-1,"n/a") -> 0.0048543689 | BJ5: =IFERROR(BH5/BF5-1,"n/a") -> 0.035 | BL5: =+SUM(BL6:BL76)+BL77 -> 866.31919 | BM5: =+SUM(BM6:BM76)+BM77 -> 892.30876 | BN5: =+SUM(BN6:BN76)+BN77 -> 896.64036 | BO5: =IFERROR(BN5/BM5-1,"n/a") -> 0.0048543689 | BP5: =IFERROR(BN5/BL5-1,"n/a") -> 0.035 | BR5: =+SUM(BR6:BR76)+BR77 -> 866.31919 | BS5: =+SUM(BS6:BS76)+BS77 -> 892.30876 | BT5: =+SUM(BT6:BT76)+BT77 -> 896.64036 | BU5: =IFERROR(BT5/BS5-1,"n/a") -> 0.0048543689 | BV5: =IFERROR(BT5/BR5-1,"n/a") -> 0.035 | BX5: =+BR5+BL5+BF5+AZ5+AT5+AN5+AH5+AB5+V5+P5+J5+D5 -> 10395.83 | BY5: =+BS5+BM5+BG5+BA5+AU5+AO5+AI5+AC5+W5+Q5+K5+E5 -> 10707.705 | BZ5: =+BT5+BN5+BH5+BB5+AV5+AP5+AJ5+AD5+X5+R5+L5+F5 -> 10759.684 | CA5: =IFERROR(BZ5/BY5-1,"n/a") -> 0.0048543689 | CB5: =IFERROR(BZ5/BX5-1,"n/a") -> 0.035 | CD5: =+ABS(BX5-'PL-tc'!N5+'PL-tc-m'!BY5-'PL-tc'!O5+'PL-tc-m'!BZ5-'PL-tc'!P5)<0.001 -> TRUE
A6: 8000 | B6: =+masterfile!D1211 -> 8000 Umsatzerlöse Allemein | D6: =-VLOOKUP($A6,'pl-data'!$A:$BR,8+D$3) -> 866.31919 | E6: =-VLOOKUP($A6,'pl-data'!$A:$BR,38+E$3) -> 892.30876 | F6: =-VLOOKUP($A6,'pl-data'!$A:$BR,23+F$3) -> 896.64036 | G6: =IFERROR(F6/E6-1,"n/a") -> 0.0048543689 | H6: =IFERROR(F6/D6-1,"n/a") -> 0.035 | J6: =-VLOOKUP($A6,'pl-data'!$A:$BR,8+J$3) -> 866.31919 | K6: =-VLOOKUP($A6,'pl-data'!$A:$BR,38+K$3) -> 892.30876 | L6: =-VLOOKUP($A6,'pl-data'!$A:$BR,23+L$3) -> 896.64036 | M6: =IFERROR(L6/K6-1,"n/a") -> 0.0048543689 | N6: =IFERROR(L6/J6-1,"n/a") -> 0.035 | P6: =-VLOOKUP($A6,'pl-data'!$A:$BR,8+P$3) -> 866.31919 | Q6: =-VLOOKUP($A6,'pl-data'!$A:$BR,38+Q$3) -> 892.30876 | R6: =-VLOOKUP($A6,'pl-data'!$A:$BR,23+R$3) -> 896.64036 | S6: =IFERROR(R6/Q6-1,"n/a") -> 0.0048543689 | T6: =IFERROR(R6/P6-1,"n/a") -> 0.035 | V6: =-VLOOKUP($A6,'pl-data'!$A:$BR,8+V$3) -> 866.31919 | W6: =-VLOOKUP($A6,'pl-data'!$A:$BR,38+W$3) -> 892.30876 | X6: =-VLOOKUP($A6,'pl-data'!$A:$BR,23+X$3) -> 896.64036 | Y6: =IFERROR(X6/W6-1,"n/a") -> 0.0048543689 | Z6: =IFERROR(X6/V6-1,"n/a") -> 0.035 | AB6: =-VLOOKUP($A6,'pl-data'!$A:$BR,8+AB$3) -> 866.31919 | AC6: =-VLOOKUP($A6,'pl-data'!$A:$BR,38+AC$3) -> 892.30876 | AD6: =-VLOOKUP($A6,'pl-data'!$A:$BR,23+AD$3) -> 896.64036 | AE6: =IFERROR(AD6/AC6-1,"n/a") -> 0.0048543689 | AF6: =IFERROR(AD6/AB6-1,"n/a") -> 0.035 | AH6: =-VLOOKUP($A6,'pl-data'!$A:$BR,8+AH$3) -> 866.31919 | AI6: =-VLOOKUP($A6,'pl-data'!$A:$BR,38+AI$3) -> 892.30876 | AJ6: =-VLOOKUP($A6,'pl-data'!$A:$BR,23+AJ$3) -> 896.64036 | AK6: =IFERROR(AJ6/AI6-1,"n/a") -> 0.0048543689 | AL6: =IFERROR(AJ6/AH6-1,"n/a") -> 0.035 | AN6: =-VLOOKUP($A6,'pl-data'!$A:$BR,8+AN$3) -> 866.31919 | AO6: =-VLOOKUP($A6,'pl-data'!$A:$BR,38+AO$3) -> 892.30876 | AP6: =-VLOOKUP($A6,'pl-data'!$A:$BR,23+AP$3) -> 896.64036 | AQ6: =IFERROR(AP6/AO6-1,"n/a") -> 0.0048543689 | AR6: =IFERROR(AP6/AN6-1,"n/a") -> 0.035 | AT6: =-VLOOKUP($A6,'pl-data'!$A:$BR,8+AT$3) -> 866.31919 | AU6: =-VLOOKUP($A6,'pl-data'!$A:$BR,38+AU$3) -> 892.30876 | AV6: =-VLOOKUP($A6,'pl-data'!$A:$BR,23+AV$3) -> 896.64036 | AW6: =IFERROR(AV6/AU6-1,"n/a") -> 0.0048543689 | AX6: =IFERROR(AV6/AT6-1,"n/a") -> 0.035 | AZ6: =-VLOOKUP($A6,'pl-data'!$A:$BR,8+AZ$3) -> 866.31919 | BA6: =-VLOOKUP($A6,'pl-data'!$A:$BR,38+BA$3) -> 892.30876 | BB6: =-VLOOKUP($A6,'pl-data'!$A:$BR,23+BB$3) -> 896.64036 | BC6: =IFERROR(BB6/BA6-1,"n/a") -> 0.0048543689 | BD6: =IFERROR(BB6/AZ6-1,"n/a") -> 0.035 | BF6: =-VLOOKUP($A6,'pl-data'!$A:$BR,8+BF$3) -> 866.31919 | BG6: =-VLOOKUP($A6,'pl-data'!$A:$BR,38+BG$3) -> 892.30876 | BH6: =-VLOOKUP($A6,'pl-data'!$A:$BR,23+BH$3) -> 896.64036 | BI6: =IFERROR(BH6/BG6-1,"n/a") -> 0.0048543689 | BJ6: =IFERROR(BH6/BF6-1,"n/a") -> 0.035 | BL6: =-VLOOKUP($A6,'pl-data'!$A:$BR,8+BL$3) -> 866.31919 | BM6: =-VLOOKUP($A6,'pl-data'!$A:$BR,38+BM$3) -> 892.30876 | BN6: =-VLOOKUP($A6,'pl-data'!$A:$BR,23+BN$3) -> 896.64036 | BO6: =IFERROR(BN6/BM6-1,"n/a") -> 0.0048543689 | BP6: =IFERROR(BN6/BL6-1,"n/a") -> 0.035 | BR6: =-VLOOKUP($A6,'pl-data'!$A:$BR,8+BR$3) -> 866.31919 | BS6: =-VLOOKUP($A6,'pl-data'!$A:$BR,38+BS$3) -> 892.30876 | BT6: =-VLOOKUP($A6,'pl-data'!$A:$BR,23+BT$3) -> 896.64036 | BU6: =IFERROR(BT6/BS6-1,"n/a") -> 0.0048543689 | BV6: =IFERROR(BT6/BR6-1,"n/a") -> 0.035 | BX6: =+BR6+BL6+BF6+AZ6+AT6+AN6+AH6+AB6+V6+P6+J6+D6 -> 10395.83 | BY6: =+BS6+BM6+BG6+BA6+AU6+AO6+AI6+AC6+W6+Q6+K6+E6 -> 10707.705 | BZ6: =+BT6+BN6+BH6+BB6+AV6+AP6+AJ6+AD6+X6+R6+L6+F6 -> 10759.684 | CA6: =IFERROR(BZ6/BY6-1,"n/a") -> 0.0048543689 | CB6: =IFERROR(BZ6/BX6-1,"n/a") -> 0.035
A7: 8001 | B7: =+masterfile!D1212 -> 8001 Umsatzerlöse Software | D7: =-VLOOKUP($A7,'pl-data'!$A:$BR,8+D$3) -> 0 | E7: =-VLOOKUP($A7,'pl-data'!$A:$BR,38+E$3) -> 0 | F7: =-VLOOKUP($A7,'pl-data'!$A:$BR,23+F$3) -> 0 | G7: =IFERROR(F7/E7-1,"n/a") -> n/a | H7: =IFERROR(F7/D7-1,"n/a") -> n/a | J7: =-VLOOKUP($A7,'pl-data'!$A:$BR,8+J$3) -> 0 | K7: =-VLOOKUP($A7,'pl-data'!$A:$BR,38+K$3) -> 0 | L7: =-VLOOKUP($A7,'pl-data'!$A:$BR,23+L$3) -> 0 | M7: =IFERROR(L7/K7-1,"n/a") -> n/a | N7: =IFERROR(L7/J7-1,"n/a") -> n/a | P7: =-VLOOKUP($A7,'pl-data'!$A:$BR,8+P$3) -> 0 | Q7: =-VLOOKUP($A7,'pl-data'!$A:$BR,38+Q$3) -> 0 | R7: =-VLOOKUP($A7,'pl-data'!$A:$BR,23+R$3) -> 0 | S7: =IFERROR(R7/Q7-1,"n/a") -> n/a | T7: =IFERROR(R7/P7-1,"n/a") -> n/a | V7: =-VLOOKUP($A7,'pl-data'!$A:$BR,8+V$3) -> 0 | W7: =-VLOOKUP($A7,'pl-data'!$A:$BR,38+W$3) -> 0 | X7: =-VLOOKUP($A7,'pl-data'!$A:$BR,23+X$3) -> 0 | Y7: =IFERROR(X7/W7-1,"n/a") -> n/a | Z7: =IFERROR(X7/V7-1,"n/a") -> n/a | AB7: =-VLOOKUP($A7,'pl-data'!$A:$BR,8+AB$3) -> 0 | AC7: =-VLOOKUP($A7,'pl-data'!$A:$BR,38+AC$3) -> 0 | AD7: =-VLOOKUP($A7,'pl-data'!$A:$BR,23+AD$3) -> 0 | AE7: =IFERROR(AD7/AC7-1,"n/a") -> n/a | AF7: =IFERROR(AD7/AB7-1,"n/a") -> n/a | AH7: =-VLOOKUP($A7,'pl-data'!$A:$BR,8+AH$3) -> 0 | AI7: =-VLOOKUP($A7,'pl-data'!$A:$BR,38+AI$3) -> 0 | AJ7: =-VLOOKUP($A7,'pl-data'!$A:$BR,23+AJ$3) -> 0 | AK7: =IFERROR(AJ7/AI7-1,"n/a") -> n/a | AL7: =IFERROR(AJ7/AH7-1,"n/a") -> n/a | AN7: =-VLOOKUP($A7,'pl-data'!$A:$BR,8+AN$3) -> 0 | AO7: =-VLOOKUP($A7,'pl-data'!$A:$BR,38+AO$3) -> 0 | AP7: =-VLOOKUP($A7,'pl-data'!$A:$BR,23+AP$3) -> 0 | AQ7: =IFERROR(AP7/AO7-1,"n/a") -> n/a | AR7: =IFERROR(AP7/AN7-1,"n/a") -> n/a | AT7: =-VLOOKUP($A7,'pl-data'!$A:$BR,8+AT$3) -> 0 | AU7: =-VLOOKUP($A7,'pl-data'!$A:$BR,38+AU$3) -> 0 | AV7: =-VLOOKUP($A7,'pl-data'!$A:$BR,23+AV$3) -> 0 | AW7: =IFERROR(AV7/AU7-1,"n/a") -> n/a | AX7: =IFERROR(AV7/AT7-1,"n/a") -> n/a | AZ7: =-VLOOKUP($A7,'pl-data'!$A:$BR,8+AZ$3) -> 0 | BA7: =-VLOOKUP($A7,'pl-data'!$A:$BR,38+BA$3) -> 0 | BB7: =-VLOOKUP($A7,'pl-data'!$A:$BR,23+BB$3) -> 0 | BC7: =IFERROR(BB7/BA7-1,"n/a") -> n/a | BD7: =IFERROR(BB7/AZ7-1,"n/a") -> n/a | BF7: =-VLOOKUP($A7,'pl-data'!$A:$BR,8+BF$3) -> 0 | BG7: =-VLOOKUP($A7,'pl-data'!$A:$BR,38+BG$3) -> 0 | BH7: =-VLOOKUP($A7,'pl-data'!$A:$BR,23+BH$3) -> 0 | BI7: =IFERROR(BH7/BG7-1,"n/a") -> n/a | BJ7: =IFERROR(BH7/BF7-1,"n/a") -> n/a | BL7: =-VLOOKUP($A7,'pl-data'!$A:$BR,8+BL$3) -> 0 | BM7: =-VLOOKUP($A7,'pl-data'!$A:$BR,38+BM$3) -> 0 | BN7: =-VLOOKUP($A7,'pl-data'!$A:$BR,23+BN$3) -> 0 | BO7: =IFERROR(BN7/BM7-1,"n/a") -> n/a | BP7: =IFERROR(BN7/BL7-1,"n/a") -> n/a | BR7: =-VLOOKUP($A7,'pl-data'!$A:$BR,8+BR$3) -> 0 | BS7: =-VLOOKUP($A7,'pl-data'!$A:$BR,38+BS$3) -> 0 | BT7: =-VLOOKUP($A7,'pl-data'!$A:$BR,23+BT$3) -> 0 | BU7: =IFERROR(BT7/BS7-1,"n/a") -> n/a | BV7: =IFERROR(BT7/BR7-1,"n/a") -> n/a | BX7: =+BR7+BL7+BF7+AZ7+AT7+AN7+AH7+AB7+V7+P7+J7+D7 -> 0 | BY7: =+BS7+BM7+BG7+BA7+AU7+AO7+AI7+AC7+W7+Q7+K7+E7 -> 0 | BZ7: =+BT7+BN7+BH7+BB7+AV7+AP7+AJ7+AD7+X7+R7+L7+F7 -> 0 | CA7: =IFERROR(BZ7/BY7-1,"n/a") -> n/a | CB7: =IFERROR(BZ7/BX7-1,"n/a") -> n/a
A8: 8002 | B8: =+masterfile!D1213 -> 8002 Umsatzerlöse Customization | D8: =-VLOOKUP($A8,'pl-data'!$A:$BR,8+D$3) -> 0 | E8: =-VLOOKUP($A8,'pl-data'!$A:$BR,38+E$3) -> 0 | F8: =-VLOOKUP($A8,'pl-data'!$A:$BR,23+F$3) -> 0 | G8: =IFERROR(F8/E8-1,"n/a") -> n/a | H8: =IFERROR(F8/D8-1,"n/a") -> n/a | J8: =-VLOOKUP($A8,'pl-data'!$A:$BR,8+J$3) -> 0 | K8: =-VLOOKUP($A8,'pl-data'!$A:$BR,38+K$3) -> 0 | L8: =-VLOOKUP($A8,'pl-data'!$A:$BR,23+L$3) -> 0 | M8: =IFERROR(L8/K8-1,"n/a") -> n/a | N8: =IFERROR(L8/J8-1,"n/a") -> n/a | P8: =-VLOOKUP($A8,'pl-data'!$A:$BR,8+P$3) -> 0 | Q8: =-VLOOKUP($A8,'pl-data'!$A:$BR,38+Q$3) -> 0 | R8: =-VLOOKUP($A8,'pl-data'!$A:$BR,23+R$3) -> 0 | S8: =IFERROR(R8/Q8-1,"n/a") -> n/a | T8: =IFERROR(R8/P8-1,"n/a") -> n/a | V8: =-VLOOKUP($A8,'pl-data'!$A:$BR,8+V$3) -> 0 | W8: =-VLOOKUP($A8,'pl-data'!$A:$BR,38+W$3) -> 0 | X8: =-VLOOKUP($A8,'pl-data'!$A:$BR,23+X$3) -> 0 | Y8: =IFERROR(X8/W8-1,"n/a") -> n/a | Z8: =IFERROR(X8/V8-1,"n/a") -> n/a | AB8: =-VLOOKUP($A8,'pl-data'!$A:$BR,8+AB$3) -> 0 | AC8: =-VLOOKUP($A8,'pl-data'!$A:$BR,38+AC$3) -> 0 | AD8: =-VLOOKUP($A8,'pl-data'!$A:$BR,23+AD$3) -> 0 | AE8: =IFERROR(AD8/AC8-1,"n/a") -> n/a | AF8: =IFERROR(AD8/AB8-1,"n/a") -> n/a | AH8: =-VLOOKUP($A8,'pl-data'!$A:$BR,8+AH$3) -> 0 | AI8: =-VLOOKUP($A8,'pl-data'!$A:$BR,38+AI$3) -> 0 | AJ8: =-VLOOKUP($A8,'pl-data'!$A:$BR,23+AJ$3) -> 0 | AK8: =IFERROR(AJ8/AI8-1,"n/a") -> n/a | AL8: =IFERROR(AJ8/AH8-1,"n/a") -> n/a | AN8: =-VLOOKUP($A8,'pl-data'!$A:$BR,8+AN$3) -> 0 | AO8: =-VLOOKUP($A8,'pl-data'!$A:$BR,38+AO$3) -> 0 | AP8: =-VLOOKUP($A8,'pl-data'!$A:$BR,23+AP$3) -> 0 | AQ8: =IFERROR(AP8/AO8-1,"n/a") -> n/a | AR8: =IFERROR(AP8/AN8-1,"n/a") -> n/a | AT8: =-VLOOKUP($A8,'pl-data'!$A:$BR,8+AT$3) -> 0 | AU8: =-VLOOKUP($A8,'pl-data'!$A:$BR,38+AU$3) -> 0 | AV8: =-VLOOKUP($A8,'pl-data'!$A:$BR,23+AV$3) -> 0 | AW8: =IFERROR(AV8/AU8-1,"n/a") -> n/a | AX8: =IFERROR(AV8/AT8-1,"n/a") -> n/a | AZ8: =-VLOOKUP($A8,'pl-data'!$A:$BR,8+AZ$3) -> 0 | BA8: =-VLOOKUP($A8,'pl-data'!$A:$BR,38+BA$3) -> 0 | BB8: =-VLOOKUP($A8,'pl-data'!$A:$BR,23+BB$3) -> 0 | BC8: =IFERROR(BB8/BA8-1,"n/a") -> n/a | BD8: =IFERROR(BB8/AZ8-1,"n/a") -> n/a | BF8: =-VLOOKUP($A8,'pl-data'!$A:$BR,8+BF$3) -> 0 | BG8: =-VLOOKUP($A8,'pl-data'!$A:$BR,38+BG$3) -> 0 | BH8: =-VLOOKUP($A8,'pl-data'!$A:$BR,23+BH$3) -> 0 | BI8: =IFERROR(BH8/BG8-1,"n/a") -> n/a | BJ8: =IFERROR(BH8/BF8-1,"n/a") -> n/a | BL8: =-VLOOKUP($A8,'pl-data'!$A:$BR,8+BL$3) -> 0 | BM8: =-VLOOKUP($A8,'pl-data'!$A:$BR,38+BM$3) -> 0 | BN8: =-VLOOKUP($A8,'pl-data'!$A:$BR,23+BN$3) -> 0 | BO8: =IFERROR(BN8/BM8-1,"n/a") -> n/a | BP8: =IFERROR(BN8/BL8-1,"n/a") -> n/a | BR8: =-VLOOKUP($A8,'pl-data'!$A:$BR,8+BR$3) -> 0 | BS8: =-VLOOKUP($A8,'pl-data'!$A:$BR,38+BS$3) -> 0 | BT8: =-VLOOKUP($A8,'pl-data'!$A:$BR,23+BT$3) -> 0 | BU8: =IFERROR(BT8/BS8-1,"n/a") -> n/a | BV8: =IFERROR(BT8/BR8-1,"n/a") -> n/a | BX8: =+BR8+BL8+BF8+AZ8+AT8+AN8+AH8+AB8+V8+P8+J8+D8 -> 0 | BY8: =+BS8+BM8+BG8+BA8+AU8+AO8+AI8+AC8+W8+Q8+K8+E8 -> 0 | BZ8: =+BT8+BN8+BH8+BB8+AV8+AP8+AJ8+AD8+X8+R8+L8+F8 -> 0 | CA8: =IFERROR(BZ8/BY8-1,"n/a") -> n/a | CB8: =IFERROR(BZ8/BX8-1,"n/a") -> n/a
A9: 8003 | B9: =+masterfile!D1214 -> 8003 Umsatzerlöse Schulung, Wartung & Support | D9: =-VLOOKUP($A9,'pl-data'!$A:$BR,8+D$3) -> 0 | E9: =-VLOOKUP($A9,'pl-data'!$A:$BR,38+E$3) -> 0 | F9: =-VLOOKUP($A9,'pl-data'!$A:$BR,23+F$3) -> 0 | G9: =IFERROR(F9/E9-1,"n/a") -> n/a | H9: =IFERROR(F9/D9-1,"n/a") -> n/a | J9: =-VLOOKUP($A9,'pl-data'!$A:$BR,8+J$3) -> 0 | K9: =-VLOOKUP($A9,'pl-data'!$A:$BR,38+K$3) -> 0 | L9: =-VLOOKUP($A9,'pl-data'!$A:$BR,23+L$3) -> 0 | M9: =IFERROR(L9/K9-1,"n/a") -> n/a | N9: =IFERROR(L9/J9-1,"n/a") -> n/a | P9: =-VLOOKUP($A9,'pl-data'!$A:$BR,8+P$3) -> 0 | Q9: =-VLOOKUP($A9,'pl-data'!$A:$BR,38+Q$3) -> 0 | R9: =-VLOOKUP($A9,'pl-data'!$A:$BR,23+R$3) -> 0 | S9: =IFERROR(R9/Q9-1,"n/a") -> n/a | T9: =IFERROR(R9/P9-1,"n/a") -> n/a | V9: =-VLOOKUP($A9,'pl-data'!$A:$BR,8+V$3) -> 0 | W9: =-VLOOKUP($A9,'pl-data'!$A:$BR,38+W$3) -> 0 | X9: =-VLOOKUP($A9,'pl-data'!$A:$BR,23+X$3) -> 0 | Y9: =IFERROR(X9/W9-1,"n/a") -> n/a | Z9: =IFERROR(X9/V9-1,"n/a") -> n/a | AB9: =-VLOOKUP($A9,'pl-data'!$A:$BR,8+AB$3) -> 0 | AC9: =-VLOOKUP($A9,'pl-data'!$A:$BR,38+AC$3) -> 0 | AD9: =-VLOOKUP($A9,'pl-data'!$A:$BR,23+AD$3) -> 0 | AE9: =IFERROR(AD9/AC9-1,"n/a") -> n/a | AF9: =IFERROR(AD9/AB9-1,"n/a") -> n/a | AH9: =-VLOOKUP($A9,'pl-data'!$A:$BR,8+AH$3) -> 0 | AI9: =-VLOOKUP($A9,'pl-data'!$A:$BR,38+AI$3) -> 0 | AJ9: =-VLOOKUP($A9,'pl-data'!$A:$BR,23+AJ$3) -> 0 | AK9: =IFERROR(AJ9/AI9-1,"n/a") -> n/a | AL9: =IFERROR(AJ9/AH9-1,"n/a") -> n/a | AN9: =-VLOOKUP($A9,'pl-data'!$A:$BR,8+AN$3) -> 0 | AO9: =-VLOOKUP($A9,'pl-data'!$A:$BR,38+AO$3) -> 0 | AP9: =-VLOOKUP($A9,'pl-data'!$A:$BR,23+AP$3) -> 0 | AQ9: =IFERROR(AP9/AO9-1,"n/a") -> n/a | AR9: =IFERROR(AP9/AN9-1,"n/a") -> n/a | AT9: =-VLOOKUP($A9,'pl-data'!$A:$BR,8+AT$3) -> 0 | AU9: =-VLOOKUP($A9,'pl-data'!$A:$BR,38+AU$3) -> 0 | AV9: =-VLOOKUP($A9,'pl-data'!$A:$BR,23+AV$3) -> 0 | AW9: =IFERROR(AV9/AU9-1,"n/a") -> n/a | AX9: =IFERROR(AV9/AT9-1,"n/a") -> n/a | AZ9: =-VLOOKUP($A9,'pl-data'!$A:$BR,8+AZ$3) -> 0 | BA9: =-VLOOKUP($A9,'pl-data'!$A:$BR,38+BA$3) -> 0 | BB9: =-VLOOKUP($A9,'pl-data'!$A:$BR,23+BB$3) -> 0 | BC9: =IFERROR(BB9/BA9-1,"n/a") -> n/a | BD9: =IFERROR(BB9/AZ9-1,"n/a") -> n/a | BF9: =-VLOOKUP($A9,'pl-data'!$A:$BR,8+BF$3) -> 0 | BG9: =-VLOOKUP($A9,'pl-data'!$A:$BR,38+BG$3) -> 0 | BH9: =-VLOOKUP($A9,'pl-data'!$A:$BR,23+BH$3) -> 0 | BI9: =IFERROR(BH9/BG9-1,"n/a") -> n/a | BJ9: =IFERROR(BH9/BF9-1,"n/a") -> n/a | BL9: =-VLOOKUP($A9,'pl-data'!$A:$BR,8+BL$3) -> 0 | BM9: =-VLOOKUP($A9,'pl-data'!$A:$BR,38+BM$3) -> 0 | BN9: =-VLOOKUP($A9,'pl-data'!$A:$BR,23+BN$3) -> 0 | BO9: =IFERROR(BN9/BM9-1,"n/a") -> n/a | BP9: =IFERROR(BN9/BL9-1,"n/a") -> n/a | BR9: =-VLOOKUP($A9,'pl-data'!$A:$BR,8+BR$3) -> 0 | BS9: =-VLOOKUP($A9,'pl-data'!$A:$BR,38+BS$3) -> 0 | BT9: =-VLOOKUP($A9,'pl-data'!$A:$BR,23+BT$3) -> 0 | BU9: =IFERROR(BT9/BS9-1,"n/a") -> n/a | BV9: =IFERROR(BT9/BR9-1,"n/a") -> n/a | BX9: =+BR9+BL9+BF9+AZ9+AT9+AN9+AH9+AB9+V9+P9+J9+D9 -> 0 | BY9: =+BS9+BM9+BG9+BA9+AU9+AO9+AI9+AC9+W9+Q9+K9+E9 -> 0 | BZ9: =+BT9+BN9+BH9+BB9+AV9+AP9+AJ9+AD9+X9+R9+L9+F9 -> 0 | CA9: =IFERROR(BZ9/BY9-1,"n/a") -> n/a | CB9: =IFERROR(BZ9/BX9-1,"n/a") -> n/a
A10: 8004 | B10: =+masterfile!D1215 -> 8004 Umsatzerlöse Hardware | D10: =-VLOOKUP($A10,'pl-data'!$A:$BR,8+D$3) -> 0 | E10: =-VLOOKUP($A10,'pl-data'!$A:$BR,38+E$3) -> 0 | F10: =-VLOOKUP($A10,'pl-data'!$A:$BR,23+F$3) -> 0 | G10: =IFERROR(F10/E10-1,"n/a") -> n/a | H10: =IFERROR(F10/D10-1,"n/a") -> n/a | J10: =-VLOOKUP($A10,'pl-data'!$A:$BR,8+J$3) -> 0 | K10: =-VLOOKUP($A10,'pl-data'!$A:$BR,38+K$3) -> 0 | L10: =-VLOOKUP($A10,'pl-data'!$A:$BR,23+L$3) -> 0 | M10: =IFERROR(L10/K10-1,"n/a") -> n/a | N10: =IFERROR(L10/J10-1,"n/a") -> n/a | P10: =-VLOOKUP($A10,'pl-data'!$A:$BR,8+P$3) -> 0 | Q10: =-VLOOKUP($A10,'pl-data'!$A:$BR,38+Q$3) -> 0 | R10: =-VLOOKUP($A10,'pl-data'!$A:$BR,23+R$3) -> 0 | S10: =IFERROR(R10/Q10-1,"n/a") -> n/a | T10: =IFERROR(R10/P10-1,"n/a") -> n/a | V10: =-VLOOKUP($A10,'pl-data'!$A:$BR,8+V$3) -> 0 | W10: =-VLOOKUP($A10,'pl-data'!$A:$BR,38+W$3) -> 0 | X10: =-VLOOKUP($A10,'pl-data'!$A:$BR,23+X$3) -> 0 | Y10: =IFERROR(X10/W10-1,"n/a") -> n/a | Z10: =IFERROR(X10/V10-1,"n/a") -> n/a | AB10: =-VLOOKUP($A10,'pl-data'!$A:$BR,8+AB$3) -> 0 | AC10: =-VLOOKUP($A10,'pl-data'!$A:$BR,38+AC$3) -> 0 | AD10: =-VLOOKUP($A10,'pl-data'!$A:$BR,23+AD$3) -> 0 | AE10: =IFERROR(AD10/AC10-1,"n/a") -> n/a | AF10: =IFERROR(AD10/AB10-1,"n/a") -> n/a | AH10: =-VLOOKUP($A10,'pl-data'!$A:$BR,8+AH$3) -> 0 | AI10: =-VLOOKUP($A10,'pl-data'!$A:$BR,38+AI$3) -> 0 | AJ10: =-VLOOKUP($A10,'pl-data'!$A:$BR,23+AJ$3) -> 0 | AK10: =IFERROR(AJ10/AI10-1,"n/a") -> n/a | AL10: =IFERROR(AJ10/AH10-1,"n/a") -> n/a | AN10: =-VLOOKUP($A10,'pl-data'!$A:$BR,8+AN$3) -> 0 | AO10: =-VLOOKUP($A10,'pl-data'!$A:$BR,38+AO$3) -> 0 | AP10: =-VLOOKUP($A10,'pl-data'!$A:$BR,23+AP$3) -> 0 | AQ10: =IFERROR(AP10/AO10-1,"n/a") -> n/a | AR10: =IFERROR(AP10/AN10-1,"n/a") -> n/a | AT10: =-VLOOKUP($A10,'pl-data'!$A:$BR,8+AT$3) -> 0 | AU10: =-VLOOKUP($A10,'pl-data'!$A:$BR,38+AU$3) -> 0 | AV10: =-VLOOKUP($A10,'pl-data'!$A:$BR,23+AV$3) -> 0 | AW10: =IFERROR(AV10/AU10-1,"n/a") -> n/a | AX10: =IFERROR(AV10/AT10-1,"n/a") -> n/a | AZ10: =-VLOOKUP($A10,'pl-data'!$A:$BR,8+AZ$3) -> 0 | BA10: =-VLOOKUP($A10,'pl-data'!$A:$BR,38+BA$3) -> 0 | BB10: =-VLOOKUP($A10,'pl-data'!$A:$BR,23+BB$3) -> 0 | BC10: =IFERROR(BB10/BA10-1,"n/a") -> n/a | BD10: =IFERROR(BB10/AZ10-1,"n/a") -> n/a | BF10: =-VLOOKUP($A10,'pl-data'!$A:$BR,8+BF$3) -> 0 | BG10: =-VLOOKUP($A10,'pl-data'!$A:$BR,38+BG$3) -> 0 | BH10: =-VLOOKUP($A10,'pl-data'!$A:$BR,23+BH$3) -> 0 | BI10: =IFERROR(BH10/BG10-1,"n/a") -> n/a | BJ10: =IFERROR(BH10/BF10-1,"n/a") -> n/a | BL10: =-VLOOKUP($A10,'pl-data'!$A:$BR,8+BL$3) -> 0 | BM10: =-VLOOKUP($A10,'pl-data'!$A:$BR,38+BM$3) -> 0 | BN10: =-VLOOKUP($A10,'pl-data'!$A:$BR,23+BN$3) -> 0 | BO10: =IFERROR(BN10/BM10-1,"n/a") -> n/a | BP10: =IFERROR(BN10/BL10-1,"n/a") -> n/a | BR10: =-VLOOKUP($A10,'pl-data'!$A:$BR,8+BR$3) -> 0 | BS10: =-VLOOKUP($A10,'pl-data'!$A:$BR,38+BS$3) -> 0 | BT10: =-VLOOKUP($A10,'pl-data'!$A:$BR,23+BT$3) -> 0 | BU10: =IFERROR(BT10/BS10-1,"n/a") -> n/a | BV10: =IFERROR(BT10/BR10-1,"n/a") -> n/a | BX10: =+BR10+BL10+BF10+AZ10+AT10+AN10+AH10+AB10+V10+P10+J10+D10 -> 0 | BY10: =+BS10+BM10+BG10+BA10+AU10+AO10+AI10+AC10+W10+Q10+K10+E10 -> 0 | BZ10: =+BT10+BN10+BH10+BB10+AV10+AP10+AJ10+AD10+X10+R10+L10+F10 -> 0 | CA10: =IFERROR(BZ10/BY10-1,"n/a") -> n/a | CB10: =IFERROR(BZ10/BX10-1,"n/a") -> n/a
A11: 8005 | B11: =+masterfile!D1216 -> 8005 Umsatzerlöse Sonstiges | D11: =-VLOOKUP($A11,'pl-data'!$A:$BR,8+D$3) -> 0 | E11: =-VLOOKUP($A11,'pl-data'!$A:$BR,38+E$3) -> 0 | F11: =-VLOOKUP($A11,'pl-data'!$A:$BR,23+F$3) -> 0 | G11: =IFERROR(F11/E11-1,"n/a") -> n/a | H11: =IFERROR(F11/D11-1,"n/a") -> n/a | J11: =-VLOOKUP($A11,'pl-data'!$A:$BR,8+J$3) -> 0 | K11: =-VLOOKUP($A11,'pl-data'!$A:$BR,38+K$3) -> 0 | L11: =-VLOOKUP($A11,'pl-data'!$A:$BR,23+L$3) -> 0 | M11: =IFERROR(L11/K11-1,"n/a") -> n/a | N11: =IFERROR(L11/J11-1,"n/a") -> n/a | P11: =-VLOOKUP($A11,'pl-data'!$A:$BR,8+P$3) -> 0 | Q11: =-VLOOKUP($A11,'pl-data'!$A:$BR,38+Q$3) -> 0 | R11: =-VLOOKUP($A11,'pl-data'!$A:$BR,23+R$3) -> 0 | S11: =IFERROR(R11/Q11-1,"n/a") -> n/a | T11: =IFERROR(R11/P11-1,"n/a") -> n/a | V11: =-VLOOKUP($A11,'pl-data'!$A:$BR,8+V$3) -> 0 | W11: =-VLOOKUP($A11,'pl-data'!$A:$BR,38+W$3) -> 0 | X11: =-VLOOKUP($A11,'pl-data'!$A:$BR,23+X$3) -> 0 | Y11: =IFERROR(X11/W11-1,"n/a") -> n/a | Z11: =IFERROR(X11/V11-1,"n/a") -> n/a | AB11: =-VLOOKUP($A11,'pl-data'!$A:$BR,8+AB$3) -> 0 | AC11: =-VLOOKUP($A11,'pl-data'!$A:$BR,38+AC$3) -> 0 | AD11: =-VLOOKUP($A11,'pl-data'!$A:$BR,23+AD$3) -> 0 | AE11: =IFERROR(AD11/AC11-1,"n/a") -> n/a | AF11: =IFERROR(AD11/AB11-1,"n/a") -> n/a | AH11: =-VLOOKUP($A11,'pl-data'!$A:$BR,8+AH$3) -> 0 | AI11: =-VLOOKUP($A11,'pl-data'!$A:$BR,38+AI$3) -> 0 | AJ11: =-VLOOKUP($A11,'pl-data'!$A:$BR,23+AJ$3) -> 0 | AK11: =IFERROR(AJ11/AI11-1,"n/a") -> n/a | AL11: =IFERROR(AJ11/AH11-1,"n/a") -> n/a | AN11: =-VLOOKUP($A11,'pl-data'!$A:$BR,8+AN$3) -> 0 | AO11: =-VLOOKUP($A11,'pl-data'!$A:$BR,38+AO$3) -> 0 | AP11: =-VLOOKUP($A11,'pl-data'!$A:$BR,23+AP$3) -> 0 | AQ11: =IFERROR(AP11/AO11-1,"n/a") -> n/a | AR11: =IFERROR(AP11/AN11-1,"n/a") -> n/a | AT11: =-VLOOKUP($A11,'pl-data'!$A:$BR,8+AT$3) -> 0 | AU11: =-VLOOKUP($A11,'pl-data'!$A:$BR,38+AU$3) -> 0 | AV11: =-VLOOKUP($A11,'pl-data'!$A:$BR,23+AV$3) -> 0 | AW11: =IFERROR(AV11/AU11-1,"n/a") -> n/a | AX11: =IFERROR(AV11/AT11-1,"n/a") -> n/a | AZ11: =-VLOOKUP($A11,'pl-data'!$A:$BR,8+AZ$3) -> 0 | BA11: =-VLOOKUP($A11,'pl-data'!$A:$BR,38+BA$3) -> 0 | BB11: =-VLOOKUP($A11,'pl-data'!$A:$BR,23+BB$3) -> 0 | BC11: =IFERROR(BB11/BA11-1,"n/a") -> n/a | BD11: =IFERROR(BB11/AZ11-1,"n/a") -> n/a | BF11: =-VLOOKUP($A11,'pl-data'!$A:$BR,8+BF$3) -> 0 | BG11: =-VLOOKUP($A11,'pl-data'!$A:$BR,38+BG$3) -> 0 | BH11: =-VLOOKUP($A11,'pl-data'!$A:$BR,23+BH$3) -> 0 | BI11: =IFERROR(BH11/BG11-1,"n/a") -> n/a | BJ11: =IFERROR(BH11/BF11-1,"n/a") -> n/a | BL11: =-VLOOKUP($A11,'pl-data'!$A:$BR,8+BL$3) -> 0 | BM11: =-VLOOKUP($A11,'pl-data'!$A:$BR,38+BM$3) -> 0 | BN11: =-VLOOKUP($A11,'pl-data'!$A:$BR,23+BN$3) -> 0 | BO11: =IFERROR(BN11/BM11-1,"n/a") -> n/a | BP11: =IFERROR(BN11/BL11-1,"n/a") -> n/a | BR11: =-VLOOKUP($A11,'pl-data'!$A:$BR,8+BR$3) -> 0 | BS11: =-VLOOKUP($A11,'pl-data'!$A:$BR,38+BS$3) -> 0 | BT11: =-VLOOKUP($A11,'pl-data'!$A:$BR,23+BT$3) -> 0 | BU11: =IFERROR(BT11/BS11-1,"n/a") -> n/a | BV11: =IFERROR(BT11/BR11-1,"n/a") -> n/a | BX11: =+BR11+BL11+BF11+AZ11+AT11+AN11+AH11+AB11+V11+P11+J11+D11 -> 0 | BY11: =+BS11+BM11+BG11+BA11+AU11+AO11+AI11+AC11+W11+Q11+K11+E11 -> 0 | BZ11: =+BT11+BN11+BH11+BB11+AV11+AP11+AJ11+AD11+X11+R11+L11+F11 -> 0 | CA11: =IFERROR(BZ11/BY11-1,"n/a") -> n/a | CB11: =IFERROR(BZ11/BX11-1,"n/a") -> n/a
A12: 8006 | B12: =+masterfile!D1217 -> 8006 Umsatzerlöse | D12: =-VLOOKUP($A12,'pl-data'!$A:$BR,8+D$3) -> 0 | E12: =-VLOOKUP($A12,'pl-data'!$A:$BR,38+E$3) -> 0 | F12: =-VLOOKUP($A12,'pl-data'!$A:$BR,23+F$3) -> 0 | G12: =IFERROR(F12/E12-1,"n/a") -> n/a | H12: =IFERROR(F12/D12-1,"n/a") -> n/a | J12: =-VLOOKUP($A12,'pl-data'!$A:$BR,8+J$3) -> 0 | K12: =-VLOOKUP($A12,'pl-data'!$A:$BR,38+K$3) -> 0 | L12: =-VLOOKUP($A12,'pl-data'!$A:$BR,23+L$3) -> 0 | M12: =IFERROR(L12/K12-1,"n/a") -> n/a | N12: =IFERROR(L12/J12-1,"n/a") -> n/a | P12: =-VLOOKUP($A12,'pl-data'!$A:$BR,8+P$3) -> 0 | Q12: =-VLOOKUP($A12,'pl-data'!$A:$BR,38+Q$3) -> 0 | R12: =-VLOOKUP($A12,'pl-data'!$A:$BR,23+R$3) -> 0 | S12: =IFERROR(R12/Q12-1,"n/a") -> n/a | T12: =IFERROR(R12/P12-1,"n/a") -> n/a | V12: =-VLOOKUP($A12,'pl-data'!$A:$BR,8+V$3) -> 0 | W12: =-VLOOKUP($A12,'pl-data'!$A:$BR,38+W$3) -> 0 | X12: =-VLOOKUP($A12,'pl-data'!$A:$BR,23+X$3) -> 0 | Y12: =IFERROR(X12/W12-1,"n/a") -> n/a | Z12: =IFERROR(X12/V12-1,"n/a") -> n/a | AB12: =-VLOOKUP($A12,'pl-data'!$A:$BR,8+AB$3) -> 0 | AC12: =-VLOOKUP($A12,'pl-data'!$A:$BR,38+AC$3) -> 0 | AD12: =-VLOOKUP($A12,'pl-data'!$A:$BR,23+AD$3) -> 0 | AE12: =IFERROR(AD12/AC12-1,"n/a") -> n/a | AF12: =IFERROR(AD12/AB12-1,"n/a") -> n/a | AH12: =-VLOOKUP($A12,'pl-data'!$A:$BR,8+AH$3) -> 0 | AI12: =-VLOOKUP($A12,'pl-data'!$A:$BR,38+AI$3) -> 0 | AJ12: =-VLOOKUP($A12,'pl-data'!$A:$BR,23+AJ$3) -> 0 | AK12: =IFERROR(AJ12/AI12-1,"n/a") -> n/a | AL12: =IFERROR(AJ12/AH12-1,"n/a") -> n/a | AN12: =-VLOOKUP($A12,'pl-data'!$A:$BR,8+AN$3) -> 0 | AO12: =-VLOOKUP($A12,'pl-data'!$A:$BR,38+AO$3) -> 0 | AP12: =-VLOOKUP($A12,'pl-data'!$A:$BR,23+AP$3) -> 0 | AQ12: =IFERROR(AP12/AO12-1,"n/a") -> n/a | AR12: =IFERROR(AP12/AN12-1,"n/a") -> n/a | AT12: =-VLOOKUP($A12,'pl-data'!$A:$BR,8+AT$3) -> 0 | AU12: =-VLOOKUP($A12,'pl-data'!$A:$BR,38+AU$3) -> 0 | AV12: =-VLOOKUP($A12,'pl-data'!$A:$BR,23+AV$3) -> 0 | AW12: =IFERROR(AV12/AU12-1,"n/a") -> n/a | AX12: =IFERROR(AV12/AT12-1,"n/a") -> n/a | AZ12: =-VLOOKUP($A12,'pl-data'!$A:$BR,8+AZ$3) -> 0 | BA12: =-VLOOKUP($A12,'pl-data'!$A:$BR,38+BA$3) -> 0 | BB12: =-VLOOKUP($A12,'pl-data'!$A:$BR,23+BB$3) -> 0 | BC12: =IFERROR(BB12/BA12-1,"n/a") -> n/a | BD12: =IFERROR(BB12/AZ12-1,"n/a") -> n/a | BF12: =-VLOOKUP($A12,'pl-data'!$A:$BR,8+BF$3) -> 0 | BG12: =-VLOOKUP($A12,'pl-data'!$A:$BR,38+BG$3) -> 0 | BH12: =-VLOOKUP($A12,'pl-data'!$A:$BR,23+BH$3) -> 0 | BI12: =IFERROR(BH12/BG12-1,"n/a") -> n/a | BJ12: =IFERROR(BH12/BF12-1,"n/a") -> n/a | BL12: =-VLOOKUP($A12,'pl-data'!$A:$BR,8+BL$3) -> 0 | BM12: =-VLOOKUP($A12,'pl-data'!$A:$BR,38+BM$3) -> 0 | BN12: =-VLOOKUP($A12,'pl-data'!$A:$BR,23+BN$3) -> 0 | BO12: =IFERROR(BN12/BM12-1,"n/a") -> n/a | BP12: =IFERROR(BN12/BL12-1,"n/a") -> n/a | BR12: =-VLOOKUP($A12,'pl-data'!$A:$BR,8+BR$3) -> 0 | BS12: =-VLOOKUP($A12,'pl-data'!$A:$BR,38+BS$3) -> 0 | BT12: =-VLOOKUP($A12,'pl-data'!$A:$BR,23+BT$3) -> 0 | BU12: =IFERROR(BT12/BS12-1,"n/a") -> n/a | BV12: =IFERROR(BT12/BR12-1,"n/a") -> n/a | BX12: =+BR12+BL12+BF12+AZ12+AT12+AN12+AH12+AB12+V12+P12+J12+D12 -> 0 | BY12: =+BS12+BM12+BG12+BA12+AU12+AO12+AI12+AC12+W12+Q12+K12+E12 -> 0 | BZ12: =+BT12+BN12+BH12+BB12+AV12+AP12+AJ12+AD12+X12+R12+L12+F12 -> 0 | CA12: =IFERROR(BZ12/BY12-1,"n/a") -> n/a | CB12: =IFERROR(BZ12/BX12-1,"n/a") -> n/a
A13: 8007 | B13: =+masterfile!D1218 -> 8007 Umsatzerlöse | D13: =-VLOOKUP($A13,'pl-data'!$A:$BR,8+D$3) -> 0 | E13: =-VLOOKUP($A13,'pl-data'!$A:$BR,38+E$3) -> 0 | F13: =-VLOOKUP($A13,'pl-data'!$A:$BR,23+F$3) -> 0 | G13: =IFERROR(F13/E13-1,"n/a") -> n/a | H13: =IFERROR(F13/D13-1,"n/a") -> n/a | J13: =-VLOOKUP($A13,'pl-data'!$A:$BR,8+J$3) -> 0 | K13: =-VLOOKUP($A13,'pl-data'!$A:$BR,38+K$3) -> 0 | L13: =-VLOOKUP($A13,'pl-data'!$A:$BR,23+L$3) -> 0 | M13: =IFERROR(L13/K13-1,"n/a") -> n/a | N13: =IFERROR(L13/J13-1,"n/a") -> n/a | P13: =-VLOOKUP($A13,'pl-data'!$A:$BR,8+P$3) -> 0 | Q13: =-VLOOKUP($A13,'pl-data'!$A:$BR,38+Q$3) -> 0 | R13: =-VLOOKUP($A13,'pl-data'!$A:$BR,23+R$3) -> 0 | S13: =IFERROR(R13/Q13-1,"n/a") -> n/a | T13: =IFERROR(R13/P13-1,"n/a") -> n/a | V13: =-VLOOKUP($A13,'pl-data'!$A:$BR,8+V$3) -> 0 | W13: =-VLOOKUP($A13,'pl-data'!$A:$BR,38+W$3) -> 0 | X13: =-VLOOKUP($A13,'pl-data'!$A:$BR,23+X$3) -> 0 | Y13: =IFERROR(X13/W13-1,"n/a") -> n/a | Z13: =IFERROR(X13/V13-1,"n/a") -> n/a | AB13: =-VLOOKUP($A13,'pl-data'!$A:$BR,8+AB$3) -> 0 | AC13: =-VLOOKUP($A13,'pl-data'!$A:$BR,38+AC$3) -> 0 | AD13: =-VLOOKUP($A13,'pl-data'!$A:$BR,23+AD$3) -> 0 | AE13: =IFERROR(AD13/AC13-1,"n/a") -> n/a | AF13: =IFERROR(AD13/AB13-1,"n/a") -> n/a | AH13: =-VLOOKUP($A13,'pl-data'!$A:$BR,8+AH$3) -> 0 | AI13: =-VLOOKUP($A13,'pl-data'!$A:$BR,38+AI$3) -> 0 | AJ13: =-VLOOKUP($A13,'pl-data'!$A:$BR,23+AJ$3) -> 0 | AK13: =IFERROR(AJ13/AI13-1,"n/a") -> n/a | AL13: =IFERROR(AJ13/AH13-1,"n/a") -> n/a | AN13: =-VLOOKUP($A13,'pl-data'!$A:$BR,8+AN$3) -> 0 | AO13: =-VLOOKUP($A13,'pl-data'!$A:$BR,38+AO$3) -> 0 | AP13: =-VLOOKUP($A13,'pl-data'!$A:$BR,23+AP$3) -> 0 | AQ13: =IFERROR(AP13/AO13-1,"n/a") -> n/a | AR13: =IFERROR(AP13/AN13-1,"n/a") -> n/a | AT13: =-VLOOKUP($A13,'pl-data'!$A:$BR,8+AT$3) -> 0 | AU13: =-VLOOKUP($A13,'pl-data'!$A:$BR,38+AU$3) -> 0 | AV13: =-VLOOKUP($A13,'pl-data'!$A:$BR,23+AV$3) -> 0 | AW13: =IFERROR(AV13/AU13-1,"n/a") -> n/a | AX13: =IFERROR(AV13/AT13-1,"n/a") -> n/a | AZ13: =-VLOOKUP($A13,'pl-data'!$A:$BR,8+AZ$3) -> 0 | BA13: =-VLOOKUP($A13,'pl-data'!$A:$BR,38+BA$3) -> 0 | BB13: =-VLOOKUP($A13,'pl-data'!$A:$BR,23+BB$3) -> 0 | BC13: =IFERROR(BB13/BA13-1,"n/a") -> n/a | BD13: =IFERROR(BB13/AZ13-1,"n/a") -> n/a | BF13: =-VLOOKUP($A13,'pl-data'!$A:$BR,8+BF$3) -> 0 | BG13: =-VLOOKUP($A13,'pl-data'!$A:$BR,38+BG$3) -> 0 | BH13: =-VLOOKUP($A13,'pl-data'!$A:$BR,23+BH$3) -> 0 | BI13: =IFERROR(BH13/BG13-1,"n/a") -> n/a | BJ13: =IFERROR(BH13/BF13-1,"n/a") -> n/a | BL13: =-VLOOKUP($A13,'pl-data'!$A:$BR,8+BL$3) -> 0 | BM13: =-VLOOKUP($A13,'pl-data'!$A:$BR,38+BM$3) -> 0 | BN13: =-VLOOKUP($A13,'pl-data'!$A:$BR,23+BN$3) -> 0 | BO13: =IFERROR(BN13/BM13-1,"n/a") -> n/a | BP13: =IFERROR(BN13/BL13-1,"n/a") -> n/a | BR13: =-VLOOKUP($A13,'pl-data'!$A:$BR,8+BR$3) -> 0 | BS13: =-VLOOKUP($A13,'pl-data'!$A:$BR,38+BS$3) -> 0 | BT13: =-VLOOKUP($A13,'pl-data'!$A:$BR,23+BT$3) -> 0 | BU13: =IFERROR(BT13/BS13-1,"n/a") -> n/a | BV13: =IFERROR(BT13/BR13-1,"n/a") -> n/a | BX13: =+BR13+BL13+BF13+AZ13+AT13+AN13+AH13+AB13+V13+P13+J13+D13 -> 0 | BY13: =+BS13+BM13+BG13+BA13+AU13+AO13+AI13+AC13+W13+Q13+K13+E13 -> 0 | BZ13: =+BT13+BN13+BH13+BB13+AV13+AP13+AJ13+AD13+X13+R13+L13+F13 -> 0 | CA13: =IFERROR(BZ13/BY13-1,"n/a") -> n/a | CB13: =IFERROR(BZ13/BX13-1,"n/a") -> n/a
A14: 8008 | B14: =+masterfile!D1219 -> 8008 Umsatzerlöse | D14: =-VLOOKUP($A14,'pl-data'!$A:$BR,8+D$3) -> 0 | E14: =-VLOOKUP($A14,'pl-data'!$A:$BR,38+E$3) -> 0 | F14: =-VLOOKUP($A14,'pl-data'!$A:$BR,23+F$3) -> 0 | G14: =IFERROR(F14/E14-1,"n/a") -> n/a | H14: =IFERROR(F14/D14-1,"n/a") -> n/a | J14: =-VLOOKUP($A14,'pl-data'!$A:$BR,8+J$3) -> 0 | K14: =-VLOOKUP($A14,'pl-data'!$A:$BR,38+K$3) -> 0 | L14: =-VLOOKUP($A14,'pl-data'!$A:$BR,23+L$3) -> 0 | M14: =IFERROR(L14/K14-1,"n/a") -> n/a | N14: =IFERROR(L14/J14-1,"n/a") -> n/a | P14: =-VLOOKUP($A14,'pl-data'!$A:$BR,8+P$3) -> 0 | Q14: =-VLOOKUP($A14,'pl-data'!$A:$BR,38+Q$3) -> 0 | R14: =-VLOOKUP($A14,'pl-data'!$A:$BR,23+R$3) -> 0 | S14: =IFERROR(R14/Q14-1,"n/a") -> n/a | T14: =IFERROR(R14/P14-1,"n/a") -> n/a | V14: =-VLOOKUP($A14,'pl-data'!$A:$BR,8+V$3) -> 0 | W14: =-VLOOKUP($A14,'pl-data'!$A:$BR,38+W$3) -> 0 | X14: =-VLOOKUP($A14,'pl-data'!$A:$BR,23+X$3) -> 0 | Y14: =IFERROR(X14/W14-1,"n/a") -> n/a | Z14: =IFERROR(X14/V14-1,"n/a") -> n/a | AB14: =-VLOOKUP($A14,'pl-data'!$A:$BR,8+AB$3) -> 0 | AC14: =-VLOOKUP($A14,'pl-data'!$A:$BR,38+AC$3) -> 0 | AD14: =-VLOOKUP($A14,'pl-data'!$A:$BR,23+AD$3) -> 0 | AE14: =IFERROR(AD14/AC14-1,"n/a") -> n/a | AF14: =IFERROR(AD14/AB14-1,"n/a") -> n/a | AH14: =-VLOOKUP($A14,'pl-data'!$A:$BR,8+AH$3) -> 0 | AI14: =-VLOOKUP($A14,'pl-data'!$A:$BR,38+AI$3) -> 0 | AJ14: =-VLOOKUP($A14,'pl-data'!$A:$BR,23+AJ$3) -> 0 | AK14: =IFERROR(AJ14/AI14-1,"n/a") -> n/a | AL14: =IFERROR(AJ14/AH14-1,"n/a") -> n/a | AN14: =-VLOOKUP($A14,'pl-data'!$A:$BR,8+AN$3) -> 0 | AO14: =-VLOOKUP($A14,'pl-data'!$A:$BR,38+AO$3) -> 0 | AP14: =-VLOOKUP($A14,'pl-data'!$A:$BR,23+AP$3) -> 0 | AQ14: =IFERROR(AP14/AO14-1,"n/a") -> n/a | AR14: =IFERROR(AP14/AN14-1,"n/a") -> n/a | AT14: =-VLOOKUP($A14,'pl-data'!$A:$BR,8+AT$3) -> 0 | AU14: =-VLOOKUP($A14,'pl-data'!$A:$BR,38+AU$3) -> 0 | AV14: =-VLOOKUP($A14,'pl-data'!$A:$BR,23+AV$3) -> 0 | AW14: =IFERROR(AV14/AU14-1,"n/a") -> n/a | AX14: =IFERROR(AV14/AT14-1,"n/a") -> n/a | AZ14: =-VLOOKUP($A14,'pl-data'!$A:$BR,8+AZ$3) -> 0 | BA14: =-VLOOKUP($A14,'pl-data'!$A:$BR,38+BA$3) -> 0 | BB14: =-VLOOKUP($A14,'pl-data'!$A:$BR,23+BB$3) -> 0 | BC14: =IFERROR(BB14/BA14-1,"n/a") -> n/a | BD14: =IFERROR(BB14/AZ14-1,"n/a") -> n/a | BF14: =-VLOOKUP($A14,'pl-data'!$A:$BR,8+BF$3) -> 0 | BG14: =-VLOOKUP($A14,'pl-data'!$A:$BR,38+BG$3) -> 0 | BH14: =-VLOOKUP($A14,'pl-data'!$A:$BR,23+BH$3) -> 0 | BI14: =IFERROR(BH14/BG14-1,"n/a") -> n/a | BJ14: =IFERROR(BH14/BF14-1,"n/a") -> n/a | BL14: =-VLOOKUP($A14,'pl-data'!$A:$BR,8+BL$3) -> 0 | BM14: =-VLOOKUP($A14,'pl-data'!$A:$BR,38+BM$3) -> 0 | BN14: =-VLOOKUP($A14,'pl-data'!$A:$BR,23+BN$3) -> 0 | BO14: =IFERROR(BN14/BM14-1,"n/a") -> n/a | BP14: =IFERROR(BN14/BL14-1,"n/a") -> n/a | BR14: =-VLOOKUP($A14,'pl-data'!$A:$BR,8+BR$3) -> 0 | BS14: =-VLOOKUP($A14,'pl-data'!$A:$BR,38+BS$3) -> 0 | BT14: =-VLOOKUP($A14,'pl-data'!$A:$BR,23+BT$3) -> 0 | BU14: =IFERROR(BT14/BS14-1,"n/a") -> n/a | BV14: =IFERROR(BT14/BR14-1,"n/a") -> n/a | BX14: =+BR14+BL14+BF14+AZ14+AT14+AN14+AH14+AB14+V14+P14+J14+D14 -> 0 | BY14: =+BS14+BM14+BG14+BA14+AU14+AO14+AI14+AC14+W14+Q14+K14+E14 -> 0 | BZ14: =+BT14+BN14+BH14+BB14+AV14+AP14+AJ14+AD14+X14+R14+L14+F14 -> 0 | CA14: =IFERROR(BZ14/BY14-1,"n/a") -> n/a | CB14: =IFERROR(BZ14/BX14-1,"n/a") -> n/a
A15: 8009 | B15: =+masterfile!D1220 -> 8009 Umsatzerlöse | D15: =-VLOOKUP($A15,'pl-data'!$A:$BR,8+D$3) -> 0 | E15: =-VLOOKUP($A15,'pl-data'!$A:$BR,38+E$3) -> 0 | F15: =-VLOOKUP($A15,'pl-data'!$A:$BR,23+F$3) -> 0 | G15: =IFERROR(F15/E15-1,"n/a") -> n/a | H15: =IFERROR(F15/D15-1,"n/a") -> n/a | J15: =-VLOOKUP($A15,'pl-data'!$A:$BR,8+J$3) -> 0 | K15: =-VLOOKUP($A15,'pl-data'!$A:$BR,38+K$3) -> 0 | L15: =-VLOOKUP($A15,'pl-data'!$A:$BR,23+L$3) -> 0 | M15: =IFERROR(L15/K15-1,"n/a") -> n/a | N15: =IFERROR(L15/J15-1,"n/a") -> n/a | P15: =-VLOOKUP($A15,'pl-data'!$A:$BR,8+P$3) -> 0 | Q15: =-VLOOKUP($A15,'pl-data'!$A:$BR,38+Q$3) -> 0 | R15: =-VLOOKUP($A15,'pl-data'!$A:$BR,23+R$3) -> 0 | S15: =IFERROR(R15/Q15-1,"n/a") -> n/a | T15: =IFERROR(R15/P15-1,"n/a") -> n/a | V15: =-VLOOKUP($A15,'pl-data'!$A:$BR,8+V$3) -> 0 | W15: =-VLOOKUP($A15,'pl-data'!$A:$BR,38+W$3) -> 0 | X15: =-VLOOKUP($A15,'pl-data'!$A:$BR,23+X$3) -> 0 | Y15: =IFERROR(X15/W15-1,"n/a") -> n/a | Z15: =IFERROR(X15/V15-1,"n/a") -> n/a | AB15: =-VLOOKUP($A15,'pl-data'!$A:$BR,8+AB$3) -> 0 | AC15: =-VLOOKUP($A15,'pl-data'!$A:$BR,38+AC$3) -> 0 | AD15: =-VLOOKUP($A15,'pl-data'!$A:$BR,23+AD$3) -> 0 | AE15: =IFERROR(AD15/AC15-1,"n/a") -> n/a | AF15: =IFERROR(AD15/AB15-1,"n/a") -> n/a | AH15: =-VLOOKUP($A15,'pl-data'!$A:$BR,8+AH$3) -> 0 | AI15: =-VLOOKUP($A15,'pl-data'!$A:$BR,38+AI$3) -> 0 | AJ15: =-VLOOKUP($A15,'pl-data'!$A:$BR,23+AJ$3) -> 0 | AK15: =IFERROR(AJ15/AI15-1,"n/a") -> n/a | AL15: =IFERROR(AJ15/AH15-1,"n/a") -> n/a | AN15: =-VLOOKUP($A15,'pl-data'!$A:$BR,8+AN$3) -> 0 | AO15: =-VLOOKUP($A15,'pl-data'!$A:$BR,38+AO$3) -> 0 | AP15: =-VLOOKUP($A15,'pl-data'!$A:$BR,23+AP$3) -> 0 | AQ15: =IFERROR(AP15/AO15-1,"n/a") -> n/a | AR15: =IFERROR(AP15/AN15-1,"n/a") -> n/a | AT15: =-VLOOKUP($A15,'pl-data'!$A:$BR,8+AT$3) -> 0 | AU15: =-VLOOKUP($A15,'pl-data'!$A:$BR,38+AU$3) -> 0 | AV15: =-VLOOKUP($A15,'pl-data'!$A:$BR,23+AV$3) -> 0 | AW15: =IFERROR(AV15/AU15-1,"n/a") -> n/a | AX15: =IFERROR(AV15/AT15-1,"n/a") -> n/a | AZ15: =-VLOOKUP($A15,'pl-data'!$A:$BR,8+AZ$3) -> 0 | BA15: =-VLOOKUP($A15,'pl-data'!$A:$BR,38+BA$3) -> 0 | BB15: =-VLOOKUP($A15,'pl-data'!$A:$BR,23+BB$3) -> 0 | BC15: =IFERROR(BB15/BA15-1,"n/a") -> n/a | BD15: =IFERROR(BB15/AZ15-1,"n/a") -> n/a | BF15: =-VLOOKUP($A15,'pl-data'!$A:$BR,8+BF$3) -> 0 | BG15: =-VLOOKUP($A15,'pl-data'!$A:$BR,38+BG$3) -> 0 | BH15: =-VLOOKUP($A15,'pl-data'!$A:$BR,23+BH$3) -> 0 | BI15: =IFERROR(BH15/BG15-1,"n/a") -> n/a | BJ15: =IFERROR(BH15/BF15-1,"n/a") -> n/a | BL15: =-VLOOKUP($A15,'pl-data'!$A:$BR,8+BL$3) -> 0 | BM15: =-VLOOKUP($A15,'pl-data'!$A:$BR,38+BM$3) -> 0 | BN15: =-VLOOKUP($A15,'pl-data'!$A:$BR,23+BN$3) -> 0 | BO15: =IFERROR(BN15/BM15-1,"n/a") -> n/a | BP15: =IFERROR(BN15/BL15-1,"n/a") -> n/a | BR15: =-VLOOKUP($A15,'pl-data'!$A:$BR,8+BR$3) -> 0 | BS15: =-VLOOKUP($A15,'pl-data'!$A:$BR,38+BS$3) -> 0 | BT15: =-VLOOKUP($A15,'pl-data'!$A:$BR,23+BT$3) -> 0 | BU15: =IFERROR(BT15/BS15-1,"n/a") -> n/a | BV15: =IFERROR(BT15/BR15-1,"n/a") -> n/a | BX15: =+BR15+BL15+BF15+AZ15+AT15+AN15+AH15+AB15+V15+P15+J15+D15 -> 0 | BY15: =+BS15+BM15+BG15+BA15+AU15+AO15+AI15+AC15+W15+Q15+K15+E15 -> 0 | BZ15: =+BT15+BN15+BH15+BB15+AV15+AP15+AJ15+AD15+X15+R15+L15+F15 -> 0 | CA15: =IFERROR(BZ15/BY15-1,"n/a") -> n/a | CB15: =IFERROR(BZ15/BX15-1,"n/a") -> n/a
A16: 8100 | B16: =+masterfile!D1221 -> 8100 Steuerfreie Umsätze § 4 Nr. 8 ff. UStG | D16: =-VLOOKUP($A16,'pl-data'!$A:$BR,8+D$3) -> 0 | E16: =-VLOOKUP($A16,'pl-data'!$A:$BR,38+E$3) -> 0 | F16: =-VLOOKUP($A16,'pl-data'!$A:$BR,23+F$3) -> 0 | G16: =IFERROR(F16/E16-1,"n/a") -> n/a | H16: =IFERROR(F16/D16-1,"n/a") -> n/a | J16: =-VLOOKUP($A16,'pl-data'!$A:$BR,8+J$3) -> 0 | K16: =-VLOOKUP($A16,'pl-data'!$A:$BR,38+K$3) -> 0 | L16: =-VLOOKUP($A16,'pl-data'!$A:$BR,23+L$3) -> 0 | M16: =IFERROR(L16/K16-1,"n/a") -> n/a | N16: =IFERROR(L16/J16-1,"n/a") -> n/a | P16: =-VLOOKUP($A16,'pl-data'!$A:$BR,8+P$3) -> 0 | Q16: =-VLOOKUP($A16,'pl-data'!$A:$BR,38+Q$3) -> 0 | R16: =-VLOOKUP($A16,'pl-data'!$A:$BR,23+R$3) -> 0 | S16: =IFERROR(R16/Q16-1,"n/a") -> n/a | T16: =IFERROR(R16/P16-1,"n/a") -> n/a | V16: =-VLOOKUP($A16,'pl-data'!$A:$BR,8+V$3) -> 0 | W16: =-VLOOKUP($A16,'pl-data'!$A:$BR,38+W$3) -> 0 | X16: =-VLOOKUP($A16,'pl-data'!$A:$BR,23+X$3) -> 0 | Y16: =IFERROR(X16/W16-1,"n/a") -> n/a | Z16: =IFERROR(X16/V16-1,"n/a") -> n/a | AB16: =-VLOOKUP($A16,'pl-data'!$A:$BR,8+AB$3) -> 0 | AC16: =-VLOOKUP($A16,'pl-data'!$A:$BR,38+AC$3) -> 0 | AD16: =-VLOOKUP($A16,'pl-data'!$A:$BR,23+AD$3) -> 0 | AE16: =IFERROR(AD16/AC16-1,"n/a") -> n/a | AF16: =IFERROR(AD16/AB16-1,"n/a") -> n/a | AH16: =-VLOOKUP($A16,'pl-data'!$A:$BR,8+AH$3) -> 0 | AI16: =-VLOOKUP($A16,'pl-data'!$A:$BR,38+AI$3) -> 0 | AJ16: =-VLOOKUP($A16,'pl-data'!$A:$BR,23+AJ$3) -> 0 | AK16: =IFERROR(AJ16/AI16-1,"n/a") -> n/a | AL16: =IFERROR(AJ16/AH16-1,"n/a") -> n/a | AN16: =-VLOOKUP($A16,'pl-data'!$A:$BR,8+AN$3) -> 0 | AO16: =-VLOOKUP($A16,'pl-data'!$A:$BR,38+AO$3) -> 0 | AP16: =-VLOOKUP($A16,'pl-data'!$A:$BR,23+AP$3) -> 0 | AQ16: =IFERROR(AP16/AO16-1,"n/a") -> n/a | AR16: =IFERROR(AP16/AN16-1,"n/a") -> n/a | AT16: =-VLOOKUP($A16,'pl-data'!$A:$BR,8+AT$3) -> 0 | AU16: =-VLOOKUP($A16,'pl-data'!$A:$BR,38+AU$3) -> 0 | AV16: =-VLOOKUP($A16,'pl-data'!$A:$BR,23+AV$3) -> 0 | AW16: =IFERROR(AV16/AU16-1,"n/a") -> n/a | AX16: =IFERROR(AV16/AT16-1,"n/a") -> n/a | AZ16: =-VLOOKUP($A16,'pl-data'!$A:$BR,8+AZ$3) -> 0 | BA16: =-VLOOKUP($A16,'pl-data'!$A:$BR,38+BA$3) -> 0 | BB16: =-VLOOKUP($A16,'pl-data'!$A:$BR,23+BB$3) -> 0 | BC16: =IFERROR(BB16/BA16-1,"n/a") -> n/a | BD16: =IFERROR(BB16/AZ16-1,"n/a") -> n/a | BF16: =-VLOOKUP($A16,'pl-data'!$A:$BR,8+BF$3) -> 0 | BG16: =-VLOOKUP($A16,'pl-data'!$A:$BR,38+BG$3) -> 0 | BH16: =-VLOOKUP($A16,'pl-data'!$A:$BR,23+BH$3) -> 0 | BI16: =IFERROR(BH16/BG16-1,"n/a") -> n/a | BJ16: =IFERROR(BH16/BF16-1,"n/a") -> n/a | BL16: =-VLOOKUP($A16,'pl-data'!$A:$BR,8+BL$3) -> 0 | BM16: =-VLOOKUP($A16,'pl-data'!$A:$BR,38+BM$3) -> 0 | BN16: =-VLOOKUP($A16,'pl-data'!$A:$BR,23+BN$3) -> 0 | BO16: =IFERROR(BN16/BM16-1,"n/a") -> n/a | BP16: =IFERROR(BN16/BL16-1,"n/a") -> n/a | BR16: =-VLOOKUP($A16,'pl-data'!$A:$BR,8+BR$3) -> 0 | BS16: =-VLOOKUP($A16,'pl-data'!$A:$BR,38+BS$3) -> 0 | BT16: =-VLOOKUP($A16,'pl-data'!$A:$BR,23+BT$3) -> 0 | BU16: =IFERROR(BT16/BS16-1,"n/a") -> n/a | BV16: =IFERROR(BT16/BR16-1,"n/a") -> n/a | BX16: =+BR16+BL16+BF16+AZ16+AT16+AN16+AH16+AB16+V16+P16+J16+D16 -> 0 | BY16: =+BS16+BM16+BG16+BA16+AU16+AO16+AI16+AC16+W16+Q16+K16+E16 -> 0 | BZ16: =+BT16+BN16+BH16+BB16+AV16+AP16+AJ16+AD16+X16+R16+L16+F16 -> 0 | CA16: =IFERROR(BZ16/BY16-1,"n/a") -> n/a | CB16: =IFERROR(BZ16/BX16-1,"n/a") -> n/a
A17: 8105 | B17: =+masterfile!D1222 -> 8105 Steuerfreie Umsätze V+V § 4 Nr. 12 UStG | D17: =-VLOOKUP($A17,'pl-data'!$A:$BR,8+D$3) -> 0 | E17: =-VLOOKUP($A17,'pl-data'!$A:$BR,38+E$3) -> 0 | F17: =-VLOOKUP($A17,'pl-data'!$A:$BR,23+F$3) -> 0 | G17: =IFERROR(F17/E17-1,"n/a") -> n/a | H17: =IFERROR(F17/D17-1,"n/a") -> n/a | J17: =-VLOOKUP($A17,'pl-data'!$A:$BR,8+J$3) -> 0 | K17: =-VLOOKUP($A17,'pl-data'!$A:$BR,38+K$3) -> 0 | L17: =-VLOOKUP($A17,'pl-data'!$A:$BR,23+L$3) -> 0 | M17: =IFERROR(L17/K17-1,"n/a") -> n/a | N17: =IFERROR(L17/J17-1,"n/a") -> n/a | P17: =-VLOOKUP($A17,'pl-data'!$A:$BR,8+P$3) -> 0 | Q17: =-VLOOKUP($A17,'pl-data'!$A:$BR,38+Q$3) -> 0 | R17: =-VLOOKUP($A17,'pl-data'!$A:$BR,23+R$3) -> 0 | S17: =IFERROR(R17/Q17-1,"n/a") -> n/a | T17: =IFERROR(R17/P17-1,"n/a") -> n/a | V17: =-VLOOKUP($A17,'pl-data'!$A:$BR,8+V$3) -> 0 | W17: =-VLOOKUP($A17,'pl-data'!$A:$BR,38+W$3) -> 0 | X17: =-VLOOKUP($A17,'pl-data'!$A:$BR,23+X$3) -> 0 | Y17: =IFERROR(X17/W17-1,"n/a") -> n/a | Z17: =IFERROR(X17/V17-1,"n/a") -> n/a | AB17: =-VLOOKUP($A17,'pl-data'!$A:$BR,8+AB$3) -> 0 | AC17: =-VLOOKUP($A17,'pl-data'!$A:$BR,38+AC$3) -> 0 | AD17: =-VLOOKUP($A17,'pl-data'!$A:$BR,23+AD$3) -> 0 | AE17: =IFERROR(AD17/AC17-1,"n/a") -> n/a | AF17: =IFERROR(AD17/AB17-1,"n/a") -> n/a | AH17: =-VLOOKUP($A17,'pl-data'!$A:$BR,8+AH$3) -> 0 | AI17: =-VLOOKUP($A17,'pl-data'!$A:$BR,38+AI$3) -> 0 | AJ17: =-VLOOKUP($A17,'pl-data'!$A:$BR,23+AJ$3) -> 0 | AK17: =IFERROR(AJ17/AI17-1,"n/a") -> n/a | AL17: =IFERROR(AJ17/AH17-1,"n/a") -> n/a | AN17: =-VLOOKUP($A17,'pl-data'!$A:$BR,8+AN$3) -> 0 | AO17: =-VLOOKUP($A17,'pl-data'!$A:$BR,38+AO$3) -> 0 | AP17: =-VLOOKUP($A17,'pl-data'!$A:$BR,23+AP$3) -> 0 | AQ17: =IFERROR(AP17/AO17-1,"n/a") -> n/a | AR17: =IFERROR(AP17/AN17-1,"n/a") -> n/a | AT17: =-VLOOKUP($A17,'pl-data'!$A:$BR,8+AT$3) -> 0 | AU17: =-VLOOKUP($A17,'pl-data'!$A:$BR,38+AU$3) -> 0 | AV17: =-VLOOKUP($A17,'pl-data'!$A:$BR,23+AV$3) -> 0 | AW17: =IFERROR(AV17/AU17-1,"n/a") -> n/a | AX17: =IFERROR(AV17/AT17-1,"n/a") -> n/a | AZ17: =-VLOOKUP($A17,'pl-data'!$A:$BR,8+AZ$3) -> 0 | BA17: =-VLOOKUP($A17,'pl-data'!$A:$BR,38+BA$3) -> 0 | BB17: =-VLOOKUP($A17,'pl-data'!$A:$BR,23+BB$3) -> 0 | BC17: =IFERROR(BB17/BA17-1,"n/a") -> n/a | BD17: =IFERROR(BB17/AZ17-1,"n/a") -> n/a | BF17: =-VLOOKUP($A17,'pl-data'!$A:$BR,8+BF$3) -> 0 | BG17: =-VLOOKUP($A17,'pl-data'!$A:$BR,38+BG$3) -> 0 | BH17: =-VLOOKUP($A17,'pl-data'!$A:$BR,23+BH$3) -> 0 | BI17: =IFERROR(BH17/BG17-1,"n/a") -> n/a | BJ17: =IFERROR(BH17/BF17-1,"n/a") -> n/a | BL17: =-VLOOKUP($A17,'pl-data'!$A:$BR,8+BL$3) -> 0 | BM17: =-VLOOKUP($A17,'pl-data'!$A:$BR,38+BM$3) -> 0 | BN17: =-VLOOKUP($A17,'pl-data'!$A:$BR,23+BN$3) -> 0 | BO17: =IFERROR(BN17/BM17-1,"n/a") -> n/a | BP17: =IFERROR(BN17/BL17-1,"n/a") -> n/a | BR17: =-VLOOKUP($A17,'pl-data'!$A:$BR,8+BR$3) -> 0 | BS17: =-VLOOKUP($A17,'pl-data'!$A:$BR,38+BS$3) -> 0 | BT17: =-VLOOKUP($A17,'pl-data'!$A:$BR,23+BT$3) -> 0 | BU17: =IFERROR(BT17/BS17-1,"n/a") -> n/a | BV17: =IFERROR(BT17/BR17-1,"n/a") -> n/a | BX17: =+BR17+BL17+BF17+AZ17+AT17+AN17+AH17+AB17+V17+P17+J17+D17 -> 0 | BY17: =+BS17+BM17+BG17+BA17+AU17+AO17+AI17+AC17+W17+Q17+K17+E17 -> 0 | BZ17: =+BT17+BN17+BH17+BB17+AV17+AP17+AJ17+AD17+X17+R17+L17+F17 -> 0 | CA17: =IFERROR(BZ17/BY17-1,"n/a") -> n/a | CB17: =IFERROR(BZ17/BX17-1,"n/a") -> n/a
... A59: 8499 | B59: =+masterfile!D1264 -> 8499 Nebenerlöse (Bezug zu Materialaufwand) | D59: =-VLOOKUP($A59,'pl-data'!$A:$BR,8+D$3) -> 0 | E59: =-VLOOKUP($A59,'pl-data'!$A:$BR,38+E$3) -> 0 | F59: =-VLOOKUP($A59,'pl-data'!$A:$BR,23+F$3) -> 0 | G59: =IFERROR(F59/E59-1,"n/a") -> n/a | H59: =IFERROR(F59/D59-1,"n/a") -> n/a | J59: =-VLOOKUP($A59,'pl-data'!$A:$BR,8+J$3) -> 0 | K59: =-VLOOKUP($A59,'pl-data'!$A:$BR,38+K$3) -> 0 | L59: =-VLOOKUP($A59,'pl-data'!$A:$BR,23+L$3) -> 0 | M59: =IFERROR(L59/K59-1,"n/a") -> n/a | N59: =IFERROR(L59/J59-1,"n/a") -> n/a | P59: =-VLOOKUP($A59,'pl-data'!$A:$BR,8+P$3) -> 0 | Q59: =-VLOOKUP($A59,'pl-data'!$A:$BR,38+Q$3) -> 0 | R59: =-VLOOKUP($A59,'pl-data'!$A:$BR,23+R$3) -> 0 | S59: =IFERROR(R59/Q59-1,"n/a") -> n/a | T59: =IFERROR(R59/P59-1,"n/a") -> n/a | V59: =-VLOOKUP($A59,'pl-data'!$A:$BR,8+V$3) -> 0 | W59: =-VLOOKUP($A59,'pl-data'!$A:$BR,38+W$3) -> 0 | X59: =-VLOOKUP($A59,'pl-data'!$A:$BR,23+X$3) -> 0 | Y59: =IFERROR(X59/W59-1,"n/a") -> n/a | Z59: =IFERROR(X59/V59-1,"n/a") -> n/a | AB59: =-VLOOKUP($A59,'pl-data'!$A:$BR,8+AB$3) -> 0 | AC59: =-VLOOKUP($A59,'pl-data'!$A:$BR,38+AC$3) -> 0 | AD59: =-VLOOKUP($A59,'pl-data'!$A:$BR,23+AD$3) -> 0 | AE59: =IFERROR(AD59/AC59-1,"n/a") -> n/a | AF59: =IFERROR(AD59/AB59-1,"n/a") -> n/a | AH59: =-VLOOKUP($A59,'pl-data'!$A:$BR,8+AH$3) -> 0 | AI59: =-VLOOKUP($A59,'pl-data'!$A:$BR,38+AI$3) -> 0 | AJ59: =-VLOOKUP($A59,'pl-data'!$A:$BR,23+AJ$3) -> 0 | AK59: =IFERROR(AJ59/AI59-1,"n/a") -> n/a | AL59: =IFERROR(AJ59/AH59-1,"n/a") -> n/a | AN59: =-VLOOKUP($A59,'pl-data'!$A:$BR,8+AN$3) -> 0 | AO59: =-VLOOKUP($A59,'pl-data'!$A:$BR,38+AO$3) -> 0 | AP59: =-VLOOKUP($A59,'pl-data'!$A:$BR,23+AP$3) -> 0 | AQ59: =IFERROR(AP59/AO59-1,"n/a") -> n/a | AR59: =IFERROR(AP59/AN59-1,"n/a") -> n/a | AT59: =-VLOOKUP($A59,'pl-data'!$A:$BR,8+AT$3) -> 0 | AU59: =-VLOOKUP($A59,'pl-data'!$A:$BR,38+AU$3) -> 0 | AV59: =-VLOOKUP($A59,'pl-data'!$A:$BR,23+AV$3) -> 0 | AW59: =IFERROR(AV59/AU59-1,"n/a") -> n/a | AX59: =IFERROR(AV59/AT59-1,"n/a") -> n/a | AZ59: =-VLOOKUP($A59,'pl-data'!$A:$BR,8+AZ$3) -> 0 | BA59: =-VLOOKUP($A59,'pl-data'!$A:$BR,38+BA$3) -> 0 | BB59: =-VLOOKUP($A59,'pl-data'!$A:$BR,23+BB$3) -> 0 | BC59: =IFERROR(BB59/BA59-1,"n/a") -> n/a | BD59: =IFERROR(BB59/AZ59-1,"n/a") -> n/a | BF59: =-VLOOKUP($A59,'pl-data'!$A:$BR,8+BF$3) -> 0 | BG59: =-VLOOKUP($A59,'pl-data'!$A:$BR,38+BG$3) -> 0 | BH59: =-VLOOKUP($A59,'pl-data'!$A:$BR,23+BH$3) -> 0 | BI59: =IFERROR(BH59/BG59-1,"n/a") -> n/a | BJ59: =IFERROR(BH59/BF59-1,"n/a") -> n/a | BL59: =-VLOOKUP($A59,'pl-data'!$A:$BR,8+BL$3) -> 0 | BM59: =-VLOOKUP($A59,'pl-data'!$A:$BR,38+BM$3) -> 0 | BN59: =-VLOOKUP($A59,'pl-data'!$A:$BR,23+BN$3) -> 0 | BO59: =IFERROR(BN59/BM59-1,"n/a") -> n/a | BP59: =IFERROR(BN59/BL59-1,"n/a") -> n/a | BR59: =-VLOOKUP($A59,'pl-data'!$A:$BR,8+BR$3) -> 0 | BS59: =-VLOOKUP($A59,'pl-data'!$A:$BR,38+BS$3) -> 0 | BT59: =-VLOOKUP($A59,'pl-data'!$A:$BR,23+BT$3) -> 0 | BU59: =IFERROR(BT59/BS59-1,"n/a") -> n/a | BV59: =IFERROR(BT59/BR59-1,"n/a") -> n/a | BX59: =+BR59+BL59+BF59+AZ59+AT59+AN59+AH59+AB59+V59+P59+J59+D59 -> 0 | BY59: =+BS59+BM59+BG59+BA59+AU59+AO59+AI59+AC59+W59+Q59+K59+E59 -> 0 | BZ59: =+BT59+BN59+BH59+BB59+AV59+AP59+AJ59+AD59+X59+R59+L59+F59 -> 0 | CA59: =IFERROR(BZ59/BY59-1,"n/a") -> n/a | CB59: =IFERROR(BZ59/BX59-1,"n/a") -> n/a
A60: 8510 | B60: =+masterfile!D1271 -> 8510 Provisionsumsätze | D60: =-VLOOKUP($A60,'pl-data'!$A:$BR,8+D$3) -> 0 | E60: =-VLOOKUP($A60,'pl-data'!$A:$BR,38+E$3) -> 0 | F60: =-VLOOKUP($A60,'pl-data'!$A:$BR,23+F$3) -> 0 | G60: =IFERROR(F60/E60-1,"n/a") -> n/a | H60: =IFERROR(F60/D60-1,"n/a") -> n/a | J60: =-VLOOKUP($A60,'pl-data'!$A:$BR,8+J$3) -> 0 | K60: =-VLOOKUP($A60,'pl-data'!$A:$BR,38+K$3) -> 0 | L60: =-VLOOKUP($A60,'pl-data'!$A:$BR,23+L$3) -> 0 | M60: =IFERROR(L60/K60-1,"n/a") -> n/a | N60: =IFERROR(L60/J60-1,"n/a") -> n/a | P60: =-VLOOKUP($A60,'pl-data'!$A:$BR,8+P$3) -> 0 | Q60: =-VLOOKUP($A60,'pl-data'!$A:$BR,38+Q$3) -> 0 | R60: =-VLOOKUP($A60,'pl-data'!$A:$BR,23+R$3) -> 0 | S60: =IFERROR(R60/Q60-1,"n/a") -> n/a | T60: =IFERROR(R60/P60-1,"n/a") -> n/a | V60: =-VLOOKUP($A60,'pl-data'!$A:$BR,8+V$3) -> 0 | W60: =-VLOOKUP($A60,'pl-data'!$A:$BR,38+W$3) -> 0 | X60: =-VLOOKUP($A60,'pl-data'!$A:$BR,23+X$3) -> 0 | Y60: =IFERROR(X60/W60-1,"n/a") -> n/a | Z60: =IFERROR(X60/V60-1,"n/a") -> n/a | AB60: =-VLOOKUP($A60,'pl-data'!$A:$BR,8+AB$3) -> 0 | AC60: =-VLOOKUP($A60,'pl-data'!$A:$BR,38+AC$3) -> 0 | AD60: =-VLOOKUP($A60,'pl-data'!$A:$BR,23+AD$3) -> 0 | AE60: =IFERROR(AD60/AC60-1,"n/a") -> n/a | AF60: =IFERROR(AD60/AB60-1,"n/a") -> n/a | AH60: =-VLOOKUP($A60,'pl-data'!$A:$BR,8+AH$3) -> 0 | AI60: =-VLOOKUP($A60,'pl-data'!$A:$BR,38+AI$3) -> 0 | AJ60: =-VLOOKUP($A60,'pl-data'!$A:$BR,23+AJ$3) -> 0 | AK60: =IFERROR(AJ60/AI60-1,"n/a") -> n/a | AL60: =IFERROR(AJ60/AH60-1,"n/a") -> n/a | AN60: =-VLOOKUP($A60,'pl-data'!$A:$BR,8+AN$3) -> 0 | AO60: =-VLOOKUP($A60,'pl-data'!$A:$BR,38+AO$3) -> 0 | AP60: =-VLOOKUP($A60,'pl-data'!$A:$BR,23+AP$3) -> 0 | AQ60: =IFERROR(AP60/AO60-1,"n/a") -> n/a | AR60: =IFERROR(AP60/AN60-1,"n/a") -> n/a | AT60: =-VLOOKUP($A60,'pl-data'!$A:$BR,8+AT$3) -> 0 | AU60: =-VLOOKUP($A60,'pl-data'!$A:$BR,38+AU$3) -> 0 | AV60: =-VLOOKUP($A60,'pl-data'!$A:$BR,23+AV$3) -> 0 | AW60: =IFERROR(AV60/AU60-1,"n/a") -> n/a | AX60: =IFERROR(AV60/AT60-1,"n/a") -> n/a | AZ60: =-VLOOKUP($A60,'pl-data'!$A:$BR,8+AZ$3) -> 0 | BA60: =-VLOOKUP($A60,'pl-data'!$A:$BR,38+BA$3) -> 0 | BB60: =-VLOOKUP($A60,'pl-data'!$A:$BR,23+BB$3) -> 0 | BC60: =IFERROR(BB60/BA60-1,"n/a") -> n/a | BD60: =IFERROR(BB60/AZ60-1,"n/a") -> n/a | BF60: =-VLOOKUP($A60,'pl-data'!$A:$BR,8+BF$3) -> 0 | BG60: =-VLOOKUP($A60,'pl-data'!$A:$BR,38+BG$3) -> 0 | BH60: =-VLOOKUP($A60,'pl-data'!$A:$BR,23+BH$3) -> 0 | BI60: =IFERROR(BH60/BG60-1,"n/a") -> n/a | BJ60: =IFERROR(BH60/BF60-1,"n/a") -> n/a | BL60: =-VLOOKUP($A60,'pl-data'!$A:$BR,8+BL$3) -> 0 | BM60: =-VLOOKUP($A60,'pl-data'!$A:$BR,38+BM$3) -> 0 | BN60: =-VLOOKUP($A60,'pl-data'!$A:$BR,23+BN$3) -> 0 | BO60: =IFERROR(BN60/BM60-1,"n/a") -> n/a | BP60: =IFERROR(BN60/BL60-1,"n/a") -> n/a | BR60: =-VLOOKUP($A60,'pl-data'!$A:$BR,8+BR$3) -> 0 | BS60: =-VLOOKUP($A60,'pl-data'!$A:$BR,38+BS$3) -> 0 | BT60: =-VLOOKUP($A60,'pl-data'!$A:$BR,23+BT$3) -> 0 | BU60: =IFERROR(BT60/BS60-1,"n/a") -> n/a | BV60: =IFERROR(BT60/BR60-1,"n/a") -> n/a | BX60: =+BR60+BL60+BF60+AZ60+AT60+AN60+AH60+AB60+V60+P60+J60+D60 -> 0 | BY60: =+BS60+BM60+BG60+BA60+AU60+AO60+AI60+AC60+W60+Q60+K60+E60 -> 0 | BZ60: =+BT60+BN60+BH60+BB60+AV60+AP60+AJ60+AD60+X60+R60+L60+F60 -> 0 | CA60: =IFERROR(BZ60/BY60-1,"n/a") -> n/a | CB60: =IFERROR(BZ60/BX60-1,"n/a") -> n/a
A61: 8514 | B61: =+masterfile!D1272 -> 8514 Provisionsumsätze, stfr.§4 Nr.8 ff.UStG | D61: =-VLOOKUP($A61,'pl-data'!$A:$BR,8+D$3) -> 0 | E61: =-VLOOKUP($A61,'pl-data'!$A:$BR,38+E$3) -> 0 | F61: =-VLOOKUP($A61,'pl-data'!$A:$BR,23+F$3) -> 0 | G61: =IFERROR(F61/E61-1,"n/a") -> n/a | H61: =IFERROR(F61/D61-1,"n/a") -> n/a | J61: =-VLOOKUP($A61,'pl-data'!$A:$BR,8+J$3) -> 0 | K61: =-VLOOKUP($A61,'pl-data'!$A:$BR,38+K$3) -> 0 | L61: =-VLOOKUP($A61,'pl-data'!$A:$BR,23+L$3) -> 0 | M61: =IFERROR(L61/K61-1,"n/a") -> n/a | N61: =IFERROR(L61/J61-1,"n/a") -> n/a | P61: =-VLOOKUP($A61,'pl-data'!$A:$BR,8+P$3) -> 0 | Q61: =-VLOOKUP($A61,'pl-data'!$A:$BR,38+Q$3) -> 0 | R61: =-VLOOKUP($A61,'pl-data'!$A:$BR,23+R$3) -> 0 | S61: =IFERROR(R61/Q61-1,"n/a") -> n/a | T61: =IFERROR(R61/P61-1,"n/a") -> n/a | V61: =-VLOOKUP($A61,'pl-data'!$A:$BR,8+V$3) -> 0 | W61: =-VLOOKUP($A61,'pl-data'!$A:$BR,38+W$3) -> 0 | X61: =-VLOOKUP($A61,'pl-data'!$A:$BR,23+X$3) -> 0 | Y61: =IFERROR(X61/W61-1,"n/a") -> n/a | Z61: =IFERROR(X61/V61-1,"n/a") -> n/a | AB61: =-VLOOKUP($A61,'pl-data'!$A:$BR,8+AB$3) -> 0 | AC61: =-VLOOKUP($A61,'pl-data'!$A:$BR,38+AC$3) -> 0 | AD61: =-VLOOKUP($A61,'pl-data'!$A:$BR,23+AD$3) -> 0 | AE61: =IFERROR(AD61/AC61-1,"n/a") -> n/a | AF61: =IFERROR(AD61/AB61-1,"n/a") -> n/a | AH61: =-VLOOKUP($A61,'pl-data'!$A:$BR,8+AH$3) -> 0 | AI61: =-VLOOKUP($A61,'pl-data'!$A:$BR,38+AI$3) -> 0 | AJ61: =-VLOOKUP($A61,'pl-data'!$A:$BR,23+AJ$3) -> 0 | AK61: =IFERROR(AJ61/AI61-1,"n/a") -> n/a | AL61: =IFERROR(AJ61/AH61-1,"n/a") -> n/a | AN61: =-VLOOKUP($A61,'pl-data'!$A:$BR,8+AN$3) -> 0 | AO61: =-VLOOKUP($A61,'pl-data'!$A:$BR,38+AO$3) -> 0 | AP61: =-VLOOKUP($A61,'pl-data'!$A:$BR,23+AP$3) -> 0 | AQ61: =IFERROR(AP61/AO61-1,"n/a") -> n/a | AR61: =IFERROR(AP61/AN61-1,"n/a") -> n/a | AT61: =-VLOOKUP($A61,'pl-data'!$A:$BR,8+AT$3) -> 0 | AU61: =-VLOOKUP($A61,'pl-data'!$A:$BR,38+AU$3) -> 0 | AV61: =-VLOOKUP($A61,'pl-data'!$A:$BR,23+AV$3) -> 0 | AW61: =IFERROR(AV61/AU61-1,"n/a") -> n/a | AX61: =IFERROR(AV61/AT61-1,"n/a") -> n/a | AZ61: =-VLOOKUP($A61,'pl-data'!$A:$BR,8+AZ$3) -> 0 | BA61: =-VLOOKUP($A61,'pl-data'!$A:$BR,38+BA$3) -> 0 | BB61: =-VLOOKUP($A61,'pl-data'!$A:$BR,23+BB$3) -> 0 | BC61: =IFERROR(BB61/BA61-1,"n/a") -> n/a | BD61: =IFERROR(BB61/AZ61-1,"n/a") -> n/a | BF61: =-VLOOKUP($A61,'pl-data'!$A:$BR,8+BF$3) -> 0 | BG61: =-VLOOKUP($A61,'pl-data'!$A:$BR,38+BG$3) -> 0 | BH61: =-VLOOKUP($A61,'pl-data'!$A:$BR,23+BH$3) -> 0 | BI61: =IFERROR(BH61/BG61-1,"n/a") -> n/a | BJ61: =IFERROR(BH61/BF61-1,"n/a") -> n/a | BL61: =-VLOOKUP($A61,'pl-data'!$A:$BR,8+BL$3) -> 0 | BM61: =-VLOOKUP($A61,'pl-data'!$A:$BR,38+BM$3) -> 0 | BN61: =-VLOOKUP($A61,'pl-data'!$A:$BR,23+BN$3) -> 0 | BO61: =IFERROR(BN61/BM61-1,"n/a") -> n/a | BP61: =IFERROR(BN61/BL61-1,"n/a") -> n/a | BR61: =-VLOOKUP($A61,'pl-data'!$A:$BR,8+BR$3) -> 0 | BS61: =-VLOOKUP($A61,'pl-data'!$A:$BR,38+BS$3) -> 0 | BT61: =-VLOOKUP($A61,'pl-data'!$A:$BR,23+BT$3) -> 0 | BU61: =IFERROR(BT61/BS61-1,"n/a") -> n/a | BV61: =IFERROR(BT61/BR61-1,"n/a") -> n/a | BX61: =+BR61+BL61+BF61+AZ61+AT61+AN61+AH61+AB61+V61+P61+J61+D61 -> 0 | BY61: =+BS61+BM61+BG61+BA61+AU61+AO61+AI61+AC61+W61+Q61+K61+E61 -> 0 | BZ61: =+BT61+BN61+BH61+BB61+AV61+AP61+AJ61+AD61+X61+R61+L61+F61 -> 0 | CA61: =IFERROR(BZ61/BY61-1,"n/a") -> n/a | CB61: =IFERROR(BZ61/BX61-1,"n/a") -> n/a
A62: 8515 | B62: =+masterfile!D1273 -> 8515 Provisionsumsätze, stfrei §4 Nr. 5 UStG | D62: =-VLOOKUP($A62,'pl-data'!$A:$BR,8+D$3) -> 0 | E62: =-VLOOKUP($A62,'pl-data'!$A:$BR,38+E$3) -> 0 | F62: =-VLOOKUP($A62,'pl-data'!$A:$BR,23+F$3) -> 0 | G62: =IFERROR(F62/E62-1,"n/a") -> n/a | H62: =IFERROR(F62/D62-1,"n/a") -> n/a | J62: =-VLOOKUP($A62,'pl-data'!$A:$BR,8+J$3) -> 0 | K62: =-VLOOKUP($A62,'pl-data'!$A:$BR,38+K$3) -> 0 | L62: =-VLOOKUP($A62,'pl-data'!$A:$BR,23+L$3) -> 0 | M62: =IFERROR(L62/K62-1,"n/a") -> n/a | N62: =IFERROR(L62/J62-1,"n/a") -> n/a | P62: =-VLOOKUP($A62,'pl-data'!$A:$BR,8+P$3) -> 0 | Q62: =-VLOOKUP($A62,'pl-data'!$A:$BR,38+Q$3) -> 0 | R62: =-VLOOKUP($A62,'pl-data'!$A:$BR,23+R$3) -> 0 | S62: =IFERROR(R62/Q62-1,"n/a") -> n/a | T62: =IFERROR(R62/P62-1,"n/a") -> n/a | V62: =-VLOOKUP($A62,'pl-data'!$A:$BR,8+V$3) -> 0 | W62: =-VLOOKUP($A62,'pl-data'!$A:$BR,38+W$3) -> 0 | X62: =-VLOOKUP($A62,'pl-data'!$A:$BR,23+X$3) -> 0 | Y62: =IFERROR(X62/W62-1,"n/a") -> n/a | Z62: =IFERROR(X62/V62-1,"n/a") -> n/a | AB62: =-VLOOKUP($A62,'pl-data'!$A:$BR,8+AB$3) -> 0 | AC62: =-VLOOKUP($A62,'pl-data'!$A:$BR,38+AC$3) -> 0 | AD62: =-VLOOKUP($A62,'pl-data'!$A:$BR,23+AD$3) -> 0 | AE62: =IFERROR(AD62/AC62-1,"n/a") -> n/a | AF62: =IFERROR(AD62/AB62-1,"n/a") -> n/a | AH62: =-VLOOKUP($A62,'pl-data'!$A:$BR,8+AH$3) -> 0 | AI62: =-VLOOKUP($A62,'pl-data'!$A:$BR,38+AI$3) -> 0 | AJ62: =-VLOOKUP($A62,'pl-data'!$A:$BR,23+AJ$3) -> 0 | AK62: =IFERROR(AJ62/AI62-1,"n/a") -> n/a | AL62: =IFERROR(AJ62/AH62-1,"n/a") -> n/a | AN62: =-VLOOKUP($A62,'pl-data'!$A:$BR,8+AN$3) -> 0 | AO62: =-VLOOKUP($A62,'pl-data'!$A:$BR,38+AO$3) -> 0 | AP62: =-VLOOKUP($A62,'pl-data'!$A:$BR,23+AP$3) -> 0 | AQ62: =IFERROR(AP62/AO62-1,"n/a") -> n/a | AR62: =IFERROR(AP62/AN62-1,"n/a") -> n/a | AT62: =-VLOOKUP($A62,'pl-data'!$A:$BR,8+AT$3) -> 0 | AU62: =-VLOOKUP($A62,'pl-data'!$A:$BR,38+AU$3) -> 0 | AV62: =-VLOOKUP($A62,'pl-data'!$A:$BR,23+AV$3) -> 0 | AW62: =IFERROR(AV62/AU62-1,"n/a") -> n/a | AX62: =IFERROR(AV62/AT62-1,"n/a") -> n/a | AZ62: =-VLOOKUP($A62,'pl-data'!$A:$BR,8+AZ$3) -> 0 | BA62: =-VLOOKUP($A62,'pl-data'!$A:$BR,38+BA$3) -> 0 | BB62: =-VLOOKUP($A62,'pl-data'!$A:$BR,23+BB$3) -> 0 | BC62: =IFERROR(BB62/BA62-1,"n/a") -> n/a | BD62: =IFERROR(BB62/AZ62-1,"n/a") -> n/a | BF62: =-VLOOKUP($A62,'pl-data'!$A:$BR,8+BF$3) -> 0 | BG62: =-VLOOKUP($A62,'pl-data'!$A:$BR,38+BG$3) -> 0 | BH62: =-VLOOKUP($A62,'pl-data'!$A:$BR,23+BH$3) -> 0 | BI62: =IFERROR(BH62/BG62-1,"n/a") -> n/a | BJ62: =IFERROR(BH62/BF62-1,"n/a") -> n/a | BL62: =-VLOOKUP($A62,'pl-data'!$A:$BR,8+BL$3) -> 0 | BM62: =-VLOOKUP($A62,'pl-data'!$A:$BR,38+BM$3) -> 0 | BN62: =-VLOOKUP($A62,'pl-data'!$A:$BR,23+BN$3) -> 0 | BO62: =IFERROR(BN62/BM62-1,"n/a") -> n/a | BP62: =IFERROR(BN62/BL62-1,"n/a") -> n/a | BR62: =-VLOOKUP($A62,'pl-data'!$A:$BR,8+BR$3) -> 0 | BS62: =-VLOOKUP($A62,'pl-data'!$A:$BR,38+BS$3) -> 0 | BT62: =-VLOOKUP($A62,'pl-data'!$A:$BR,23+BT$3) -> 0 | BU62: =IFERROR(BT62/BS62-1,"n/a") -> n/a | BV62: =IFERROR(BT62/BR62-1,"n/a") -> n/a | BX62: =+BR62+BL62+BF62+AZ62+AT62+AN62+AH62+AB62+V62+P62+J62+D62 -> 0 | BY62: =+BS62+BM62+BG62+BA62+AU62+AO62+AI62+AC62+W62+Q62+K62+E62 -> 0 | BZ62: =+BT62+BN62+BH62+BB62+AV62+AP62+AJ62+AD62+X62+R62+L62+F62 -> 0 | CA62: =IFERROR(BZ62/BY62-1,"n/a") -> n/a | CB62: =IFERROR(BZ62/BX62-1,"n/a") -> n/a
A63: 8516 | B63: =+masterfile!D1274 -> 8516 Provisionsumsätze 7% USt | D63: =-VLOOKUP($A63,'pl-data'!$A:$BR,8+D$3) -> 0 | E63: =-VLOOKUP($A63,'pl-data'!$A:$BR,38+E$3) -> 0 | F63: =-VLOOKUP($A63,'pl-data'!$A:$BR,23+F$3) -> 0 | G63: =IFERROR(F63/E63-1,"n/a") -> n/a | H63: =IFERROR(F63/D63-1,"n/a") -> n/a | J63: =-VLOOKUP($A63,'pl-data'!$A:$BR,8+J$3) -> 0 | K63: =-VLOOKUP($A63,'pl-data'!$A:$BR,38+K$3) -> 0 | L63: =-VLOOKUP($A63,'pl-data'!$A:$BR,23+L$3) -> 0 | M63: =IFERROR(L63/K63-1,"n/a") -> n/a | N63: =IFERROR(L63/J63-1,"n/a") -> n/a | P63: =-VLOOKUP($A63,'pl-data'!$A:$BR,8+P$3) -> 0 | Q63: =-VLOOKUP($A63,'pl-data'!$A:$BR,38+Q$3) -> 0 | R63: =-VLOOKUP($A63,'pl-data'!$A:$BR,23+R$3) -> 0 | S63: =IFERROR(R63/Q63-1,"n/a") -> n/a | T63: =IFERROR(R63/P63-1,"n/a") -> n/a | V63: =-VLOOKUP($A63,'pl-data'!$A:$BR,8+V$3) -> 0 | W63: =-VLOOKUP($A63,'pl-data'!$A:$BR,38+W$3) -> 0 | X63: =-VLOOKUP($A63,'pl-data'!$A:$BR,23+X$3) -> 0 | Y63: =IFERROR(X63/W63-1,"n/a") -> n/a | Z63: =IFERROR(X63/V63-1,"n/a") -> n/a | AB63: =-VLOOKUP($A63,'pl-data'!$A:$BR,8+AB$3) -> 0 | AC63: =-VLOOKUP($A63,'pl-data'!$A:$BR,38+AC$3) -> 0 | AD63: =-VLOOKUP($A63,'pl-data'!$A:$BR,23+AD$3) -> 0 | AE63: =IFERROR(AD63/AC63-1,"n/a") -> n/a | AF63: =IFERROR(AD63/AB63-1,"n/a") -> n/a | AH63: =-VLOOKUP($A63,'pl-data'!$A:$BR,8+AH$3) -> 0 | AI63: =-VLOOKUP($A63,'pl-data'!$A:$BR,38+AI$3) -> 0 | AJ63: =-VLOOKUP($A63,'pl-data'!$A:$BR,23+AJ$3) -> 0 | AK63: =IFERROR(AJ63/AI63-1,"n/a") -> n/a | AL63: =IFERROR(AJ63/AH63-1,"n/a") -> n/a | AN63: =-VLOOKUP($A63,'pl-data'!$A:$BR,8+AN$3) -> 0 | AO63: =-VLOOKUP($A63,'pl-data'!$A:$BR,38+AO$3) -> 0 | AP63: =-VLOOKUP($A63,'pl-data'!$A:$BR,23+AP$3) -> 0 | AQ63: =IFERROR(AP63/AO63-1,"n/a") -> n/a | AR63: =IFERROR(AP63/AN63-1,"n/a") -> n/a | AT63: =-VLOOKUP($A63,'pl-data'!$A:$BR,8+AT$3) -> 0 | AU63: =-VLOOKUP($A63,'pl-data'!$A:$BR,38+AU$3) -> 0 | AV63: =-VLOOKUP($A63,'pl-data'!$A:$BR,23+AV$3) -> 0 | AW63: =IFERROR(AV63/AU63-1,"n/a") -> n/a | AX63: =IFERROR(AV63/AT63-1,"n/a") -> n/a | AZ63: =-VLOOKUP($A63,'pl-data'!$A:$BR,8+AZ$3) -> 0 | BA63: =-VLOOKUP($A63,'pl-data'!$A:$BR,38+BA$3) -> 0 | BB63: =-VLOOKUP($A63,'pl-data'!$A:$BR,23+BB$3) -> 0 | BC63: =IFERROR(BB63/BA63-1,"n/a") -> n/a | BD63: =IFERROR(BB63/AZ63-1,"n/a") -> n/a | BF63: =-VLOOKUP($A63,'pl-data'!$A:$BR,8+BF$3) -> 0 | BG63: =-VLOOKUP($A63,'pl-data'!$A:$BR,38+BG$3) -> 0 | BH63: =-VLOOKUP($A63,'pl-data'!$A:$BR,23+BH$3) -> 0 | BI63: =IFERROR(BH63/BG63-1,"n/a") -> n/a | BJ63: =IFERROR(BH63/BF63-1,"n/a") -> n/a | BL63: =-VLOOKUP($A63,'pl-data'!$A:$BR,8+BL$3) -> 0 | BM63: =-VLOOKUP($A63,'pl-data'!$A:$BR,38+BM$3) -> 0 | BN63: =-VLOOKUP($A63,'pl-data'!$A:$BR,23+BN$3) -> 0 | BO63: =IFERROR(BN63/BM63-1,"n/a") -> n/a | BP63: =IFERROR(BN63/BL63-1,"n/a") -> n/a | BR63: =-VLOOKUP($A63,'pl-data'!$A:$BR,8+BR$3) -> 0 | BS63: =-VLOOKUP($A63,'pl-data'!$A:$BR,38+BS$3) -> 0 | BT63: =-VLOOKUP($A63,'pl-data'!$A:$BR,23+BT$3) -> 0 | BU63: =IFERROR(BT63/BS63-1,"n/a") -> n/a | BV63: =IFERROR(BT63/BR63-1,"n/a") -> n/a | BX63: =+BR63+BL63+BF63+AZ63+AT63+AN63+AH63+AB63+V63+P63+J63+D63 -> 0 | BY63: =+BS63+BM63+BG63+BA63+AU63+AO63+AI63+AC63+W63+Q63+K63+E63 -> 0 | BZ63: =+BT63+BN63+BH63+BB63+AV63+AP63+AJ63+AD63+X63+R63+L63+F63 -> 0 | CA63: =IFERROR(BZ63/BY63-1,"n/a") -> n/a | CB63: =IFERROR(BZ63/BX63-1,"n/a") -> n/a
A64: 8519 | B64: =+masterfile!D1275 -> 8519 Provisionsumsätze 19% USt | D64: =-VLOOKUP($A64,'pl-data'!$A:$BR,8+D$3) -> 0 | E64: =-VLOOKUP($A64,'pl-data'!$A:$BR,38+E$3) -> 0 | F64: =-VLOOKUP($A64,'pl-data'!$A:$BR,23+F$3) -> 0 | G64: =IFERROR(F64/E64-1,"n/a") -> n/a | H64: =IFERROR(F64/D64-1,"n/a") -> n/a | J64: =-VLOOKUP($A64,'pl-data'!$A:$BR,8+J$3) -> 0 | K64: =-VLOOKUP($A64,'pl-data'!$A:$BR,38+K$3) -> 0 | L64: =-VLOOKUP($A64,'pl-data'!$A:$BR,23+L$3) -> 0 | M64: =IFERROR(L64/K64-1,"n/a") -> n/a | N64: =IFERROR(L64/J64-1,"n/a") -> n/a | P64: =-VLOOKUP($A64,'pl-data'!$A:$BR,8+P$3) -> 0 | Q64: =-VLOOKUP($A64,'pl-data'!$A:$BR,38+Q$3) -> 0 | R64: =-VLOOKUP($A64,'pl-data'!$A:$BR,23+R$3) -> 0 | S64: =IFERROR(R64/Q64-1,"n/a") -> n/a | T64: =IFERROR(R64/P64-1,"n/a") -> n/a | V64: =-VLOOKUP($A64,'pl-data'!$A:$BR,8+V$3) -> 0 | W64: =-VLOOKUP($A64,'pl-data'!$A:$BR,38+W$3) -> 0 | X64: =-VLOOKUP($A64,'pl-data'!$A:$BR,23+X$3) -> 0 | Y64: =IFERROR(X64/W64-1,"n/a") -> n/a | Z64: =IFERROR(X64/V64-1,"n/a") -> n/a | AB64: =-VLOOKUP($A64,'pl-data'!$A:$BR,8+AB$3) -> 0 | AC64: =-VLOOKUP($A64,'pl-data'!$A:$BR,38+AC$3) -> 0 | AD64: =-VLOOKUP($A64,'pl-data'!$A:$BR,23+AD$3) -> 0 | AE64: =IFERROR(AD64/AC64-1,"n/a") -> n/a | AF64: =IFERROR(AD64/AB64-1,"n/a") -> n/a | AH64: =-VLOOKUP($A64,'pl-data'!$A:$BR,8+AH$3) -> 0 | AI64: =-VLOOKUP($A64,'pl-data'!$A:$BR,38+AI$3) -> 0 | AJ64: =-VLOOKUP($A64,'pl-data'!$A:$BR,23+AJ$3) -> 0 | AK64: =IFERROR(AJ64/AI64-1,"n/a") -> n/a | AL64: =IFERROR(AJ64/AH64-1,"n/a") -> n/a | AN64: =-VLOOKUP($A64,'pl-data'!$A:$BR,8+AN$3) -> 0 | AO64: =-VLOOKUP($A64,'pl-data'!$A:$BR,38+AO$3) -> 0 | AP64: =-VLOOKUP($A64,'pl-data'!$A:$BR,23+AP$3) -> 0 | AQ64: =IFERROR(AP64/AO64-1,"n/a") -> n/a | AR64: =IFERROR(AP64/AN64-1,"n/a") -> n/a | AT64: =-VLOOKUP($A64,'pl-data'!$A:$BR,8+AT$3) -> 0 | AU64: =-VLOOKUP($A64,'pl-data'!$A:$BR,38+AU$3) -> 0 | AV64: =-VLOOKUP($A64,'pl-data'!$A:$BR,23+AV$3) -> 0 | AW64: =IFERROR(AV64/AU64-1,"n/a") -> n/a | AX64: =IFERROR(AV64/AT64-1,"n/a") -> n/a | AZ64: =-VLOOKUP($A64,'pl-data'!$A:$BR,8+AZ$3) -> 0 | BA64: =-VLOOKUP($A64,'pl-data'!$A:$BR,38+BA$3) -> 0 | BB64: =-VLOOKUP($A64,'pl-data'!$A:$BR,23+BB$3) -> 0 | BC64: =IFERROR(BB64/BA64-1,"n/a") -> n/a | BD64: =IFERROR(BB64/AZ64-1,"n/a") -> n/a | BF64: =-VLOOKUP($A64,'pl-data'!$A:$BR,8+BF$3) -> 0 | BG64: =-VLOOKUP($A64,'pl-data'!$A:$BR,38+BG$3) -> 0 | BH64: =-VLOOKUP($A64,'pl-data'!$A:$BR,23+BH$3) -> 0 | BI64: =IFERROR(BH64/BG64-1,"n/a") -> n/a | BJ64: =IFERROR(BH64/BF64-1,"n/a") -> n/a | BL64: =-VLOOKUP($A64,'pl-data'!$A:$BR,8+BL$3) -> 0 | BM64: =-VLOOKUP($A64,'pl-data'!$A:$BR,38+BM$3) -> 0 | BN64: =-VLOOKUP($A64,'pl-data'!$A:$BR,23+BN$3) -> 0 | BO64: =IFERROR(BN64/BM64-1,"n/a") -> n/a | BP64: =IFERROR(BN64/BL64-1,"n/a") -> n/a | BR64: =-VLOOKUP($A64,'pl-data'!$A:$BR,8+BR$3) -> 0 | BS64: =-VLOOKUP($A64,'pl-data'!$A:$BR,38+BS$3) -> 0 | BT64: =-VLOOKUP($A64,'pl-data'!$A:$BR,23+BT$3) -> 0 | BU64: =IFERROR(BT64/BS64-1,"n/a") -> n/a | BV64: =IFERROR(BT64/BR64-1,"n/a") -> n/a | BX64: =+BR64+BL64+BF64+AZ64+AT64+AN64+AH64+AB64+V64+P64+J64+D64 -> 0 | BY64: =+BS64+BM64+BG64+BA64+AU64+AO64+AI64+AC64+W64+Q64+K64+E64 -> 0 | BZ64: =+BT64+BN64+BH64+BB64+AV64+AP64+AJ64+AD64+X64+R64+L64+F64 -> 0 | CA64: =IFERROR(BZ64/BY64-1,"n/a") -> n/a | CB64: =IFERROR(BZ64/BX64-1,"n/a") -> n/a
A65: 8520 | B65: =+masterfile!D1276 -> 8520 Erlöse Abfallverwertung | D65: =-VLOOKUP($A65,'pl-data'!$A:$BR,8+D$3) -> 0 | E65: =-VLOOKUP($A65,'pl-data'!$A:$BR,38+E$3) -> 0 | F65: =-VLOOKUP($A65,'pl-data'!$A:$BR,23+F$3) -> 0 | G65: =IFERROR(F65/E65-1,"n/a") -> n/a | H65: =IFERROR(F65/D65-1,"n/a") -> n/a | J65: =-VLOOKUP($A65,'pl-data'!$A:$BR,8+J$3) -> 0 | K65: =-VLOOKUP($A65,'pl-data'!$A:$BR,38+K$3) -> 0 | L65: =-VLOOKUP($A65,'pl-data'!$A:$BR,23+L$3) -> 0 | M65: =IFERROR(L65/K65-1,"n/a") -> n/a | N65: =IFERROR(L65/J65-1,"n/a") -> n/a | P65: =-VLOOKUP($A65,'pl-data'!$A:$BR,8+P$3) -> 0 | Q65: =-VLOOKUP($A65,'pl-data'!$A:$BR,38+Q$3) -> 0 | R65: =-VLOOKUP($A65,'pl-data'!$A:$BR,23+R$3) -> 0 | S65: =IFERROR(R65/Q65-1,"n/a") -> n/a | T65: =IFERROR(R65/P65-1,"n/a") -> n/a | V65: =-VLOOKUP($A65,'pl-data'!$A:$BR,8+V$3) -> 0 | W65: =-VLOOKUP($A65,'pl-data'!$A:$BR,38+W$3) -> 0 | X65: =-VLOOKUP($A65,'pl-data'!$A:$BR,23+X$3) -> 0 | Y65: =IFERROR(X65/W65-1,"n/a") -> n/a | Z65: =IFERROR(X65/V65-1,"n/a") -> n/a | AB65: =-VLOOKUP($A65,'pl-data'!$A:$BR,8+AB$3) -> 0 | AC65: =-VLOOKUP($A65,'pl-data'!$A:$BR,38+AC$3) -> 0 | AD65: =-VLOOKUP($A65,'pl-data'!$A:$BR,23+AD$3) -> 0 | AE65: =IFERROR(AD65/AC65-1,"n/a") -> n/a | AF65: =IFERROR(AD65/AB65-1,"n/a") -> n/a | AH65: =-VLOOKUP($A65,'pl-data'!$A:$BR,8+AH$3) -> 0 | AI65: =-VLOOKUP($A65,'pl-data'!$A:$BR,38+AI$3) -> 0 | AJ65: =-VLOOKUP($A65,'pl-data'!$A:$BR,23+AJ$3) -> 0 | AK65: =IFERROR(AJ65/AI65-1,"n/a") -> n/a | AL65: =IFERROR(AJ65/AH65-1,"n/a") -> n/a | AN65: =-VLOOKUP($A65,'pl-data'!$A:$BR,8+AN$3) -> 0 | AO65: =-VLOOKUP($A65,'pl-data'!$A:$BR,38+AO$3) -> 0 | AP65: =-VLOOKUP($A65,'pl-data'!$A:$BR,23+AP$3) -> 0 | AQ65: =IFERROR(AP65/AO65-1,"n/a") -> n/a | AR65: =IFERROR(AP65/AN65-1,"n/a") -> n/a | AT65: =-VLOOKUP($A65,'pl-data'!$A:$BR,8+AT$3) -> 0 | AU65: =-VLOOKUP($A65,'pl-data'!$A:$BR,38+AU$3) -> 0 | AV65: =-VLOOKUP($A65,'pl-data'!$A:$BR,23+AV$3) -> 0 | AW65: =IFERROR(AV65/AU65-1,"n/a") -> n/a | AX65: =IFERROR(AV65/AT65-1,"n/a") -> n/a | AZ65: =-VLOOKUP($A65,'pl-data'!$A:$BR,8+AZ$3) -> 0 | BA65: =-VLOOKUP($A65,'pl-data'!$A:$BR,38+BA$3) -> 0 | BB65: =-VLOOKUP($A65,'pl-data'!$A:$BR,23+BB$3) -> 0 | BC65: =IFERROR(BB65/BA65-1,"n/a") -> n/a | BD65: =IFERROR(BB65/AZ65-1,"n/a") -> n/a | BF65: =-VLOOKUP($A65,'pl-data'!$A:$BR,8+BF$3) -> 0 | BG65: =-VLOOKUP($A65,'pl-data'!$A:$BR,38+BG$3) -> 0 | BH65: =-VLOOKUP($A65,'pl-data'!$A:$BR,23+BH$3) -> 0 | BI65: =IFERROR(BH65/BG65-1,"n/a") -> n/a | BJ65: =IFERROR(BH65/BF65-1,"n/a") -> n/a | BL65: =-VLOOKUP($A65,'pl-data'!$A:$BR,8+BL$3) -> 0 | BM65: =-VLOOKUP($A65,'pl-data'!$A:$BR,38+BM$3) -> 0 | BN65: =-VLOOKUP($A65,'pl-data'!$A:$BR,23+BN$3) -> 0 | BO65: =IFERROR(BN65/BM65-1,"n/a") -> n/a | BP65: =IFERROR(BN65/BL65-1,"n/a") -> n/a | BR65: =-VLOOKUP($A65,'pl-data'!$A:$BR,8+BR$3) -> 0 | BS65: =-VLOOKUP($A65,'pl-data'!$A:$BR,38+BS$3) -> 0 | BT65: =-VLOOKUP($A65,'pl-data'!$A:$BR,23+BT$3) -> 0 | BU65: =IFERROR(BT65/BS65-1,"n/a") -> n/a | BV65: =IFERROR(BT65/BR65-1,"n/a") -> n/a | BX65: =+BR65+BL65+BF65+AZ65+AT65+AN65+AH65+AB65+V65+P65+J65+D65 -> 0 | BY65: =+BS65+BM65+BG65+BA65+AU65+AO65+AI65+AC65+W65+Q65+K65+E65 -> 0 | BZ65: =+BT65+BN65+BH65+BB65+AV65+AP65+AJ65+AD65+X65+R65+L65+F65 -> 0 | CA65: =IFERROR(BZ65/BY65-1,"n/a") -> n/a | CB65: =IFERROR(BZ65/BX65-1,"n/a") -> n/a
A66: 8540 | B66: =+masterfile!D1277 -> 8540 Erlöse Leergut | D66: =-VLOOKUP($A66,'pl-data'!$A:$BR,8+D$3) -> 0 | E66: =-VLOOKUP($A66,'pl-data'!$A:$BR,38+E$3) -> 0 | F66: =-VLOOKUP($A66,'pl-data'!$A:$BR,23+F$3) -> 0 | G66: =IFERROR(F66/E66-1,"n/a") -> n/a | H66: =IFERROR(F66/D66-1,"n/a") -> n/a | J66: =-VLOOKUP($A66,'pl-data'!$A:$BR,8+J$3) -> 0 | K66: =-VLOOKUP($A66,'pl-data'!$A:$BR,38+K$3) -> 0 | L66: =-VLOOKUP($A66,'pl-data'!$A:$BR,23+L$3) -> 0 | M66: =IFERROR(L66/K66-1,"n/a") -> n/a | N66: =IFERROR(L66/J66-1,"n/a") -> n/a | P66: =-VLOOKUP($A66,'pl-data'!$A:$BR,8+P$3) -> 0 | Q66: =-VLOOKUP($A66,'pl-data'!$A:$BR,38+Q$3) -> 0 | R66: =-VLOOKUP($A66,'pl-data'!$A:$BR,23+R$3) -> 0 | S66: =IFERROR(R66/Q66-1,"n/a") -> n/a | T66: =IFERROR(R66/P66-1,"n/a") -> n/a | V66: =-VLOOKUP($A66,'pl-data'!$A:$BR,8+V$3) -> 0 | W66: =-VLOOKUP($A66,'pl-data'!$A:$BR,38+W$3) -> 0 | X66: =-VLOOKUP($A66,'pl-data'!$A:$BR,23+X$3) -> 0 | Y66: =IFERROR(X66/W66-1,"n/a") -> n/a | Z66: =IFERROR(X66/V66-1,"n/a") -> n/a | AB66: =-VLOOKUP($A66,'pl-data'!$A:$BR,8+AB$3) -> 0 | AC66: =-VLOOKUP($A66,'pl-data'!$A:$BR,38+AC$3) -> 0 | AD66: =-VLOOKUP($A66,'pl-data'!$A:$BR,23+AD$3) -> 0 | AE66: =IFERROR(AD66/AC66-1,"n/a") -> n/a | AF66: =IFERROR(AD66/AB66-1,"n/a") -> n/a | AH66: =-VLOOKUP($A66,'pl-data'!$A:$BR,8+AH$3) -> 0 | AI66: =-VLOOKUP($A66,'pl-data'!$A:$BR,38+AI$3) -> 0 | AJ66: =-VLOOKUP($A66,'pl-data'!$A:$BR,23+AJ$3) -> 0 | AK66: =IFERROR(AJ66/AI66-1,"n/a") -> n/a | AL66: =IFERROR(AJ66/AH66-1,"n/a") -> n/a | AN66: =-VLOOKUP($A66,'pl-data'!$A:$BR,8+AN$3) -> 0 | AO66: =-VLOOKUP($A66,'pl-data'!$A:$BR,38+AO$3) -> 0 | AP66: =-VLOOKUP($A66,'pl-data'!$A:$BR,23+AP$3) -> 0 | AQ66: =IFERROR(AP66/AO66-1,"n/a") -> n/a | AR66: =IFERROR(AP66/AN66-1,"n/a") -> n/a | AT66: =-VLOOKUP($A66,'pl-data'!$A:$BR,8+AT$3) -> 0 | AU66: =-VLOOKUP($A66,'pl-data'!$A:$BR,38+AU$3) -> 0 | AV66: =-VLOOKUP($A66,'pl-data'!$A:$BR,23+AV$3) -> 0 | AW66: =IFERROR(AV66/AU66-1,"n/a") -> n/a | AX66: =IFERROR(AV66/AT66-1,"n/a") -> n/a | AZ66: =-VLOOKUP($A66,'pl-data'!$A:$BR,8+AZ$3) -> 0 | BA66: =-VLOOKUP($A66,'pl-data'!$A:$BR,38+BA$3) -> 0 | BB66: =-VLOOKUP($A66,'pl-data'!$A:$BR,23+BB$3) -> 0 | BC66: =IFERROR(BB66/BA66-1,"n/a") -> n/a | BD66: =IFERROR(BB66/AZ66-1,"n/a") -> n/a | BF66: =-VLOOKUP($A66,'pl-data'!$A:$BR,8+BF$3) -> 0 | BG66: =-VLOOKUP($A66,'pl-data'!$A:$BR,38+BG$3) -> 0 | BH66: =-VLOOKUP($A66,'pl-data'!$A:$BR,23+BH$3) -> 0 | BI66: =IFERROR(BH66/BG66-1,"n/a") -> n/a | BJ66: =IFERROR(BH66/BF66-1,"n/a") -> n/a | BL66: =-VLOOKUP($A66,'pl-data'!$A:$BR,8+BL$3) -> 0 | BM66: =-VLOOKUP($A66,'pl-data'!$A:$BR,38+BM$3) -> 0 | BN66: =-VLOOKUP($A66,'pl-data'!$A:$BR,23+BN$3) -> 0 | BO66: =IFERROR(BN66/BM66-1,"n/a") -> n/a | BP66: =IFERROR(BN66/BL66-1,"n/a") -> n/a | BR66: =-VLOOKUP($A66,'pl-data'!$A:$BR,8+BR$3) -> 0 | BS66: =-VLOOKUP($A66,'pl-data'!$A:$BR,38+BS$3) -> 0 | BT66: =-VLOOKUP($A66,'pl-data'!$A:$BR,23+BT$3) -> 0 | BU66: =IFERROR(BT66/BS66-1,"n/a") -> n/a | BV66: =IFERROR(BT66/BR66-1,"n/a") -> n/a | BX66: =+BR66+BL66+BF66+AZ66+AT66+AN66+AH66+AB66+V66+P66+J66+D66 -> 0 | BY66: =+BS66+BM66+BG66+BA66+AU66+AO66+AI66+AC66+W66+Q66+K66+E66 -> 0 | BZ66: =+BT66+BN66+BH66+BB66+AV66+AP66+AJ66+AD66+X66+R66+L66+F66 -> 0 | CA66: =IFERROR(BZ66/BY66-1,"n/a") -> n/a | CB66: =IFERROR(BZ66/BX66-1,"n/a") -> n/a
A67: 8570 | B67: =+masterfile!D1278 -> 8570 Provision, sonstige Erträge | D67: =-VLOOKUP($A67,'pl-data'!$A:$BR,8+D$3) -> 0 | E67: =-VLOOKUP($A67,'pl-data'!$A:$BR,38+E$3) -> 0 | F67: =-VLOOKUP($A67,'pl-data'!$A:$BR,23+F$3) -> 0 | G67: =IFERROR(F67/E67-1,"n/a") -> n/a | H67: =IFERROR(F67/D67-1,"n/a") -> n/a | J67: =-VLOOKUP($A67,'pl-data'!$A:$BR,8+J$3) -> 0 | K67: =-VLOOKUP($A67,'pl-data'!$A:$BR,38+K$3) -> 0 | L67: =-VLOOKUP($A67,'pl-data'!$A:$BR,23+L$3) -> 0 | M67: =IFERROR(L67/K67-1,"n/a") -> n/a | N67: =IFERROR(L67/J67-1,"n/a") -> n/a | P67: =-VLOOKUP($A67,'pl-data'!$A:$BR,8+P$3) -> 0 | Q67: =-VLOOKUP($A67,'pl-data'!$A:$BR,38+Q$3) -> 0 | R67: =-VLOOKUP($A67,'pl-data'!$A:$BR,23+R$3) -> 0 | S67: =IFERROR(R67/Q67-1,"n/a") -> n/a | T67: =IFERROR(R67/P67-1,"n/a") -> n/a | V67: =-VLOOKUP($A67,'pl-data'!$A:$BR,8+V$3) -> 0 | W67: =-VLOOKUP($A67,'pl-data'!$A:$BR,38+W$3) -> 0 | X67: =-VLOOKUP($A67,'pl-data'!$A:$BR,23+X$3) -> 0 | Y67: =IFERROR(X67/W67-1,"n/a") -> n/a | Z67: =IFERROR(X67/V67-1,"n/a") -> n/a | AB67: =-VLOOKUP($A67,'pl-data'!$A:$BR,8+AB$3) -> 0 | AC67: =-VLOOKUP($A67,'pl-data'!$A:$BR,38+AC$3) -> 0 | AD67: =-VLOOKUP($A67,'pl-data'!$A:$BR,23+AD$3) -> 0 | AE67: =IFERROR(AD67/AC67-1,"n/a") -> n/a | AF67: =IFERROR(AD67/AB67-1,"n/a") -> n/a | AH67: =-VLOOKUP($A67,'pl-data'!$A:$BR,8+AH$3) -> 0 | AI67: =-VLOOKUP($A67,'pl-data'!$A:$BR,38+AI$3) -> 0 | AJ67: =-VLOOKUP($A67,'pl-data'!$A:$BR,23+AJ$3) -> 0 | AK67: =IFERROR(AJ67/AI67-1,"n/a") -> n/a | AL67: =IFERROR(AJ67/AH67-1,"n/a") -> n/a | AN67: =-VLOOKUP($A67,'pl-data'!$A:$BR,8+AN$3) -> 0 | AO67: =-VLOOKUP($A67,'pl-data'!$A:$BR,38+AO$3) -> 0 | AP67: =-VLOOKUP($A67,'pl-data'!$A:$BR,23+AP$3) -> 0 | AQ67: =IFERROR(AP67/AO67-1,"n/a") -> n/a | AR67: =IFERROR(AP67/AN67-1,"n/a") -> n/a | AT67: =-VLOOKUP($A67,'pl-data'!$A:$BR,8+AT$3) -> 0 | AU67: =-VLOOKUP($A67,'pl-data'!$A:$BR,38+AU$3) -> 0 | AV67: =-VLOOKUP($A67,'pl-data'!$A:$BR,23+AV$3) -> 0 | AW67: =IFERROR(AV67/AU67-1,"n/a") -> n/a | AX67: =IFERROR(AV67/AT67-1,"n/a") -> n/a | AZ67: =-VLOOKUP($A67,'pl-data'!$A:$BR,8+AZ$3) -> 0 | BA67: =-VLOOKUP($A67,'pl-data'!$A:$BR,38+BA$3) -> 0 | BB67: =-VLOOKUP($A67,'pl-data'!$A:$BR,23+BB$3) -> 0 | BC67: =IFERROR(BB67/BA67-1,"n/a") -> n/a | BD67: =IFERROR(BB67/AZ67-1,"n/a") -> n/a | BF67: =-VLOOKUP($A67,'pl-data'!$A:$BR,8+BF$3) -> 0 | BG67: =-VLOOKUP($A67,'pl-data'!$A:$BR,38+BG$3) -> 0 | BH67: =-VLOOKUP($A67,'pl-data'!$A:$BR,23+BH$3) -> 0 | BI67: =IFERROR(BH67/BG67-1,"n/a") -> n/a | BJ67: =IFERROR(BH67/BF67-1,"n/a") -> n/a | BL67: =-VLOOKUP($A67,'pl-data'!$A:$BR,8+BL$3) -> 0 | BM67: =-VLOOKUP($A67,'pl-data'!$A:$BR,38+BM$3) -> 0 | BN67: =-VLOOKUP($A67,'pl-data'!$A:$BR,23+BN$3) -> 0 | BO67: =IFERROR(BN67/BM67-1,"n/a") -> n/a | BP67: =IFERROR(BN67/BL67-1,"n/a") -> n/a | BR67: =-VLOOKUP($A67,'pl-data'!$A:$BR,8+BR$3) -> 0 | BS67: =-VLOOKUP($A67,'pl-data'!$A:$BR,38+BS$3) -> 0 | BT67: =-VLOOKUP($A67,'pl-data'!$A:$BR,23+BT$3) -> 0 | BU67: =IFERROR(BT67/BS67-1,"n/a") -> n/a | BV67: =IFERROR(BT67/BR67-1,"n/a") -> n/a | BX67: =+BR67+BL67+BF67+AZ67+AT67+AN67+AH67+AB67+V67+P67+J67+D67 -> 0 | BY67: =+BS67+BM67+BG67+BA67+AU67+AO67+AI67+AC67+W67+Q67+K67+E67 -> 0 | BZ67: =+BT67+BN67+BH67+BB67+AV67+AP67+AJ67+AD67+X67+R67+L67+F67 -> 0 | CA67: =IFERROR(BZ67/BY67-1,"n/a") -> n/a | CB67: =IFERROR(BZ67/BX67-1,"n/a") -> n/a
A68: 8574 | B68: =+masterfile!D1279 -> 8574 Provision so.Ertr.stfr. § 4 Nr.8 ff UStG | D68: =-VLOOKUP($A68,'pl-data'!$A:$BR,8+D$3) -> 0 | E68: =-VLOOKUP($A68,'pl-data'!$A:$BR,38+E$3) -> 0 | F68: =-VLOOKUP($A68,'pl-data'!$A:$BR,23+F$3) -> 0 | G68: =IFERROR(F68/E68-1,"n/a") -> n/a | H68: =IFERROR(F68/D68-1,"n/a") -> n/a | J68: =-VLOOKUP($A68,'pl-data'!$A:$BR,8+J$3) -> 0 | K68: =-VLOOKUP($A68,'pl-data'!$A:$BR,38+K$3) -> 0 | L68: =-VLOOKUP($A68,'pl-data'!$A:$BR,23+L$3) -> 0 | M68: =IFERROR(L68/K68-1,"n/a") -> n/a | N68: =IFERROR(L68/J68-1,"n/a") -> n/a | P68: =-VLOOKUP($A68,'pl-data'!$A:$BR,8+P$3) -> 0 | Q68: =-VLOOKUP($A68,'pl-data'!$A:$BR,38+Q$3) -> 0 | R68: =-VLOOKUP($A68,'pl-data'!$A:$BR,23+R$3) -> 0 | S68: =IFERROR(R68/Q68-1,"n/a") -> n/a | T68: =IFERROR(R68/P68-1,"n/a") -> n/a | V68: =-VLOOKUP($A68,'pl-data'!$A:$BR,8+V$3) -> 0 | W68: =-VLOOKUP($A68,'pl-data'!$A:$BR,38+W$3) -> 0 | X68: =-VLOOKUP($A68,'pl-data'!$A:$BR,23+X$3) -> 0 | Y68: =IFERROR(X68/W68-1,"n/a") -> n/a | Z68: =IFERROR(X68/V68-1,"n/a") -> n/a | AB68: =-VLOOKUP($A68,'pl-data'!$A:$BR,8+AB$3) -> 0 | AC68: =-VLOOKUP($A68,'pl-data'!$A:$BR,38+AC$3) -> 0 | AD68: =-VLOOKUP($A68,'pl-data'!$A:$BR,23+AD$3) -> 0 | AE68: =IFERROR(AD68/AC68-1,"n/a") -> n/a | AF68: =IFERROR(AD68/AB68-1,"n/a") -> n/a | AH68: =-VLOOKUP($A68,'pl-data'!$A:$BR,8+AH$3) -> 0 | AI68: =-VLOOKUP($A68,'pl-data'!$A:$BR,38+AI$3) -> 0 | AJ68: =-VLOOKUP($A68,'pl-data'!$A:$BR,23+AJ$3) -> 0 | AK68: =IFERROR(AJ68/AI68-1,"n/a") -> n/a | AL68: =IFERROR(AJ68/AH68-1,"n/a") -> n/a | AN68: =-VLOOKUP($A68,'pl-data'!$A:$BR,8+AN$3) -> 0 | AO68: =-VLOOKUP($A68,'pl-data'!$A:$BR,38+AO$3) -> 0 | AP68: =-VLOOKUP($A68,'pl-data'!$A:$BR,23+AP$3) -> 0 | AQ68: =IFERROR(AP68/AO68-1,"n/a") -> n/a | AR68: =IFERROR(AP68/AN68-1,"n/a") -> n/a | AT68: =-VLOOKUP($A68,'pl-data'!$A:$BR,8+AT$3) -> 0 | AU68: =-VLOOKUP($A68,'pl-data'!$A:$BR,38+AU$3) -> 0 | AV68: =-VLOOKUP($A68,'pl-data'!$A:$BR,23+AV$3) -> 0 | AW68: =IFERROR(AV68/AU68-1,"n/a") -> n/a | AX68: =IFERROR(AV68/AT68-1,"n/a") -> n/a | AZ68: =-VLOOKUP($A68,'pl-data'!$A:$BR,8+AZ$3) -> 0 | BA68: =-VLOOKUP($A68,'pl-data'!$A:$BR,38+BA$3) -> 0 | BB68: =-VLOOKUP($A68,'pl-data'!$A:$BR,23+BB$3) -> 0 | BC68: =IFERROR(BB68/BA68-1,"n/a") -> n/a | BD68: =IFERROR(BB68/AZ68-1,"n/a") -> n/a | BF68: =-VLOOKUP($A68,'pl-data'!$A:$BR,8+BF$3) -> 0 | BG68: =-VLOOKUP($A68,'pl-data'!$A:$BR,38+BG$3) -> 0 | BH68: =-VLOOKUP($A68,'pl-data'!$A:$BR,23+BH$3) -> 0 | BI68: =IFERROR(BH68/BG68-1,"n/a") -> n/a | BJ68: =IFERROR(BH68/BF68-1,"n/a") -> n/a | BL68: =-VLOOKUP($A68,'pl-data'!$A:$BR,8+BL$3) -> 0 | BM68: =-VLOOKUP($A68,'pl-data'!$A:$BR,38+BM$3) -> 0 | BN68: =-VLOOKUP($A68,'pl-data'!$A:$BR,23+BN$3) -> 0 | BO68: =IFERROR(BN68/BM68-1,"n/a") -> n/a | BP68: =IFERROR(BN68/BL68-1,"n/a") -> n/a | BR68: =-VLOOKUP($A68,'pl-data'!$A:$BR,8+BR$3) -> 0 | BS68: =-VLOOKUP($A68,'pl-data'!$A:$BR,38+BS$3) -> 0 | BT68: =-VLOOKUP($A68,'pl-data'!$A:$BR,23+BT$3) -> 0 | BU68: =IFERROR(BT68/BS68-1,"n/a") -> n/a | BV68: =IFERROR(BT68/BR68-1,"n/a") -> n/a | BX68: =+BR68+BL68+BF68+AZ68+AT68+AN68+AH68+AB68+V68+P68+J68+D68 -> 0 | BY68: =+BS68+BM68+BG68+BA68+AU68+AO68+AI68+AC68+W68+Q68+K68+E68 -> 0 | BZ68: =+BT68+BN68+BH68+BB68+AV68+AP68+AJ68+AD68+X68+R68+L68+F68 -> 0 | CA68: =IFERROR(BZ68/BY68-1,"n/a") -> n/a | CB68: =IFERROR(BZ68/BX68-1,"n/a") -> n/a
A69: 8575 | B69: =+masterfile!D1280 -> 8575 Provision so.Ertr.stfr. § 4 Nr. 5 UStG | D69: =-VLOOKUP($A69,'pl-data'!$A:$BR,8+D$3) -> 0 | E69: =-VLOOKUP($A69,'pl-data'!$A:$BR,38+E$3) -> 0 | F69: =-VLOOKUP($A69,'pl-data'!$A:$BR,23+F$3) -> 0 | G69: =IFERROR(F69/E69-1,"n/a") -> n/a | H69: =IFERROR(F69/D69-1,"n/a") -> n/a | J69: =-VLOOKUP($A69,'pl-data'!$A:$BR,8+J$3) -> 0 | K69: =-VLOOKUP($A69,'pl-data'!$A:$BR,38+K$3) -> 0 | L69: =-VLOOKUP($A69,'pl-data'!$A:$BR,23+L$3) -> 0 | M69: =IFERROR(L69/K69-1,"n/a") -> n/a | N69: =IFERROR(L69/J69-1,"n/a") -> n/a | P69: =-VLOOKUP($A69,'pl-data'!$A:$BR,8+P$3) -> 0 | Q69: =-VLOOKUP($A69,'pl-data'!$A:$BR,38+Q$3) -> 0 | R69: =-VLOOKUP($A69,'pl-data'!$A:$BR,23+R$3) -> 0 | S69: =IFERROR(R69/Q69-1,"n/a") -> n/a | T69: =IFERROR(R69/P69-1,"n/a") -> n/a | V69: =-VLOOKUP($A69,'pl-data'!$A:$BR,8+V$3) -> 0 | W69: =-VLOOKUP($A69,'pl-data'!$A:$BR,38+W$3) -> 0 | X69: =-VLOOKUP($A69,'pl-data'!$A:$BR,23+X$3) -> 0 | Y69: =IFERROR(X69/W69-1,"n/a") -> n/a | Z69: =IFERROR(X69/V69-1,"n/a") -> n/a | AB69: =-VLOOKUP($A69,'pl-data'!$A:$BR,8+AB$3) -> 0 | AC69: =-VLOOKUP($A69,'pl-data'!$A:$BR,38+AC$3) -> 0 | AD69: =-VLOOKUP($A69,'pl-data'!$A:$BR,23+AD$3) -> 0 | AE69: =IFERROR(AD69/AC69-1,"n/a") -> n/a | AF69: =IFERROR(AD69/AB69-1,"n/a") -> n/a | AH69: =-VLOOKUP($A69,'pl-data'!$A:$BR,8+AH$3) -> 0 | AI69: =-VLOOKUP($A69,'pl-data'!$A:$BR,38+AI$3) -> 0 | AJ69: =-VLOOKUP($A69,'pl-data'!$A:$BR,23+AJ$3) -> 0 | AK69: =IFERROR(AJ69/AI69-1,"n/a") -> n/a | AL69: =IFERROR(AJ69/AH69-1,"n/a") -> n/a | AN69: =-VLOOKUP($A69,'pl-data'!$A:$BR,8+AN$3) -> 0 | AO69: =-VLOOKUP($A69,'pl-data'!$A:$BR,38+AO$3) -> 0 | AP69: =-VLOOKUP($A69,'pl-data'!$A:$BR,23+AP$3) -> 0 | AQ69: =IFERROR(AP69/AO69-1,"n/a") -> n/a | AR69: =IFERROR(AP69/AN69-1,"n/a") -> n/a | AT69: =-VLOOKUP($A69,'pl-data'!$A:$BR,8+AT$3) -> 0 | AU69: =-VLOOKUP($A69,'pl-data'!$A:$BR,38+AU$3) -> 0 | AV69: =-VLOOKUP($A69,'pl-data'!$A:$BR,23+AV$3) -> 0 | AW69: =IFERROR(AV69/AU69-1,"n/a") -> n/a | AX69: =IFERROR(AV69/AT69-1,"n/a") -> n/a | AZ69: =-VLOOKUP($A69,'pl-data'!$A:$BR,8+AZ$3) -> 0 | BA69: =-VLOOKUP($A69,'pl-data'!$A:$BR,38+BA$3) -> 0 | BB69: =-VLOOKUP($A69,'pl-data'!$A:$BR,23+BB$3) -> 0 | BC69: =IFERROR(BB69/BA69-1,"n/a") -> n/a | BD69: =IFERROR(BB69/AZ69-1,"n/a") -> n/a | BF69: =-VLOOKUP($A69,'pl-data'!$A:$BR,8+BF$3) -> 0 | BG69: =-VLOOKUP($A69,'pl-data'!$A:$BR,38+BG$3) -> 0 | BH69: =-VLOOKUP($A69,'pl-data'!$A:$BR,23+BH$3) -> 0 | BI69: =IFERROR(BH69/BG69-1,"n/a") -> n/a | BJ69: =IFERROR(BH69/BF69-1,"n/a") -> n/a | BL69: =-VLOOKUP($A69,'pl-data'!$A:$BR,8+BL$3) -> 0 | BM69: =-VLOOKUP($A69,'pl-data'!$A:$BR,38+BM$3) -> 0 | BN69: =-VLOOKUP($A69,'pl-data'!$A:$BR,23+BN$3) -> 0 | BO69: =IFERROR(BN69/BM69-1,"n/a") -> n/a | BP69: =IFERROR(BN69/BL69-1,"n/a") -> n/a | BR69: =-VLOOKUP($A69,'pl-data'!$A:$BR,8+BR$3) -> 0 | BS69: =-VLOOKUP($A69,'pl-data'!$A:$BR,38+BS$3) -> 0 | BT69: =-VLOOKUP($A69,'pl-data'!$A:$BR,23+BT$3) -> 0 | BU69: =IFERROR(BT69/BS69-1,"n/a") -> n/a | BV69: =IFERROR(BT69/BR69-1,"n/a") -> n/a | BX69: =+BR69+BL69+BF69+AZ69+AT69+AN69+AH69+AB69+V69+P69+J69+D69 -> 0 | BY69: =+BS69+BM69+BG69+BA69+AU69+AO69+AI69+AC69+W69+Q69+K69+E69 -> 0 | BZ69: =+BT69+BN69+BH69+BB69+AV69+AP69+AJ69+AD69+X69+R69+L69+F69 -> 0 | CA69: =IFERROR(BZ69/BY69-1,"n/a") -> n/a | CB69: =IFERROR(BZ69/BX69-1,"n/a") -> n/a
A70: 8576 | B70: =+masterfile!D1281 -> 8576 Provision, sonstige Erträge 7% USt | D70: =-VLOOKUP($A70,'pl-data'!$A:$BR,8+D$3) -> 0 | E70: =-VLOOKUP($A70,'pl-data'!$A:$BR,38+E$3) -> 0 | F70: =-VLOOKUP($A70,'pl-data'!$A:$BR,23+F$3) -> 0 | G70: =IFERROR(F70/E70-1,"n/a") -> n/a | H70: =IFERROR(F70/D70-1,"n/a") -> n/a | J70: =-VLOOKUP($A70,'pl-data'!$A:$BR,8+J$3) -> 0 | K70: =-VLOOKUP($A70,'pl-data'!$A:$BR,38+K$3) -> 0 | L70: =-VLOOKUP($A70,'pl-data'!$A:$BR,23+L$3) -> 0 | M70: =IFERROR(L70/K70-1,"n/a") -> n/a | N70: =IFERROR(L70/J70-1,"n/a") -> n/a | P70: =-VLOOKUP($A70,'pl-data'!$A:$BR,8+P$3) -> 0 | Q70: =-VLOOKUP($A70,'pl-data'!$A:$BR,38+Q$3) -> 0 | R70: =-VLOOKUP($A70,'pl-data'!$A:$BR,23+R$3) -> 0 | S70: =IFERROR(R70/Q70-1,"n/a") -> n/a | T70: =IFERROR(R70/P70-1,"n/a") -> n/a | V70: =-VLOOKUP($A70,'pl-data'!$A:$BR,8+V$3) -> 0 | W70: =-VLOOKUP($A70,'pl-data'!$A:$BR,38+W$3) -> 0 | X70: =-VLOOKUP($A70,'pl-data'!$A:$BR,23+X$3) -> 0 | Y70: =IFERROR(X70/W70-1,"n/a") -> n/a | Z70: =IFERROR(X70/V70-1,"n/a") -> n/a | AB70: =-VLOOKUP($A70,'pl-data'!$A:$BR,8+AB$3) -> 0 | AC70: =-VLOOKUP($A70,'pl-data'!$A:$BR,38+AC$3) -> 0 | AD70: =-VLOOKUP($A70,'pl-data'!$A:$BR,23+AD$3) -> 0 | AE70: =IFERROR(AD70/AC70-1,"n/a") -> n/a | AF70: =IFERROR(AD70/AB70-1,"n/a") -> n/a | AH70: =-VLOOKUP($A70,'pl-data'!$A:$BR,8+AH$3) -> 0 | AI70: =-VLOOKUP($A70,'pl-data'!$A:$BR,38+AI$3) -> 0 | AJ70: =-VLOOKUP($A70,'pl-data'!$A:$BR,23+AJ$3) -> 0 | AK70: =IFERROR(AJ70/AI70-1,"n/a") -> n/a | AL70: =IFERROR(AJ70/AH70-1,"n/a") -> n/a | AN70: =-VLOOKUP($A70,'pl-data'!$A:$BR,8+AN$3) -> 0 | AO70: =-VLOOKUP($A70,'pl-data'!$A:$BR,38+AO$3) -> 0 | AP70: =-VLOOKUP($A70,'pl-data'!$A:$BR,23+AP$3) -> 0 | AQ70: =IFERROR(AP70/AO70-1,"n/a") -> n/a | AR70: =IFERROR(AP70/AN70-1,"n/a") -> n/a | AT70: =-VLOOKUP($A70,'pl-data'!$A:$BR,8+AT$3) -> 0 | AU70: =-VLOOKUP($A70,'pl-data'!$A:$BR,38+AU$3) -> 0 | AV70: =-VLOOKUP($A70,'pl-data'!$A:$BR,23+AV$3) -> 0 | AW70: =IFERROR(AV70/AU70-1,"n/a") -> n/a | AX70: =IFERROR(AV70/AT70-1,"n/a") -> n/a | AZ70: =-VLOOKUP($A70,'pl-data'!$A:$BR,8+AZ$3) -> 0 | BA70: =-VLOOKUP($A70,'pl-data'!$A:$BR,38+BA$3) -> 0 | BB70: =-VLOOKUP($A70,'pl-data'!$A:$BR,23+BB$3) -> 0 | BC70: =IFERROR(BB70/BA70-1,"n/a") -> n/a | BD70: =IFERROR(BB70/AZ70-1,"n/a") -> n/a | BF70: =-VLOOKUP($A70,'pl-data'!$A:$BR,8+BF$3) -> 0 | BG70: =-VLOOKUP($A70,'pl-data'!$A:$BR,38+BG$3) -> 0 | BH70: =-VLOOKUP($A70,'pl-data'!$A:$BR,23+BH$3) -> 0 | BI70: =IFERROR(BH70/BG70-1,"n/a") -> n/a | BJ70: =IFERROR(BH70/BF70-1,"n/a") -> n/a | BL70: =-VLOOKUP($A70,'pl-data'!$A:$BR,8+BL$3) -> 0 | BM70: =-VLOOKUP($A70,'pl-data'!$A:$BR,38+BM$3) -> 0 | BN70: =-VLOOKUP($A70,'pl-data'!$A:$BR,23+BN$3) -> 0 | BO70: =IFERROR(BN70/BM70-1,"n/a") -> n/a | BP70: =IFERROR(BN70/BL70-1,"n/a") -> n/a | BR70: =-VLOOKUP($A70,'pl-data'!$A:$BR,8+BR$3) -> 0 | BS70: =-VLOOKUP($A70,'pl-data'!$A:$BR,38+BS$3) -> 0 | BT70: =-VLOOKUP($A70,'pl-data'!$A:$BR,23+BT$3) -> 0 | BU70: =IFERROR(BT70/BS70-1,"n/a") -> n/a | BV70: =IFERROR(BT70/BR70-1,"n/a") -> n/a | BX70: =+BR70+BL70+BF70+AZ70+AT70+AN70+AH70+AB70+V70+P70+J70+D70 -> 0 | BY70: =+BS70+BM70+BG70+BA70+AU70+AO70+AI70+AC70+W70+Q70+K70+E70 -> 0 | BZ70: =+BT70+BN70+BH70+BB70+AV70+AP70+AJ70+AD70+X70+R70+L70+F70 -> 0 | CA70: =IFERROR(BZ70/BY70-1,"n/a") -> n/a | CB70: =IFERROR(BZ70/BX70-1,"n/a") -> n/a
A71: 8579 | B71: =+masterfile!D1282 -> 8579 Provision, sonstige Erträge 19% USt | D71: =-VLOOKUP($A71,'pl-data'!$A:$BR,8+D$3) -> 0 | E71: =-VLOOKUP($A71,'pl-data'!$A:$BR,38+E$3) -> 0 | F71: =-VLOOKUP($A71,'pl-data'!$A:$BR,23+F$3) -> 0 | G71: =IFERROR(F71/E71-1,"n/a") -> n/a | H71: =IFERROR(F71/D71-1,"n/a") -> n/a | J71: =-VLOOKUP($A71,'pl-data'!$A:$BR,8+J$3) -> 0 | K71: =-VLOOKUP($A71,'pl-data'!$A:$BR,38+K$3) -> 0 | L71: =-VLOOKUP($A71,'pl-data'!$A:$BR,23+L$3) -> 0 | M71: =IFERROR(L71/K71-1,"n/a") -> n/a | N71: =IFERROR(L71/J71-1,"n/a") -> n/a | P71: =-VLOOKUP($A71,'pl-data'!$A:$BR,8+P$3) -> 0 | Q71: =-VLOOKUP($A71,'pl-data'!$A:$BR,38+Q$3) -> 0 | R71: =-VLOOKUP($A71,'pl-data'!$A:$BR,23+R$3) -> 0 | S71: =IFERROR(R71/Q71-1,"n/a") -> n/a | T71: =IFERROR(R71/P71-1,"n/a") -> n/a | V71: =-VLOOKUP($A71,'pl-data'!$A:$BR,8+V$3) -> 0 | W71: =-VLOOKUP($A71,'pl-data'!$A:$BR,38+W$3) -> 0 | X71: =-VLOOKUP($A71,'pl-data'!$A:$BR,23+X$3) -> 0 | Y71: =IFERROR(X71/W71-1,"n/a") -> n/a | Z71: =IFERROR(X71/V71-1,"n/a") -> n/a | AB71: =-VLOOKUP($A71,'pl-data'!$A:$BR,8+AB$3) -> 0 | AC71: =-VLOOKUP($A71,'pl-data'!$A:$BR,38+AC$3) -> 0 | AD71: =-VLOOKUP($A71,'pl-data'!$A:$BR,23+AD$3) -> 0 | AE71: =IFERROR(AD71/AC71-1,"n/a") -> n/a | AF71: =IFERROR(AD71/AB71-1,"n/a") -> n/a | AH71: =-VLOOKUP($A71,'pl-data'!$A:$BR,8+AH$3) -> 0 | AI71: =-VLOOKUP($A71,'pl-data'!$A:$BR,38+AI$3) -> 0 | AJ71: =-VLOOKUP($A71,'pl-data'!$A:$BR,23+AJ$3) -> 0 | AK71: =IFERROR(AJ71/AI71-1,"n/a") -> n/a | AL71: =IFERROR(AJ71/AH71-1,"n/a") -> n/a | AN71: =-VLOOKUP($A71,'pl-data'!$A:$BR,8+AN$3) -> 0 | AO71: =-VLOOKUP($A71,'pl-data'!$A:$BR,38+AO$3) -> 0 | AP71: =-VLOOKUP($A71,'pl-data'!$A:$BR,23+AP$3) -> 0 | AQ71: =IFERROR(AP71/AO71-1,"n/a") -> n/a | AR71: =IFERROR(AP71/AN71-1,"n/a") -> n/a | AT71: =-VLOOKUP($A71,'pl-data'!$A:$BR,8+AT$3) -> 0 | AU71: =-VLOOKUP($A71,'pl-data'!$A:$BR,38+AU$3) -> 0 | AV71: =-VLOOKUP($A71,'pl-data'!$A:$BR,23+AV$3) -> 0 | AW71: =IFERROR(AV71/AU71-1,"n/a") -> n/a | AX71: =IFERROR(AV71/AT71-1,"n/a") -> n/a | AZ71: =-VLOOKUP($A71,'pl-data'!$A:$BR,8+AZ$3) -> 0 | BA71: =-VLOOKUP($A71,'pl-data'!$A:$BR,38+BA$3) -> 0 | BB71: =-VLOOKUP($A71,'pl-data'!$A:$BR,23+BB$3) -> 0 | BC71: =IFERROR(BB71/BA71-1,"n/a") -> n/a | BD71: =IFERROR(BB71/AZ71-1,"n/a") -> n/a | BF71: =-VLOOKUP($A71,'pl-data'!$A:$BR,8+BF$3) -> 0 | BG71: =-VLOOKUP($A71,'pl-data'!$A:$BR,38+BG$3) -> 0 | BH71: =-VLOOKUP($A71,'pl-data'!$A:$BR,23+BH$3) -> 0 | BI71: =IFERROR(BH71/BG71-1,"n/a") -> n/a | BJ71: =IFERROR(BH71/BF71-1,"n/a") -> n/a | BL71: =-VLOOKUP($A71,'pl-data'!$A:$BR,8+BL$3) -> 0 | BM71: =-VLOOKUP($A71,'pl-data'!$A:$BR,38+BM$3) -> 0 | BN71: =-VLOOKUP($A71,'pl-data'!$A:$BR,23+BN$3) -> 0 | BO71: =IFERROR(BN71/BM71-1,"n/a") -> n/a | BP71: =IFERROR(BN71/BL71-1,"n/a") -> n/a | BR71: =-VLOOKUP($A71,'pl-data'!$A:$BR,8+BR$3) -> 0 | BS71: =-VLOOKUP($A71,'pl-data'!$A:$BR,38+BS$3) -> 0 | BT71: =-VLOOKUP($A71,'pl-data'!$A:$BR,23+BT$3) -> 0 | BU71: =IFERROR(BT71/BS71-1,"n/a") -> n/a | BV71: =IFERROR(BT71/BR71-1,"n/a") -> n/a | BX71: =+BR71+BL71+BF71+AZ71+AT71+AN71+AH71+AB71+V71+P71+J71+D71 -> 0 | BY71: =+BS71+BM71+BG71+BA71+AU71+AO71+AI71+AC71+W71+Q71+K71+E71 -> 0 | BZ71: =+BT71+BN71+BH71+BB71+AV71+AP71+AJ71+AD71+X71+R71+L71+F71 -> 0 | CA71: =IFERROR(BZ71/BY71-1,"n/a") -> n/a | CB71: =IFERROR(BZ71/BX71-1,"n/a") -> n/a
A72: 8607 | B72: =+masterfile!D1295 -> 8607 Andere Nebenerlöse | D72: =-VLOOKUP($A72,'pl-data'!$A:$BR,8+D$3) -> 0 | E72: =-VLOOKUP($A72,'pl-data'!$A:$BR,38+E$3) -> 0 | F72: =-VLOOKUP($A72,'pl-data'!$A:$BR,23+F$3) -> 0 | G72: =IFERROR(F72/E72-1,"n/a") -> n/a | H72: =IFERROR(F72/D72-1,"n/a") -> n/a | J72: =-VLOOKUP($A72,'pl-data'!$A:$BR,8+J$3) -> 0 | K72: =-VLOOKUP($A72,'pl-data'!$A:$BR,38+K$3) -> 0 | L72: =-VLOOKUP($A72,'pl-data'!$A:$BR,23+L$3) -> 0 | M72: =IFERROR(L72/K72-1,"n/a") -> n/a | N72: =IFERROR(L72/J72-1,"n/a") -> n/a | P72: =-VLOOKUP($A72,'pl-data'!$A:$BR,8+P$3) -> 0 | Q72: =-VLOOKUP($A72,'pl-data'!$A:$BR,38+Q$3) -> 0 | R72: =-VLOOKUP($A72,'pl-data'!$A:$BR,23+R$3) -> 0 | S72: =IFERROR(R72/Q72-1,"n/a") -> n/a | T72: =IFERROR(R72/P72-1,"n/a") -> n/a | V72: =-VLOOKUP($A72,'pl-data'!$A:$BR,8+V$3) -> 0 | W72: =-VLOOKUP($A72,'pl-data'!$A:$BR,38+W$3) -> 0 | X72: =-VLOOKUP($A72,'pl-data'!$A:$BR,23+X$3) -> 0 | Y72: =IFERROR(X72/W72-1,"n/a") -> n/a | Z72: =IFERROR(X72/V72-1,"n/a") -> n/a | AB72: =-VLOOKUP($A72,'pl-data'!$A:$BR,8+AB$3) -> 0 | AC72: =-VLOOKUP($A72,'pl-data'!$A:$BR,38+AC$3) -> 0 | AD72: =-VLOOKUP($A72,'pl-data'!$A:$BR,23+AD$3) -> 0 | AE72: =IFERROR(AD72/AC72-1,"n/a") -> n/a | AF72: =IFERROR(AD72/AB72-1,"n/a") -> n/a | AH72: =-VLOOKUP($A72,'pl-data'!$A:$BR,8+AH$3) -> 0 | AI72: =-VLOOKUP($A72,'pl-data'!$A:$BR,38+AI$3) -> 0 | AJ72: =-VLOOKUP($A72,'pl-data'!$A:$BR,23+AJ$3) -> 0 | AK72: =IFERROR(AJ72/AI72-1,"n/a") -> n/a | AL72: =IFERROR(AJ72/AH72-1,"n/a") -> n/a | AN72: =-VLOOKUP($A72,'pl-data'!$A:$BR,8+AN$3) -> 0 | AO72: =-VLOOKUP($A72,'pl-data'!$A:$BR,38+AO$3) -> 0 | AP72: =-VLOOKUP($A72,'pl-data'!$A:$BR,23+AP$3) -> 0 | AQ72: =IFERROR(AP72/AO72-1,"n/a") -> n/a | AR72: =IFERROR(AP72/AN72-1,"n/a") -> n/a | AT72: =-VLOOKUP($A72,'pl-data'!$A:$BR,8+AT$3) -> 0 | AU72: =-VLOOKUP($A72,'pl-data'!$A:$BR,38+AU$3) -> 0 | AV72: =-VLOOKUP($A72,'pl-data'!$A:$BR,23+AV$3) -> 0 | AW72: =IFERROR(AV72/AU72-1,"n/a") -> n/a | AX72: =IFERROR(AV72/AT72-1,"n/a") -> n/a | AZ72: =-VLOOKUP($A72,'pl-data'!$A:$BR,8+AZ$3) -> 0 | BA72: =-VLOOKUP($A72,'pl-data'!$A:$BR,38+BA$3) -> 0 | BB72: =-VLOOKUP($A72,'pl-data'!$A:$BR,23+BB$3) -> 0 | BC72: =IFERROR(BB72/BA72-1,"n/a") -> n/a | BD72: =IFERROR(BB72/AZ72-1,"n/a") -> n/a | BF72: =-VLOOKUP($A72,'pl-data'!$A:$BR,8+BF$3) -> 0 | BG72: =-VLOOKUP($A72,'pl-data'!$A:$BR,38+BG$3) -> 0 | BH72: =-VLOOKUP($A72,'pl-data'!$A:$BR,23+BH$3) -> 0 | BI72: =IFERROR(BH72/BG72-1,"n/a") -> n/a | BJ72: =IFERROR(BH72/BF72-1,"n/a") -> n/a | BL72: =-VLOOKUP($A72,'pl-data'!$A:$BR,8+BL$3) -> 0 | BM72: =-VLOOKUP($A72,'pl-data'!$A:$BR,38+BM$3) -> 0 | BN72: =-VLOOKUP($A72,'pl-data'!$A:$BR,23+BN$3) -> 0 | BO72: =IFERROR(BN72/BM72-1,"n/a") -> n/a | BP72: =IFERROR(BN72/BL72-1,"n/a") -> n/a | BR72: =-VLOOKUP($A72,'pl-data'!$A:$BR,8+BR$3) -> 0 | BS72: =-VLOOKUP($A72,'pl-data'!$A:$BR,38+BS$3) -> 0 | BT72: =-VLOOKUP($A72,'pl-data'!$A:$BR,23+BT$3) -> 0 | BU72: =IFERROR(BT72/BS72-1,"n/a") -> n/a | BV72: =IFERROR(BT72/BR72-1,"n/a") -> n/a | BX72: =+BR72+BL72+BF72+AZ72+AT72+AN72+AH72+AB72+V72+P72+J72+D72 -> 0 | BY72: =+BS72+BM72+BG72+BA72+AU72+AO72+AI72+AC72+W72+Q72+K72+E72 -> 0 | BZ72: =+BT72+BN72+BH72+BB72+AV72+AP72+AJ72+AD72+X72+R72+L72+F72 -> 0 | CA72: =IFERROR(BZ72/BY72-1,"n/a") -> n/a | CB72: =IFERROR(BZ72/BX72-1,"n/a") -> n/a
A73: 8950 | B73: =+masterfile!D1377 -> 8950 Nicht steuerb.Umsätze (Innenumsätze) | D73: =-VLOOKUP($A73,'pl-data'!$A:$BR,8+D$3) -> 0 | E73: =-VLOOKUP($A73,'pl-data'!$A:$BR,38+E$3) -> 0 | F73: =-VLOOKUP($A73,'pl-data'!$A:$BR,23+F$3) -> 0 | G73: =IFERROR(F73/E73-1,"n/a") -> n/a | H73: =IFERROR(F73/D73-1,"n/a") -> n/a | J73: =-VLOOKUP($A73,'pl-data'!$A:$BR,8+J$3) -> 0 | K73: =-VLOOKUP($A73,'pl-data'!$A:$BR,38+K$3) -> 0 | L73: =-VLOOKUP($A73,'pl-data'!$A:$BR,23+L$3) -> 0 | M73: =IFERROR(L73/K73-1,"n/a") -> n/a | N73: =IFERROR(L73/J73-1,"n/a") -> n/a | P73: =-VLOOKUP($A73,'pl-data'!$A:$BR,8+P$3) -> 0 | Q73: =-VLOOKUP($A73,'pl-data'!$A:$BR,38+Q$3) -> 0 | R73: =-VLOOKUP($A73,'pl-data'!$A:$BR,23+R$3) -> 0 | S73: =IFERROR(R73/Q73-1,"n/a") -> n/a | T73: =IFERROR(R73/P73-1,"n/a") -> n/a | V73: =-VLOOKUP($A73,'pl-data'!$A:$BR,8+V$3) -> 0 | W73: =-VLOOKUP($A73,'pl-data'!$A:$BR,38+W$3) -> 0 | X73: =-VLOOKUP($A73,'pl-data'!$A:$BR,23+X$3) -> 0 | Y73: =IFERROR(X73/W73-1,"n/a") -> n/a | Z73: =IFERROR(X73/V73-1,"n/a") -> n/a | AB73: =-VLOOKUP($A73,'pl-data'!$A:$BR,8+AB$3) -> 0 | AC73: =-VLOOKUP($A73,'pl-data'!$A:$BR,38+AC$3) -> 0 | AD73: =-VLOOKUP($A73,'pl-data'!$A:$BR,23+AD$3) -> 0 | AE73: =IFERROR(AD73/AC73-1,"n/a") -> n/a | AF73: =IFERROR(AD73/AB73-1,"n/a") -> n/a | AH73: =-VLOOKUP($A73,'pl-data'!$A:$BR,8+AH$3) -> 0 | AI73: =-VLOOKUP($A73,'pl-data'!$A:$BR,38+AI$3) -> 0 | AJ73: =-VLOOKUP($A73,'pl-data'!$A:$BR,23+AJ$3) -> 0 | AK73: =IFERROR(AJ73/AI73-1,"n/a") -> n/a | AL73: =IFERROR(AJ73/AH73-1,"n/a") -> n/a | AN73: =-VLOOKUP($A73,'pl-data'!$A:$BR,8+AN$3) -> 0 | AO73: =-VLOOKUP($A73,'pl-data'!$A:$BR,38+AO$3) -> 0 | AP73: =-VLOOKUP($A73,'pl-data'!$A:$BR,23+AP$3) -> 0 | AQ73: =IFERROR(AP73/AO73-1,"n/a") -> n/a | AR73: =IFERROR(AP73/AN73-1,"n/a") -> n/a | AT73: =-VLOOKUP($A73,'pl-data'!$A:$BR,8+AT$3) -> 0 | AU73: =-VLOOKUP($A73,'pl-data'!$A:$BR,38+AU$3) -> 0 | AV73: =-VLOOKUP($A73,'pl-data'!$A:$BR,23+AV$3) -> 0 | AW73: =IFERROR(AV73/AU73-1,"n/a") -> n/a | AX73: =IFERROR(AV73/AT73-1,"n/a") -> n/a | AZ73: =-VLOOKUP($A73,'pl-data'!$A:$BR,8+AZ$3) -> 0 | BA73: =-VLOOKUP($A73,'pl-data'!$A:$BR,38+BA$3) -> 0 | BB73: =-VLOOKUP($A73,'pl-data'!$A:$BR,23+BB$3) -> 0 | BC73: =IFERROR(BB73/BA73-1,"n/a") -> n/a | BD73: =IFERROR(BB73/AZ73-1,"n/a") -> n/a | BF73: =-VLOOKUP($A73,'pl-data'!$A:$BR,8+BF$3) -> 0 | BG73: =-VLOOKUP($A73,'pl-data'!$A:$BR,38+BG$3) -> 0 | BH73: =-VLOOKUP($A73,'pl-data'!$A:$BR,23+BH$3) -> 0 | BI73: =IFERROR(BH73/BG73-1,"n/a") -> n/a | BJ73: =IFERROR(BH73/BF73-1,"n/a") -> n/a | BL73: =-VLOOKUP($A73,'pl-data'!$A:$BR,8+BL$3) -> 0 | BM73: =-VLOOKUP($A73,'pl-data'!$A:$BR,38+BM$3) -> 0 | BN73: =-VLOOKUP($A73,'pl-data'!$A:$BR,23+BN$3) -> 0 | BO73: =IFERROR(BN73/BM73-1,"n/a") -> n/a | BP73: =IFERROR(BN73/BL73-1,"n/a") -> n/a | BR73: =-VLOOKUP($A73,'pl-data'!$A:$BR,8+BR$3) -> 0 | BS73: =-VLOOKUP($A73,'pl-data'!$A:$BR,38+BS$3) -> 0 | BT73: =-VLOOKUP($A73,'pl-data'!$A:$BR,23+BT$3) -> 0 | BU73: =IFERROR(BT73/BS73-1,"n/a") -> n/a | BV73: =IFERROR(BT73/BR73-1,"n/a") -> n/a | BX73: =+BR73+BL73+BF73+AZ73+AT73+AN73+AH73+AB73+V73+P73+J73+D73 -> 0 | BY73: =+BS73+BM73+BG73+BA73+AU73+AO73+AI73+AC73+W73+Q73+K73+E73 -> 0 | BZ73: =+BT73+BN73+BH73+BB73+AV73+AP73+AJ73+AD73+X73+R73+L73+F73 -> 0 | CA73: =IFERROR(BZ73/BY73-1,"n/a") -> n/a | CB73: =IFERROR(BZ73/BX73-1,"n/a") -> n/a
A74: 8955 | B74: =+masterfile!D1378 -> 8955 USt-Vergütungen, z.B. nach § 24 UStG | D74: =-VLOOKUP($A74,'pl-data'!$A:$BR,8+D$3) -> 0 | E74: =-VLOOKUP($A74,'pl-data'!$A:$BR,38+E$3) -> 0 | F74: =-VLOOKUP($A74,'pl-data'!$A:$BR,23+F$3) -> 0 | G74: =IFERROR(F74/E74-1,"n/a") -> n/a | H74: =IFERROR(F74/D74-1,"n/a") -> n/a | J74: =-VLOOKUP($A74,'pl-data'!$A:$BR,8+J$3) -> 0 | K74: =-VLOOKUP($A74,'pl-data'!$A:$BR,38+K$3) -> 0 | L74: =-VLOOKUP($A74,'pl-data'!$A:$BR,23+L$3) -> 0 | M74: =IFERROR(L74/K74-1,"n/a") -> n/a | N74: =IFERROR(L74/J74-1,"n/a") -> n/a | P74: =-VLOOKUP($A74,'pl-data'!$A:$BR,8+P$3) -> 0 | Q74: =-VLOOKUP($A74,'pl-data'!$A:$BR,38+Q$3) -> 0 | R74: =-VLOOKUP($A74,'pl-data'!$A:$BR,23+R$3) -> 0 | S74: =IFERROR(R74/Q74-1,"n/a") -> n/a | T74: =IFERROR(R74/P74-1,"n/a") -> n/a | V74: =-VLOOKUP($A74,'pl-data'!$A:$BR,8+V$3) -> 0 | W74: =-VLOOKUP($A74,'pl-data'!$A:$BR,38+W$3) -> 0 | X74: =-VLOOKUP($A74,'pl-data'!$A:$BR,23+X$3) -> 0 | Y74: =IFERROR(X74/W74-1,"n/a") -> n/a | Z74: =IFERROR(X74/V74-1,"n/a") -> n/a | AB74: =-VLOOKUP($A74,'pl-data'!$A:$BR,8+AB$3) -> 0 | AC74: =-VLOOKUP($A74,'pl-data'!$A:$BR,38+AC$3) -> 0 | AD74: =-VLOOKUP($A74,'pl-data'!$A:$BR,23+AD$3) -> 0 | AE74: =IFERROR(AD74/AC74-1,"n/a") -> n/a | AF74: =IFERROR(AD74/AB74-1,"n/a") -> n/a | AH74: =-VLOOKUP($A74,'pl-data'!$A:$BR,8+AH$3) -> 0 | AI74: =-VLOOKUP($A74,'pl-data'!$A:$BR,38+AI$3) -> 0 | AJ74: =-VLOOKUP($A74,'pl-data'!$A:$BR,23+AJ$3) -> 0 | AK74: =IFERROR(AJ74/AI74-1,"n/a") -> n/a | AL74: =IFERROR(AJ74/AH74-1,"n/a") -> n/a | AN74: =-VLOOKUP($A74,'pl-data'!$A:$BR,8+AN$3) -> 0 | AO74: =-VLOOKUP($A74,'pl-data'!$A:$BR,38+AO$3) -> 0 | AP74: =-VLOOKUP($A74,'pl-data'!$A:$BR,23+AP$3) -> 0 | AQ74: =IFERROR(AP74/AO74-1,"n/a") -> n/a | AR74: =IFERROR(AP74/AN74-1,"n/a") -> n/a | AT74: =-VLOOKUP($A74,'pl-data'!$A:$BR,8+AT$3) -> 0 | AU74: =-VLOOKUP($A74,'pl-data'!$A:$BR,38+AU$3) -> 0 | AV74: =-VLOOKUP($A74,'pl-data'!$A:$BR,23+AV$3) -> 0 | AW74: =IFERROR(AV74/AU74-1,"n/a") -> n/a | AX74: =IFERROR(AV74/AT74-1,"n/a") -> n/a | AZ74: =-VLOOKUP($A74,'pl-data'!$A:$BR,8+AZ$3) -> 0 | BA74: =-VLOOKUP($A74,'pl-data'!$A:$BR,38+BA$3) -> 0 | BB74: =-VLOOKUP($A74,'pl-data'!$A:$BR,23+BB$3) -> 0 | BC74: =IFERROR(BB74/BA74-1,"n/a") -> n/a | BD74: =IFERROR(BB74/AZ74-1,"n/a") -> n/a | BF74: =-VLOOKUP($A74,'pl-data'!$A:$BR,8+BF$3) -> 0 | BG74: =-VLOOKUP($A74,'pl-data'!$A:$BR,38+BG$3) -> 0 | BH74: =-VLOOKUP($A74,'pl-data'!$A:$BR,23+BH$3) -> 0 | BI74: =IFERROR(BH74/BG74-1,"n/a") -> n/a | BJ74: =IFERROR(BH74/BF74-1,"n/a") -> n/a | BL74: =-VLOOKUP($A74,'pl-data'!$A:$BR,8+BL$3) -> 0 | BM74: =-VLOOKUP($A74,'pl-data'!$A:$BR,38+BM$3) -> 0 | BN74: =-VLOOKUP($A74,'pl-data'!$A:$BR,23+BN$3) -> 0 | BO74: =IFERROR(BN74/BM74-1,"n/a") -> n/a | BP74: =IFERROR(BN74/BL74-1,"n/a") -> n/a | BR74: =-VLOOKUP($A74,'pl-data'!$A:$BR,8+BR$3) -> 0 | BS74: =-VLOOKUP($A74,'pl-data'!$A:$BR,38+BS$3) -> 0 | BT74: =-VLOOKUP($A74,'pl-data'!$A:$BR,23+BT$3) -> 0 | BU74: =IFERROR(BT74/BS74-1,"n/a") -> n/a | BV74: =IFERROR(BT74/BR74-1,"n/a") -> n/a | BX74: =+BR74+BL74+BF74+AZ74+AT74+AN74+AH74+AB74+V74+P74+J74+D74 -> 0 | BY74: =+BS74+BM74+BG74+BA74+AU74+AO74+AI74+AC74+W74+Q74+K74+E74 -> 0 | BZ74: =+BT74+BN74+BH74+BB74+AV74+AP74+AJ74+AD74+X74+R74+L74+F74 -> 0 | CA74: =IFERROR(BZ74/BY74-1,"n/a") -> n/a | CB74: =IFERROR(BZ74/BX74-1,"n/a") -> n/a
A75: 8959 | B75: =+masterfile!D1379 -> 8959 Direkt mit dem Umsatz verb. Steuern | D75: =-VLOOKUP($A75,'pl-data'!$A:$BR,8+D$3) -> 0 | E75: =-VLOOKUP($A75,'pl-data'!$A:$BR,38+E$3) -> 0 | F75: =-VLOOKUP($A75,'pl-data'!$A:$BR,23+F$3) -> 0 | G75: =IFERROR(F75/E75-1,"n/a") -> n/a | H75: =IFERROR(F75/D75-1,"n/a") -> n/a | J75: =-VLOOKUP($A75,'pl-data'!$A:$BR,8+J$3) -> 0 | K75: =-VLOOKUP($A75,'pl-data'!$A:$BR,38+K$3) -> 0 | L75: =-VLOOKUP($A75,'pl-data'!$A:$BR,23+L$3) -> 0 | M75: =IFERROR(L75/K75-1,"n/a") -> n/a | N75: =IFERROR(L75/J75-1,"n/a") -> n/a | P75: =-VLOOKUP($A75,'pl-data'!$A:$BR,8+P$3) -> 0 | Q75: =-VLOOKUP($A75,'pl-data'!$A:$BR,38+Q$3) -> 0 | R75: =-VLOOKUP($A75,'pl-data'!$A:$BR,23+R$3) -> 0 | S75: =IFERROR(R75/Q75-1,"n/a") -> n/a | T75: =IFERROR(R75/P75-1,"n/a") -> n/a | V75: =-VLOOKUP($A75,'pl-data'!$A:$BR,8+V$3) -> 0 | W75: =-VLOOKUP($A75,'pl-data'!$A:$BR,38+W$3) -> 0 | X75: =-VLOOKUP($A75,'pl-data'!$A:$BR,23+X$3) -> 0 | Y75: =IFERROR(X75/W75-1,"n/a") -> n/a | Z75: =IFERROR(X75/V75-1,"n/a") -> n/a | AB75: =-VLOOKUP($A75,'pl-data'!$A:$BR,8+AB$3) -> 0 | AC75: =-VLOOKUP($A75,'pl-data'!$A:$BR,38+AC$3) -> 0 | AD75: =-VLOOKUP($A75,'pl-data'!$A:$BR,23+AD$3) -> 0 | AE75: =IFERROR(AD75/AC75-1,"n/a") -> n/a | AF75: =IFERROR(AD75/AB75-1,"n/a") -> n/a | AH75: =-VLOOKUP($A75,'pl-data'!$A:$BR,8+AH$3) -> 0 | AI75: =-VLOOKUP($A75,'pl-data'!$A:$BR,38+AI$3) -> 0 | AJ75: =-VLOOKUP($A75,'pl-data'!$A:$BR,23+AJ$3) -> 0 | AK75: =IFERROR(AJ75/AI75-1,"n/a") -> n/a | AL75: =IFERROR(AJ75/AH75-1,"n/a") -> n/a | AN75: =-VLOOKUP($A75,'pl-data'!$A:$BR,8+AN$3) -> 0 | AO75: =-VLOOKUP($A75,'pl-data'!$A:$BR,38+AO$3) -> 0 | AP75: =-VLOOKUP($A75,'pl-data'!$A:$BR,23+AP$3) -> 0 | AQ75: =IFERROR(AP75/AO75-1,"n/a") -> n/a | AR75: =IFERROR(AP75/AN75-1,"n/a") -> n/a | AT75: =-VLOOKUP($A75,'pl-data'!$A:$BR,8+AT$3) -> 0 | AU75: =-VLOOKUP($A75,'pl-data'!$A:$BR,38+AU$3) -> 0 | AV75: =-VLOOKUP($A75,'pl-data'!$A:$BR,23+AV$3) -> 0 | AW75: =IFERROR(AV75/AU75-1,"n/a") -> n/a | AX75: =IFERROR(AV75/AT75-1,"n/a") -> n/a | AZ75: =-VLOOKUP($A75,'pl-data'!$A:$BR,8+AZ$3) -> 0 | BA75: =-VLOOKUP($A75,'pl-data'!$A:$BR,38+BA$3) -> 0 | BB75: =-VLOOKUP($A75,'pl-data'!$A:$BR,23+BB$3) -> 0 | BC75: =IFERROR(BB75/BA75-1,"n/a") -> n/a | BD75: =IFERROR(BB75/AZ75-1,"n/a") -> n/a | BF75: =-VLOOKUP($A75,'pl-data'!$A:$BR,8+BF$3) -> 0 | BG75: =-VLOOKUP($A75,'pl-data'!$A:$BR,38+BG$3) -> 0 | BH75: =-VLOOKUP($A75,'pl-data'!$A:$BR,23+BH$3) -> 0 | BI75: =IFERROR(BH75/BG75-1,"n/a") -> n/a | BJ75: =IFERROR(BH75/BF75-1,"n/a") -> n/a | BL75: =-VLOOKUP($A75,'pl-data'!$A:$BR,8+BL$3) -> 0 | BM75: =-VLOOKUP($A75,'pl-data'!$A:$BR,38+BM$3) -> 0 | BN75: =-VLOOKUP($A75,'pl-data'!$A:$BR,23+BN$3) -> 0 | BO75: =IFERROR(BN75/BM75-1,"n/a") -> n/a | BP75: =IFERROR(BN75/BL75-1,"n/a") -> n/a | BR75: =-VLOOKUP($A75,'pl-data'!$A:$BR,8+BR$3) -> 0 | BS75: =-VLOOKUP($A75,'pl-data'!$A:$BR,38+BS$3) -> 0 | BT75: =-VLOOKUP($A75,'pl-data'!$A:$BR,23+BT$3) -> 0 | BU75: =IFERROR(BT75/BS75-1,"n/a") -> n/a | BV75: =IFERROR(BT75/BR75-1,"n/a") -> n/a | BX75: =+BR75+BL75+BF75+AZ75+AT75+AN75+AH75+AB75+V75+P75+J75+D75 -> 0 | BY75: =+BS75+BM75+BG75+BA75+AU75+AO75+AI75+AC75+W75+Q75+K75+E75 -> 0 | BZ75: =+BT75+BN75+BH75+BB75+AV75+AP75+AJ75+AD75+X75+R75+L75+F75 -> 0 | CA75: =IFERROR(BZ75/BY75-1,"n/a") -> n/a | CB75: =IFERROR(BZ75/BX75-1,"n/a") -> n/a
A77: Erlösschmälerungen, Skonti, Boni | B77: Erlösschmälerungen, Skonti, Boni | D77: =+SUM(D78:D111) -> 0 | E77: =+SUM(E78:E111) -> 0 | F77: =+SUM(F78:F111) -> 0 | G77: =IFERROR(F77/E77-1,"n/a") -> n/a | H77: =IFERROR(F77/D77-1,"n/a") -> n/a | J77: =+SUM(J78:J111) -> 0 | K77: =+SUM(K78:K111) -> 0 | L77: =+SUM(L78:L111) -> 0 | M77: =IFERROR(L77/K77-1,"n/a") -> n/a | N77: =IFERROR(L77/J77-1,"n/a") -> n/a | P77: =+SUM(P78:P111) -> 0 | Q77: =+SUM(Q78:Q111) -> 0 | R77: =+SUM(R78:R111) -> 0 | S77: =IFERROR(R77/Q77-1,"n/a") -> n/a | T77: =IFERROR(R77/P77-1,"n/a") -> n/a | V77: =+SUM(V78:V111) -> 0 | W77: =+SUM(W78:W111) -> 0 | X77: =+SUM(X78:X111) -> 0 | Y77: =IFERROR(X77/W77-1,"n/a") -> n/a | Z77: =IFERROR(X77/V77-1,"n/a") -> n/a | AB77: =+SUM(AB78:AB111) -> 0 | AC77: =+SUM(AC78:AC111) -> 0 | AD77: =+SUM(AD78:AD111) -> 0 | AE77: =IFERROR(AD77/AC77-1,"n/a") -> n/a | AF77: =IFERROR(AD77/AB77-1,"n/a") -> n/a | AH77: =+SUM(AH78:AH111) -> 0 | AI77: =+SUM(AI78:AI111) -> 0 | AJ77: =+SUM(AJ78:AJ111) -> 0 | AK77: =IFERROR(AJ77/AI77-1,"n/a") -> n/a | AL77: =IFERROR(AJ77/AH77-1,"n/a") -> n/a | AN77: =+SUM(AN78:AN111) -> 0 | AO77: =+SUM(AO78:AO111) -> 0 | AP77: =+SUM(AP78:AP111) -> 0 | AQ77: =IFERROR(AP77/AO77-1,"n/a") -> n/a | AR77: =IFERROR(AP77/AN77-1,"n/a") -> n/a | AT77: =+SUM(AT78:AT111) -> 0 | AU77: =+SUM(AU78:AU111) -> 0 | AV77: =+SUM(AV78:AV111) -> 0 | AW77: =IFERROR(AV77/AU77-1,"n/a") -> n/a | AX77: =IFERROR(AV77/AT77-1,"n/a") -> n/a | AZ77: =+SUM(AZ78:AZ111) -> 0 | BA77: =+SUM(BA78:BA111) -> 0 | BB77: =+SUM(BB78:BB111) -> 0 | BC77: =IFERROR(BB77/BA77-1,"n/a") -> n/a | BD77: =IFERROR(BB77/AZ77-1,"n/a") -> n/a | BF77: =+SUM(BF78:BF111) -> 0 | BG77: =+SUM(BG78:BG111) -> 0 | BH77: =+SUM(BH78:BH111) -> 0 | BI77: =IFERROR(BH77/BG77-1,"n/a") -> n/a | BJ77: =IFERROR(BH77/BF77-1,"n/a") -> n/a | BL77: =+SUM(BL78:BL111) -> 0 | BM77: =+SUM(BM78:BM111) -> 0 | BN77: =+SUM(BN78:BN111) -> 0 | BO77: =IFERROR(BN77/BM77-1,"n/a") -> n/a | BP77: =IFERROR(BN77/BL77-1,"n/a") -> n/a | BR77: =+SUM(BR78:BR111) -> 0 | BS77: =+SUM(BS78:BS111) -> 0 | BT77: =+SUM(BT78:BT111) -> 0 | BU77: =IFERROR(BT77/BS77-1,"n/a") -> n/a | BV77: =IFERROR(BT77/BR77-1,"n/a") -> n/a | BX77: =+SUM(BX78:BX111) -> 0 | BY77: =+SUM(BY78:BY111) -> 0 | BZ77: =+SUM(BZ78:BZ111) -> 0 | CA77: =IFERROR(BZ77/BY77-1,"n/a") -> n/a | CB77: =IFERROR(BZ77/BX77-1,"n/a") -> n/a
A78: 8700 | B78: =+masterfile!D1306 -> 8700 Erlösschmälerungen | D78: =-VLOOKUP($A78,'pl-data'!$A:$BR,8+D$3) -> 0 | E78: =-VLOOKUP($A78,'pl-data'!$A:$BR,38+E$3) -> 0 | F78: =-VLOOKUP($A78,'pl-data'!$A:$BR,23+F$3) -> 0 | G78: =IFERROR(F78/E78-1,"n/a") -> n/a | H78: =IFERROR(F78/D78-1,"n/a") -> n/a | J78: =-VLOOKUP($A78,'pl-data'!$A:$BR,8+J$3) -> 0 | K78: =-VLOOKUP($A78,'pl-data'!$A:$BR,38+K$3) -> 0 | L78: =-VLOOKUP($A78,'pl-data'!$A:$BR,23+L$3) -> 0 | M78: =IFERROR(L78/K78-1,"n/a") -> n/a | N78: =IFERROR(L78/J78-1,"n/a") -> n/a | P78: =-VLOOKUP($A78,'pl-data'!$A:$BR,8+P$3) -> 0 | Q78: =-VLOOKUP($A78,'pl-data'!$A:$BR,38+Q$3) -> 0 | R78: =-VLOOKUP($A78,'pl-data'!$A:$BR,23+R$3) -> 0 | S78: =IFERROR(R78/Q78-1,"n/a") -> n/a | T78: =IFERROR(R78/P78-1,"n/a") -> n/a | V78: =-VLOOKUP($A78,'pl-data'!$A:$BR,8+V$3) -> 0 | W78: =-VLOOKUP($A78,'pl-data'!$A:$BR,38+W$3) -> 0 | X78: =-VLOOKUP($A78,'pl-data'!$A:$BR,23+X$3) -> 0 | Y78: =IFERROR(X78/W78-1,"n/a") -> n/a | Z78: =IFERROR(X78/V78-1,"n/a") -> n/a | AB78: =-VLOOKUP($A78,'pl-data'!$A:$BR,8+AB$3) -> 0 | AC78: =-VLOOKUP($A78,'pl-data'!$A:$BR,38+AC$3) -> 0 | AD78: =-VLOOKUP($A78,'pl-data'!$A:$BR,23+AD$3) -> 0 | AE78: =IFERROR(AD78/AC78-1,"n/a") -> n/a | AF78: =IFERROR(AD78/AB78-1,"n/a") -> n/a | AH78: =-VLOOKUP($A78,'pl-data'!$A:$BR,8+AH$3) -> 0 | AI78: =-VLOOKUP($A78,'pl-data'!$A:$BR,38+AI$3) -> 0 | AJ78: =-VLOOKUP($A78,'pl-data'!$A:$BR,23+AJ$3) -> 0 | AK78: =IFERROR(AJ78/AI78-1,"n/a") -> n/a | AL78: =IFERROR(AJ78/AH78-1,"n/a") -> n/a | AN78: =-VLOOKUP($A78,'pl-data'!$A:$BR,8+AN$3) -> 0 | AO78: =-VLOOKUP($A78,'pl-data'!$A:$BR,38+AO$3) -> 0 | AP78: =-VLOOKUP($A78,'pl-data'!$A:$BR,23+AP$3) -> 0 | AQ78: =IFERROR(AP78/AO78-1,"n/a") -> n/a | AR78: =IFERROR(AP78/AN78-1,"n/a") -> n/a | AT78: =-VLOOKUP($A78,'pl-data'!$A:$BR,8+AT$3) -> 0 | AU78: =-VLOOKUP($A78,'pl-data'!$A:$BR,38+AU$3) -> 0 | AV78: =-VLOOKUP($A78,'pl-data'!$A:$BR,23+AV$3) -> 0 | AW78: =IFERROR(AV78/AU78-1,"n/a") -> n/a | AX78: =IFERROR(AV78/AT78-1,"n/a") -> n/a | AZ78: =-VLOOKUP($A78,'pl-data'!$A:$BR,8+AZ$3) -> 0 | BA78: =-VLOOKUP($A78,'pl-data'!$A:$BR,38+BA$3) -> 0 | BB78: =-VLOOKUP($A78,'pl-data'!$A:$BR,23+BB$3) -> 0 | BC78: =IFERROR(BB78/BA78-1,"n/a") -> n/a | BD78: =IFERROR(BB78/AZ78-1,"n/a") -> n/a | BF78: =-VLOOKUP($A78,'pl-data'!$A:$BR,8+BF$3) -> 0 | BG78: =-VLOOKUP($A78,'pl-data'!$A:$BR,38+BG$3) -> 0 | BH78: =-VLOOKUP($A78,'pl-data'!$A:$BR,23+BH$3) -> 0 | BI78: =IFERROR(BH78/BG78-1,"n/a") -> n/a | BJ78: =IFERROR(BH78/BF78-1,"n/a") -> n/a | BL78: =-VLOOKUP($A78,'pl-data'!$A:$BR,8+BL$3) -> 0 | BM78: =-VLOOKUP($A78,'pl-data'!$A:$BR,38+BM$3) -> 0 | BN78: =-VLOOKUP($A78,'pl-data'!$A:$BR,23+BN$3) -> 0 | BO78: =IFERROR(BN78/BM78-1,"n/a") -> n/a | BP78: =IFERROR(BN78/BL78-1,"n/a") -> n/a | BR78: =-VLOOKUP($A78,'pl-data'!$A:$BR,8+BR$3) -> 0 | BS78: =-VLOOKUP($A78,'pl-data'!$A:$BR,38+BS$3) -> 0 | BT78: =-VLOOKUP($A78,'pl-data'!$A:$BR,23+BT$3) -> 0 | BU78: =IFERROR(BT78/BS78-1,"n/a") -> n/a | BV78: =IFERROR(BT78/BR78-1,"n/a") -> n/a | BX78: =+BR78+BL78+BF78+AZ78+AT78+AN78+AH78+AB78+V78+P78+J78+D78 -> 0 | BY78: =+BS78+BM78+BG78+BA78+AU78+AO78+AI78+AC78+W78+Q78+K78+E78 -> 0 | BZ78: =+BT78+BN78+BH78+BB78+AV78+AP78+AJ78+AD78+X78+R78+L78+F78 -> 0 | CA78: =IFERROR(BZ78/BY78-1,"n/a") -> n/a | CB78: =IFERROR(BZ78/BX78-1,"n/a") -> n/a
A79: 8701 | B79: =+masterfile!D1307 -> 8701 Erlösschmälerungen stfr.§ 4 Nr.8 ff UStG | D79: =-VLOOKUP($A79,'pl-data'!$A:$BR,8+D$3) -> 0 | E79: =-VLOOKUP($A79,'pl-data'!$A:$BR,38+E$3) -> 0 | F79: =-VLOOKUP($A79,'pl-data'!$A:$BR,23+F$3) -> 0 | G79: =IFERROR(F79/E79-1,"n/a") -> n/a | H79: =IFERROR(F79/D79-1,"n/a") -> n/a | J79: =-VLOOKUP($A79,'pl-data'!$A:$BR,8+J$3) -> 0 | K79: =-VLOOKUP($A79,'pl-data'!$A:$BR,38+K$3) -> 0 | L79: =-VLOOKUP($A79,'pl-data'!$A:$BR,23+L$3) -> 0 | M79: =IFERROR(L79/K79-1,"n/a") -> n/a | N79: =IFERROR(L79/J79-1,"n/a") -> n/a | P79: =-VLOOKUP($A79,'pl-data'!$A:$BR,8+P$3) -> 0 | Q79: =-VLOOKUP($A79,'pl-data'!$A:$BR,38+Q$3) -> 0 | R79: =-VLOOKUP($A79,'pl-data'!$A:$BR,23+R$3) -> 0 | S79: =IFERROR(R79/Q79-1,"n/a") -> n/a | T79: =IFERROR(R79/P79-1,"n/a") -> n/a | V79: =-VLOOKUP($A79,'pl-data'!$A:$BR,8+V$3) -> 0 | W79: =-VLOOKUP($A79,'pl-data'!$A:$BR,38+W$3) -> 0 | X79: =-VLOOKUP($A79,'pl-data'!$A:$BR,23+X$3) -> 0 | Y79: =IFERROR(X79/W79-1,"n/a") -> n/a | Z79: =IFERROR(X79/V79-1,"n/a") -> n/a | AB79: =-VLOOKUP($A79,'pl-data'!$A:$BR,8+AB$3) -> 0 | AC79: =-VLOOKUP($A79,'pl-data'!$A:$BR,38+AC$3) -> 0 | AD79: =-VLOOKUP($A79,'pl-data'!$A:$BR,23+AD$3) -> 0 | AE79: =IFERROR(AD79/AC79-1,"n/a") -> n/a | AF79: =IFERROR(AD79/AB79-1,"n/a") -> n/a | AH79: =-VLOOKUP($A79,'pl-data'!$A:$BR,8+AH$3) -> 0 | AI79: =-VLOOKUP($A79,'pl-data'!$A:$BR,38+AI$3) -> 0 | AJ79: =-VLOOKUP($A79,'pl-data'!$A:$BR,23+AJ$3) -> 0 | AK79: =IFERROR(AJ79/AI79-1,"n/a") -> n/a | AL79: =IFERROR(AJ79/AH79-1,"n/a") -> n/a | AN79: =-VLOOKUP($A79,'pl-data'!$A:$BR,8+AN$3) -> 0 | AO79: =-VLOOKUP($A79,'pl-data'!$A:$BR,38+AO$3) -> 0 | AP79: =-VLOOKUP($A79,'pl-data'!$A:$BR,23+AP$3) -> 0 | AQ79: =IFERROR(AP79/AO79-1,"n/a") -> n/a | AR79: =IFERROR(AP79/AN79-1,"n/a") -> n/a | AT79: =-VLOOKUP($A79,'pl-data'!$A:$BR,8+AT$3) -> 0 | AU79: =-VLOOKUP($A79,'pl-data'!$A:$BR,38+AU$3) -> 0 | AV79: =-VLOOKUP($A79,'pl-data'!$A:$BR,23+AV$3) -> 0 | AW79: =IFERROR(AV79/AU79-1,"n/a") -> n/a | AX79: =IFERROR(AV79/AT79-1,"n/a") -> n/a | AZ79: =-VLOOKUP($A79,'pl-data'!$A:$BR,8+AZ$3) -> 0 | BA79: =-VLOOKUP($A79,'pl-data'!$A:$BR,38+BA$3) -> 0 | BB79: =-VLOOKUP($A79,'pl-data'!$A:$BR,23+BB$3) -> 0 | BC79: =IFERROR(BB79/BA79-1,"n/a") -> n/a | BD79: =IFERROR(BB79/AZ79-1,"n/a") -> n/a | BF79: =-VLOOKUP($A79,'pl-data'!$A:$BR,8+BF$3) -> 0 | BG79: =-VLOOKUP($A79,'pl-data'!$A:$BR,38+BG$3) -> 0 | BH79: =-VLOOKUP($A79,'pl-data'!$A:$BR,23+BH$3) -> 0 | BI79: =IFERROR(BH79/BG79-1,"n/a") -> n/a | BJ79: =IFERROR(BH79/BF79-1,"n/a") -> n/a | BL79: =-VLOOKUP($A79,'pl-data'!$A:$BR,8+BL$3) -> 0 | BM79: =-VLOOKUP($A79,'pl-data'!$A:$BR,38+BM$3) -> 0 | BN79: =-VLOOKUP($A79,'pl-data'!$A:$BR,23+BN$3) -> 0 | BO79: =IFERROR(BN79/BM79-1,"n/a") -> n/a | BP79: =IFERROR(BN79/BL79-1,"n/a") -> n/a | BR79: =-VLOOKUP($A79,'pl-data'!$A:$BR,8+BR$3) -> 0 | BS79: =-VLOOKUP($A79,'pl-data'!$A:$BR,38+BS$3) -> 0 | BT79: =-VLOOKUP($A79,'pl-data'!$A:$BR,23+BT$3) -> 0 | BU79: =IFERROR(BT79/BS79-1,"n/a") -> n/a | BV79: =IFERROR(BT79/BR79-1,"n/a") -> n/a | BX79: =+BR79+BL79+BF79+AZ79+AT79+AN79+AH79+AB79+V79+P79+J79+D79 -> 0 | BY79: =+BS79+BM79+BG79+BA79+AU79+AO79+AI79+AC79+W79+Q79+K79+E79 -> 0 | BZ79: =+BT79+BN79+BH79+BB79+AV79+AP79+AJ79+AD79+X79+R79+L79+F79 -> 0 | CA79: =IFERROR(BZ79/BY79-1,"n/a") -> n/a | CB79: =IFERROR(BZ79/BX79-1,"n/a") -> n/a
A80: 8702 | B80: =+masterfile!D1308 -> 8702 Erlösschmälerungen stfr.§4 Nr. 2-7 UStG | D80: =-VLOOKUP($A80,'pl-data'!$A:$BR,8+D$3) -> 0 | E80: =-VLOOKUP($A80,'pl-data'!$A:$BR,38+E$3) -> 0 | F80: =-VLOOKUP($A80,'pl-data'!$A:$BR,23+F$3) -> 0 | G80: =IFERROR(F80/E80-1,"n/a") -> n/a | H80: =IFERROR(F80/D80-1,"n/a") -> n/a | J80: =-VLOOKUP($A80,'pl-data'!$A:$BR,8+J$3) -> 0 | K80: =-VLOOKUP($A80,'pl-data'!$A:$BR,38+K$3) -> 0 | L80: =-VLOOKUP($A80,'pl-data'!$A:$BR,23+L$3) -> 0 | M80: =IFERROR(L80/K80-1,"n/a") -> n/a | N80: =IFERROR(L80/J80-1,"n/a") -> n/a | P80: =-VLOOKUP($A80,'pl-data'!$A:$BR,8+P$3) -> 0 | Q80: =-VLOOKUP($A80,'pl-data'!$A:$BR,38+Q$3) -> 0 | R80: =-VLOOKUP($A80,'pl-data'!$A:$BR,23+R$3) -> 0 | S80: =IFERROR(R80/Q80-1,"n/a") -> n/a | T80: =IFERROR(R80/P80-1,"n/a") -> n/a | V80: =-VLOOKUP($A80,'pl-data'!$A:$BR,8+V$3) -> 0 | W80: =-VLOOKUP($A80,'pl-data'!$A:$BR,38+W$3) -> 0 | X80: =-VLOOKUP($A80,'pl-data'!$A:$BR,23+X$3) -> 0 | Y80: =IFERROR(X80/W80-1,"n/a") -> n/a | Z80: =IFERROR(X80/V80-1,"n/a") -> n/a | AB80: =-VLOOKUP($A80,'pl-data'!$A:$BR,8+AB$3) -> 0 | AC80: =-VLOOKUP($A80,'pl-data'!$A:$BR,38+AC$3) -> 0 | AD80: =-VLOOKUP($A80,'pl-data'!$A:$BR,23+AD$3) -> 0 | AE80: =IFERROR(AD80/AC80-1,"n/a") -> n/a | AF80: =IFERROR(AD80/AB80-1,"n/a") -> n/a | AH80: =-VLOOKUP($A80,'pl-data'!$A:$BR,8+AH$3) -> 0 | AI80: =-VLOOKUP($A80,'pl-data'!$A:$BR,38+AI$3) -> 0 | AJ80: =-VLOOKUP($A80,'pl-data'!$A:$BR,23+AJ$3) -> 0 | AK80: =IFERROR(AJ80/AI80-1,"n/a") -> n/a | AL80: =IFERROR(AJ80/AH80-1,"n/a") -> n/a | AN80: =-VLOOKUP($A80,'pl-data'!$A:$BR,8+AN$3) -> 0 | AO80: =-VLOOKUP($A80,'pl-data'!$A:$BR,38+AO$3) -> 0 | AP80: =-VLOOKUP($A80,'pl-data'!$A:$BR,23+AP$3) -> 0 | AQ80: =IFERROR(AP80/AO80-1,"n/a") -> n/a | AR80: =IFERROR(AP80/AN80-1,"n/a") -> n/a | AT80: =-VLOOKUP($A80,'pl-data'!$A:$BR,8+AT$3) -> 0 | AU80: =-VLOOKUP($A80,'pl-data'!$A:$BR,38+AU$3) -> 0 | AV80: =-VLOOKUP($A80,'pl-data'!$A:$BR,23+AV$3) -> 0 | AW80: =IFERROR(AV80/AU80-1,"n/a") -> n/a | AX80: =IFERROR(AV80/AT80-1,"n/a") -> n/a | AZ80: =-VLOOKUP($A80,'pl-data'!$A:$BR,8+AZ$3) -> 0 | BA80: =-VLOOKUP($A80,'pl-data'!$A:$BR,38+BA$3) -> 0 | BB80: =-VLOOKUP($A80,'pl-data'!$A:$BR,23+BB$3) -> 0 | BC80: =IFERROR(BB80/BA80-1,"n/a") -> n/a | BD80: =IFERROR(BB80/AZ80-1,"n/a") -> n/a | BF80: =-VLOOKUP($A80,'pl-data'!$A:$BR,8+BF$3) -> 0 | BG80: =-VLOOKUP($A80,'pl-data'!$A:$BR,38+BG$3) -> 0 | BH80: =-VLOOKUP($A80,'pl-data'!$A:$BR,23+BH$3) -> 0 | BI80: =IFERROR(BH80/BG80-1,"n/a") -> n/a | BJ80: =IFERROR(BH80/BF80-1,"n/a") -> n/a | BL80: =-VLOOKUP($A80,'pl-data'!$A:$BR,8+BL$3) -> 0 | BM80: =-VLOOKUP($A80,'pl-data'!$A:$BR,38+BM$3) -> 0 | BN80: =-VLOOKUP($A80,'pl-data'!$A:$BR,23+BN$3) -> 0 | BO80: =IFERROR(BN80/BM80-1,"n/a") -> n/a | BP80: =IFERROR(BN80/BL80-1,"n/a") -> n/a | BR80: =-VLOOKUP($A80,'pl-data'!$A:$BR,8+BR$3) -> 0 | BS80: =-VLOOKUP($A80,'pl-data'!$A:$BR,38+BS$3) -> 0 | BT80: =-VLOOKUP($A80,'pl-data'!$A:$BR,23+BT$3) -> 0 | BU80: =IFERROR(BT80/BS80-1,"n/a") -> n/a | BV80: =IFERROR(BT80/BR80-1,"n/a") -> n/a | BX80: =+BR80+BL80+BF80+AZ80+AT80+AN80+AH80+AB80+V80+P80+J80+D80 -> 0 | BY80: =+BS80+BM80+BG80+BA80+AU80+AO80+AI80+AC80+W80+Q80+K80+E80 -> 0 | BZ80: =+BT80+BN80+BH80+BB80+AV80+AP80+AJ80+AD80+X80+R80+L80+F80 -> 0 | CA80: =IFERROR(BZ80/BY80-1,"n/a") -> n/a | CB80: =IFERROR(BZ80/BX80-1,"n/a") -> n/a
A81: 8703 | B81: =+masterfile!D1309 -> 8703 Erlösschmälerungen sonst.stfr. ohne VoSt | D81: =-VLOOKUP($A81,'pl-data'!$A:$BR,8+D$3) -> 0 | E81: =-VLOOKUP($A81,'pl-data'!$A:$BR,38+E$3) -> 0 | F81: =-VLOOKUP($A81,'pl-data'!$A:$BR,23+F$3) -> 0 | G81: =IFERROR(F81/E81-1,"n/a") -> n/a | H81: =IFERROR(F81/D81-1,"n/a") -> n/a | J81: =-VLOOKUP($A81,'pl-data'!$A:$BR,8+J$3) -> 0 | K81: =-VLOOKUP($A81,'pl-data'!$A:$BR,38+K$3) -> 0 | L81: =-VLOOKUP($A81,'pl-data'!$A:$BR,23+L$3) -> 0 | M81: =IFERROR(L81/K81-1,"n/a") -> n/a | N81: =IFERROR(L81/J81-1,"n/a") -> n/a | P81: =-VLOOKUP($A81,'pl-data'!$A:$BR,8+P$3) -> 0 | Q81: =-VLOOKUP($A81,'pl-data'!$A:$BR,38+Q$3) -> 0 | R81: =-VLOOKUP($A81,'pl-data'!$A:$BR,23+R$3) -> 0 | S81: =IFERROR(R81/Q81-1,"n/a") -> n/a | T81: =IFERROR(R81/P81-1,"n/a") -> n/a | V81: =-VLOOKUP($A81,'pl-data'!$A:$BR,8+V$3) -> 0 | W81: =-VLOOKUP($A81,'pl-data'!$A:$BR,38+W$3) -> 0 | X81: =-VLOOKUP($A81,'pl-data'!$A:$BR,23+X$3) -> 0 | Y81: =IFERROR(X81/W81-1,"n/a") -> n/a | Z81: =IFERROR(X81/V81-1,"n/a") -> n/a | AB81: =-VLOOKUP($A81,'pl-data'!$A:$BR,8+AB$3) -> 0 | AC81: =-VLOOKUP($A81,'pl-data'!$A:$BR,38+AC$3) -> 0 | AD81: =-VLOOKUP($A81,'pl-data'!$A:$BR,23+AD$3) -> 0 | AE81: =IFERROR(AD81/AC81-1,"n/a") -> n/a | AF81: =IFERROR(AD81/AB81-1,"n/a") -> n/a | AH81: =-VLOOKUP($A81,'pl-data'!$A:$BR,8+AH$3) -> 0 | AI81: =-VLOOKUP($A81,'pl-data'!$A:$BR,38+AI$3) -> 0 | AJ81: =-VLOOKUP($A81,'pl-data'!$A:$BR,23+AJ$3) -> 0 | AK81: =IFERROR(AJ81/AI81-1,"n/a") -> n/a | AL81: =IFERROR(AJ81/AH81-1,"n/a") -> n/a | AN81: =-VLOOKUP($A81,'pl-data'!$A:$BR,8+AN$3) -> 0 | AO81: =-VLOOKUP($A81,'pl-data'!$A:$BR,38+AO$3) -> 0 | AP81: =-VLOOKUP($A81,'pl-data'!$A:$BR,23+AP$3) -> 0 | AQ81: =IFERROR(AP81/AO81-1,"n/a") -> n/a | AR81: =IFERROR(AP81/AN81-1,"n/a") -> n/a | AT81: =-VLOOKUP($A81,'pl-data'!$A:$BR,8+AT$3) -> 0 | AU81: =-VLOOKUP($A81,'pl-data'!$A:$BR,38+AU$3) -> 0 | AV81: =-VLOOKUP($A81,'pl-data'!$A:$BR,23+AV$3) -> 0 | AW81: =IFERROR(AV81/AU81-1,"n/a") -> n/a | AX81: =IFERROR(AV81/AT81-1,"n/a") -> n/a | AZ81: =-VLOOKUP($A81,'pl-data'!$A:$BR,8+AZ$3) -> 0 | BA81: =-VLOOKUP($A81,'pl-data'!$A:$BR,38+BA$3) -> 0 | BB81: =-VLOOKUP($A81,'pl-data'!$A:$BR,23+BB$3) -> 0 | BC81: =IFERROR(BB81/BA81-1,"n/a") -> n/a | BD81: =IFERROR(BB81/AZ81-1,"n/a") -> n/a | BF81: =-VLOOKUP($A81,'pl-data'!$A:$BR,8+BF$3) -> 0 | BG81: =-VLOOKUP($A81,'pl-data'!$A:$BR,38+BG$3) -> 0 | BH81: =-VLOOKUP($A81,'pl-data'!$A:$BR,23+BH$3) -> 0 | BI81: =IFERROR(BH81/BG81-1,"n/a") -> n/a | BJ81: =IFERROR(BH81/BF81-1,"n/a") -> n/a | BL81: =-VLOOKUP($A81,'pl-data'!$A:$BR,8+BL$3) -> 0 | BM81: =-VLOOKUP($A81,'pl-data'!$A:$BR,38+BM$3) -> 0 | BN81: =-VLOOKUP($A81,'pl-data'!$A:$BR,23+BN$3) -> 0 | BO81: =IFERROR(BN81/BM81-1,"n/a") -> n/a | BP81: =IFERROR(BN81/BL81-1,"n/a") -> n/a | BR81: =-VLOOKUP($A81,'pl-data'!$A:$BR,8+BR$3) -> 0 | BS81: =-VLOOKUP($A81,'pl-data'!$A:$BR,38+BS$3) -> 0 | BT81: =-VLOOKUP($A81,'pl-data'!$A:$BR,23+BT$3) -> 0 | BU81: =IFERROR(BT81/BS81-1,"n/a") -> n/a | BV81: =IFERROR(BT81/BR81-1,"n/a") -> n/a | BX81: =+BR81+BL81+BF81+AZ81+AT81+AN81+AH81+AB81+V81+P81+J81+D81 -> 0 | BY81: =+BS81+BM81+BG81+BA81+AU81+AO81+AI81+AC81+W81+Q81+K81+E81 -> 0 | BZ81: =+BT81+BN81+BH81+BB81+AV81+AP81+AJ81+AD81+X81+R81+L81+F81 -> 0 | CA81: =IFERROR(BZ81/BY81-1,"n/a") -> n/a | CB81: =IFERROR(BZ81/BX81-1,"n/a") -> n/a
